Workbook
Name Алкоголь: Ответы!$A$47:$B$51
Name Блыки: Ответы!$A$89:$B$92
Name ДаПочтиНет: Ответы!$A$25:$B$27
Name Курение: Ответы!$A$39:$B$43
Name ОбразЖизни: Ответы!$A$31:$B$35
Name ОбъемИнфы: Ответы!$A$72:$B$76
Name СемейныйОпыт: Ответы!$A$55:$B$59
Name ТараканоБалл: Ответы!$A$80:$B$84
Name УровниЗнакомства: Ответы!$A$62:$B$68
Name Успевание: Ответы!$A$2:$D$6
Name ЧастотаПрактик: Ответы!$A$17:$B$21
Name ШкалаРомека: Ответы!$A$10:$B$13

Sheet Ответы на форму (1)
A1: Отметка времени | B1: Ваш пол | C1: Сколько вам полных лет? | E1: В какой индустрии вы работаете? | F1: Как называется ваша должность? | G1: Как вы охаректеризуете свою текущую ситуациию ... [... НА РАБОТЕ] | H1: Как вы охаректеризуете свою текущую ситуациию ... [... В ЛИЧНОЙ ЖИЗНИ] | I1: [Если я как следует постараюсь, то всегда найду решение даже сложным проблемам] | J1: [Если мне что-либо мешает, то я все же нахожу пути достижения своей цели] | K1: [Мне довольно просто удается достичь своих целей] | L1: [В неожиданных ситуациях я всегда знаю, как я должен себя вести] | M1: [При непредвиденно возникающих трудностях я верю, что смогу с ними справиться] | N1: [Если я приложу достаточно усилий, то смогу справиться с большинством проблем] | O1: [Я готов к любым трудностям, поскольку полагаюсь на собственные способности] | P1: [Если передо мной встает какая-либо проблема, то я обычно нахожу несколько вариантов ее решения] | Q1: [Я могу что-либо придумать даже в безвыходных на первый взгляд ситуациях] | R1: [Я обычно способен держать ситуацию под контролем] | S1: Сесть и ничего не делать несколько минут (понаблюдать за мыслями / дыханием / окружающим миром) | T1: Останавливаюсь в середине рабочего дня, чтобы подумать, не упустил ли я чего важного? | U1: Смотрю в список задач, чтобы понять, какую задачу брать следующей | V1: Максимально просто и четко формулирую задачи в своем списке (как для обезьянки) | W1: Использую таймер при работе над задачами (метод помидора) | X1: Ложусь спать без экранов (не смотрю в постели смартфон / планшет / ноутбук) | Y1: Навожу порядок в своих списках задач | Z1: Вижу дно своего основного инбокса (довожу его до пустого состояния) | AA1: Выполняю задачи, которая не горит, не срочная, но хоть чуточку приближает меня к моим хотелкам | AB1: Ковыряюсь в областях знания, не связанных напрямую с моей профессией. Просто так, из интереса. | AC1: Закрываю все открытые вкладки в моих браузерах | AD1: Срочные задачи выполняю с хорошим запасом заранее, а не в день дедлайна | AE1: Удаляю из своего списка задач задачи, которые слишком долго там находятся без движения | AF1: Если вижу, что задача занимает меньше 2-3 минут, то делаю ее немедленно (не записывая в списки) | AG1: Как настроены ваши рабочие инструменты [Отключены оповещения о новой РАБОЧЕЙ почте] | AH1: Как настроены ваши рабочие инструменты [Отключены оповещения о новой ЛИЧНОЙ почте] | AI1: Как настроены ваши рабочие инструменты [Отключены оповещения на приложения социальных сетей] | AJ1: Как настроены ваши рабочие инструменты [Все новые письма автоматом отмечаются прочитанными] | AK1: Как настроены ваши рабочие инструменты [Все залипабельные программы спрятаны с главной страницы смартфона] | AL1: Как настроены ваши рабочие инструменты [В браузере установлена пустая начальная страница (а не тот список последних сайтов, что стоит по умолчанию)] | AM1: Как настроены ваши рабочие инструменты [На смартфоне установлен автоматический ночной режим экрана] | AN1: Как настроены ваши рабочие инструменты [На рабочем компьютере стоит автоматический ночной режим экрана] | AO1: Как настроены ваши рабочие инструменты [В основном браузере установлена банерорезка] | AP1: Как настроены ваши рабочие инструменты [Личные и рабочие задачи веду в едином списке] | AQ1: Аспекты образа жизни [Встаю в одно и то же время] | AR1: Аспекты образа жизни [Ухожу с работы вовремя] | AS1: Аспекты образа жизни [Занимаюсь спортом] | AT1: Аспекты образа жизни [Работаю по выходным] | AU1: Аспекты образа жизни [Просыпаюсь свежим и отдохнувшим] | AV1: Аспекты образа жизни [Ложусь спать в одно и то же время] | AW1: В общем и целом, на сколько вы довольны своей работой? | AX1: Отметьте те утверждения, с которыми относятся к вам | AY1: Вы курите? | AZ1: А как с алкоголем? ;) | BA1: Какое ваше семейное положение | BB1: Сколько у вас детей? | BC1: С какими учениями из области продуктивности и в какой степени вы знакомы [Тайм-менеджмент Глеба Архангельского] | BD1: С какими учениями из области продуктивности и в какой степени вы знакомы ["7 навыков" по С. Кови] | BE1: С какими учениями из области продуктивности и в какой степени вы знакомы [GTD Дэвида Аллена] | BF1: С какими учениями из области продуктивности и в какой степени вы знакомы ["Джедайские Техники" по Дорофееву] | BG1: С какими учениями из области продуктивности и в какой степени вы знакомы [Успеватель Василия Кислого] | BH1: С какими учениями из области продуктивности и в какой степени вы знакомы [Эссенциализм по Г. МакКеону] | BI1: Как часто вы ведете себя в соответствии с утверждениями ниже? [Перед тем, как приступить к важному, я смотрю не пришло ли ко мне чего-нибудь срочного] | BJ1: Как часто вы ведете себя в соответствии с утверждениями ниже? [Перед работой над важными задачами я стараюсь сначала разобраться с мелочевкой] | BK1: Как часто вы ведете себя в соответствии с утверждениями ниже? [Если задача важная, но не срочная, то я откладываю ее на попозже] | BL1: Как часто вы ведете себя в соответствии с утверждениями ниже? [Первым делом с утра я проверяю почту и мессенджеры, чтобы понять, нет ли там срочного] | BM1: Как много информации ПО РАБОТЕ к вам приходит по различным каналам [Мессенджеры] | BN1: Как много информации ПО РАБОТЕ к вам приходит по различным каналам [Личные встречи] | BO1: Как много информации ПО РАБОТЕ к вам приходит по различным каналам [Телефонные звонки / видеоконференции] | BP1: Как много информации ПО РАБОТЕ к вам приходит по различным каналам [Электронная почта] | BQ1: Как много информации ИЗ ЛИЧНОЙ ЖИЗНИ к вам приходит по различным каналам [Мессенджеры] | BR1: Как много информации ИЗ ЛИЧНОЙ ЖИЗНИ к вам приходит по различным каналам [Личные встречи] | BS1: Как много информации ИЗ ЛИЧНОЙ ЖИЗНИ к вам приходит по различным каналам [Телефонные звонки / видеоконференции] | BT1: Как много информации ИЗ ЛИЧНОЙ ЖИЗНИ к вам приходит по различным каналам [Электронная почта] | BU1: Сколько разных мессенджеров вам приходится использовать для общения по работе? | BV1: Сколько раз ваш смартфон блыкнул уведомлением за время заполнения этого опросника? | BW1: Какое хобби из перечисленных ниже вам больше по душе? Этот вопрос очень важен для меня и позволяет, пусть немного грубо, но все же оценить с каким уровнем осознанности вы заполняли этот опрос. Ни для кого не секрет, что в области экспериментальной психологии это одна из самых сложных сложностей - получение осознанных ответов или хотя бы определение с каким уровнем осознанности человек заполнял опросник. Поэтому, если вы дочитали до этого момента, я попрошу вас отметить в вариантах ниже вариант другое и написать, что-то типа Дорофеев, меня не обманешь. Ну а остальные варианты типа чтения книг, просмотра сериалов и всего такого они нужны исключительно для отвода глаз от важного. В жизни такое часто случается, между прочим... | BX1: Все, чем вам бы хотелось со мной поделиться | BY1: В общем и целом... На сколько вы счастливы?
A2: 43367.864 | B2: М | C2: 31 | E2: IT | F2: programming manager | G2: Я вполне успешно продвигаюсь по своим долгосрочным планам. Если завалы и случаются, то не часто. | H2: Я время от времени могу делать заделы на будущее, но меньше, чем хочется | I2: Абсолютно верно | J2: Скорее верно | K2: Скорее верно | L2: Едва ли верно | M2: Скорее верно | N2: Скорее верно | O2: Абсолютно верно | P2: Скорее верно | Q2: Едва ли верно | R2: Скорее верно | S2: Иногда | T2: Иногда | U2: Регулярно, системно и вообще я доволен тем, как часто это удается | V2: Достаточно часто, но иногда упускаю и забываю | W2: Крайне редко | X2: Регулярно, системно и вообще я доволен тем, как часто это удается | Y2: Достаточно часто, но иногда упускаю и забываю | Z2: Регулярно, системно и вообще я доволен тем, как часто это удается | AA2: Достаточно часто, но иногда упускаю и забываю | AB2: Регулярно, системно и вообще я доволен тем, как часто это удается | AC2: Иногда | AD2: Достаточно часто, но иногда упускаю и забываю | AE2: Иногда | AF2: Достаточно часто, но иногда упускаю и забываю | AG2: Да | AH2: Да | AI2: Да | AJ2: Нет | AK2: Да | AL2: Нет | AM2: Нет | AN2: Нет | AO2: Да | AP2: Да | AQ2: Регулярно | AR2: Регулярно | AS2: Крайне редко | AT2: Никогда | AU2: Не редко, но хотелось бы чаще | AV2: Регулярно | AW2: 5 | AX2: У меня есть дело за пределами работы, от которого меня искренне прет | AY2: Нет и никогда не курил | AZ2: Время от времени | BA2: Разведен | BB2: 1 | BC2: Читал, изучал, но не проникся | BD2: Читал, изучал, проникся, но не использую | BE2: Читал, изучал, проникся, но не использую | BF2: Читал, изучал, проникся, использую | BG2: Не слышал | BH2: Слышал, но не вдавался в детали | BI2: Когда как, но не часто | BJ2: Да, постоянно | BK2: Редко | BL2: Часто, но не всегда | BM2: Много | BN2: Средненько так | BO2: Средненько так | BP2: Ничего | BQ2: Очень мало | BR2: Очень мало | BS2: Ничего | BT2: Средненько так | BU2: 1 | BV2: ни разу | BW2: Дорофеев, врешь, не возьмешь! Я дофига читаю, на самом деле, так что первый пункт подходит. Но раз нет, так нет. | BX2: Надо ли что-то делать, если все хорошо? Ну, или кажется, что все хорошо.
A3: 43367.865 | B3: Ж | C3: 32 | E3: Реклама и дизайн | F3: Дизайнер | G3: Я вполне успешно продвигаюсь по своим долгосрочным планам. Если завалы и случаются, то не часто. | H3: Я время от времени могу делать заделы на будущее, но меньше, чем хочется | I3: Абсолютно верно | J3: Абсолютно верно | K3: Скорее верно | L3: Скорее верно | M3: Скорее верно | N3: Абсолютно верно | O3: Абсолютно верно | P3: Едва ли верно | Q3: Скорее верно | R3: Скорее верно | S3: Достаточно часто, но иногда упускаю и забываю | T3: Регулярно, системно и вообще я доволен тем, как часто это удается | U3: Достаточно часто, но иногда упускаю и забываю | V3: Регулярно, системно и вообще я доволен тем, как часто это удается | W3: Регулярно, системно и вообще я доволен тем, как часто это удается | X3: Достаточно часто, но иногда упускаю и забываю | Y3: Регулярно, системно и вообще я доволен тем, как часто это удается | Z3: Достаточно часто, но иногда упускаю и забываю | AA3: Достаточно часто, но иногда упускаю и забываю | AB3: Иногда | AC3: Регулярно, системно и вообще я доволен тем, как часто это удается | AD3: Иногда | AE3: Иногда | AF3: Достаточно часто, но иногда упускаю и забываю | AG3: Да | AH3: Да | AI3: Да | AJ3: Да | AK3: Нуу... почти... | AL3: Нет | AM3: Нет | AN3: Нет | AO3: Да | AP3: Да | AQ3: Не редко, но хотелось бы чаще | AR3: Не редко, но хотелось бы чаще | AS3: Крайне редко | AT3: Иногда | AU3: Не редко, но хотелось бы чаще | AV3: Не редко, но хотелось бы чаще | AW3: 7 | AX3: У меня есть дело за пределами работы, от которого меня искренне прет | AY3: Курил, но бросил | AZ3: Редко и мало (2-3 раза в год) | BA3: Женат / замужем впервые | BB3: 1 | BC3: Читал, изучал, проникся, использую | BD3: Читал, изучал, проникся, использую | BE3: Не слышал | BF3: ...и еще горячо насаживаю всем окружающим | BG3: Не слышал | BH3: ...и еще горячо насаживаю всем окружающим | BI3: Редко | BJ3: Когда как, но не часто | BK3: Редко | BL3: Никогда или очень редко | BM3: Много | BN3: Очень мало | BO3: Много | BP3: Много | BQ3: Много | BR3: Много | BS3: Очень мало | BT3: Очень мало | BU3: 2 | BV3: ни разу | BW3: Минимализм! А вообще, "Дорофеев, меня не обманешь".
A4: 43367.865 | B4: М | C4: 37 | E4: Ит | F4: Тимлид | G4: Я время от времени могу делать заделы на будущее, но меньше, чем хочется | H4: Я время от времени могу делать заделы на будущее, но меньше, чем хочется | I4: Абсолютно верно | J4: Скорее верно | K4: Скорее верно | L4: Едва ли верно | M4: Скорее верно | N4: Скорее верно | O4: Скорее верно | P4: Скорее верно | Q4: Скорее верно | R4: Скорее верно | S4: Крайне редко | T4: Крайне редко | U4: Иногда | V4: Крайне редко | W4: Никогда | X4: Достаточно часто, но иногда упускаю и забываю | Y4: Иногда | Z4: Крайне редко | AA4: Иногда | AB4: Достаточно часто, но иногда упускаю и забываю | AC4: Достаточно часто, но иногда упускаю и забываю | AD4: Крайне редко | AE4: Иногда | AF4: Достаточно часто, но иногда упускаю и забываю | AG4: Да | AH4: Да | AI4: Нуу... почти... | AJ4: Нет | AK4: Нет | AL4: Нет | AM4: Нет | AN4: Нет | AO4: Да | AP4: Да | AQ4: Регулярно | AR4: Иногда | AS4: Не редко, но хотелось бы чаще | AT4: Не редко, но хотелось бы чаще | AU4: Не редко, но хотелось бы чаще | AV4: Не редко, но хотелось бы чаще | AW4: 3 | AX4: У меня есть дело за пределами работы, от которого меня искренне прет | AY4: Нет и никогда не курил | AZ4: Регулярно, но в пределах разумного | BA4: Женат / замужем впервые | BB4: 2 | BC4: Слышал, но не вдавался в детали | BD4: Читал, изучал, но не проникся | BE4: Читал, изучал, но не проникся | BF4: Читал, изучал, проникся, но не использую | BG4: Не слышал | BH4: Не слышал | BI4: Часто, но не всегда | BJ4: Да, постоянно | BK4: Да, постоянно | BL4: Да, постоянно | BM4: Много | BN4: Много | BO4: Много | BP4: ДОФИГИЩА! | BQ4: Много | BR4: Много | BS4: Много | BT4: Очень мало | BU4: 2 | BV4: ни разу | BW4: Чтение книг, Просмотр сериалов, Самообразование, Охота и воспитание собаки | BX4: Как заставить себя делать то, что нужно, по чуть чуть каждый день, а не за пару дней до дедлайна?
A5: 43367.865 | B5: Ж | C5: 45 | E5: Образование | F5: Научный сотрудник. Менеджер программ | G5: Я еле-еле справляюсь с текучкой, но никак не могу приступить к чему-то долгосрочному | H5: Я еле-еле справляюсь с текучкой, но никак не могу приступить к чему-то долгосрочному | I5: Едва ли верно | J5: Едва ли верно | K5: Едва ли верно | L5: Едва ли верно | M5: Абсолютно НЕ верно | N5: Едва ли верно | O5: Едва ли верно | P5: Едва ли верно | Q5: Абсолютно НЕ верно | R5: Едва ли верно | S5: Иногда | T5: Достаточно часто, но иногда упускаю и забываю | U5: Регулярно, системно и вообще я доволен тем, как часто это удается | V5: Достаточно часто, но иногда упускаю и забываю | W5: Никогда | X5: Достаточно часто, но иногда упускаю и забываю | Y5: Регулярно, системно и вообще я доволен тем, как часто это удается | Z5: Крайне редко | AA5: Достаточно часто, но иногда упускаю и забываю | AB5: Иногда | AC5: Иногда | AD5: Иногда | AE5: Никогда | AF5: Регулярно, системно и вообще я доволен тем, как часто это удается | AG5: Нет | AH5: Да | AI5: Нуу... почти... | AJ5: Нет | AK5: Да | AL5: Да | AM5: Нет | AN5: Нет | AO5: Нет | AP5: Нет | AQ5: Регулярно | AR5: Не редко, но хотелось бы чаще | AS5: Не редко, но хотелось бы чаще | AT5: Иногда | AU5: Не редко, но хотелось бы чаще | AV5: Не редко, но хотелось бы чаще | AW5: 6 | AX5: У меня есть дело за пределами работы, от которого меня искренне прет | AY5: Нет и никогда не курил | AZ5: Редко и мало (2-3 раза в год) | BA5: Не женат / не замужем | BB5: 0 | BC5: Слышал, но не вдавался в детали | BD5: Читал, изучал, но не проникся | BE5: Читал, изучал, проникся, использую | BF5: Читал, изучал, но не проникся | BG5: Не слышал | BH5: Не слышал | BI5: Редко | BJ5: Когда как, но не часто | BK5: Редко | BL5: Да, постоянно | BM5: Ничего | BN5: Средненько так | BO5: Очень мало | BP5: ДОФИГИЩА! | BQ5: Много | BR5: Много | BS5: Средненько так | BT5: Ничего | BU5: 2 | BV5: ни разу | BW5: Чтение книг, Самообразование, Музыка, Йога | BX5: Благодарю за всё
A6: 43367.866 | B6: М | C6: 35 | E6: FMCG | F6: Руководитель отдела аналитики | G6: Я еле-еле справляюсь с текучкой, но никак не могу приступить к чему-то долгосрочному | H6: Я время от времени могу делать заделы на будущее, но меньше, чем хочется | I6: Абсолютно верно | J6: Скорее верно | K6: Едва ли верно | L6: Едва ли верно | M6: Едва ли верно | N6: Абсолютно верно | O6: Скорее верно | P6: Скорее верно | Q6: Едва ли верно | R6: Едва ли верно | S6: Иногда | T6: Иногда | U6: Иногда | V6: Иногда | W6: Иногда | X6: Достаточно часто, но иногда упускаю и забываю | Y6: Достаточно часто, но иногда упускаю и забываю | Z6: Регулярно, системно и вообще я доволен тем, как часто это удается | AA6: Достаточно часто, но иногда упускаю и забываю | AB6: Регулярно, системно и вообще я доволен тем, как часто это удается | AC6: Достаточно часто, но иногда упускаю и забываю | AD6: Иногда | AE6: Достаточно часто, но иногда упускаю и забываю | AF6: Иногда | AG6: Да | AH6: Да | AI6: Да | AJ6: Да | AK6: Да | AL6: Да | AM6: Да | AN6: Нуу... почти... | AO6: Да | AP6: Нет | AQ6: Не редко, но хотелось бы чаще | AR6: Не редко, но хотелось бы чаще | AS6: Крайне редко | AT6: Крайне редко | AU6: Иногда | AV6: Не редко, но хотелось бы чаще | AW6: 5 | AX6: У меня есть дело за пределами работы, от которого меня искренне прет | AY6: Нет и никогда не курил | AZ6: Время от времени | BA6: Не женат / не замужем | BB6: 0 | BC6: Читал, изучал, но не проникся | BD6: Читал, изучал, но не проникся | BE6: Читал, изучал, но не проникся | BF6: Читал, изучал, проникся, использую | BG6: Не слышал | BH6: Не слышал | BI6: Когда как, но не часто | BJ6: Часто, но не всегда | BK6: Когда как, но не часто | BL6: Часто, но не всегда | BM6: Очень мало | BN6: Много | BO6: Очень мало | BP6: ДОФИГИЩА! | BQ6: Средненько так | BR6: Очень мало | BS6: Ничего | BT6: Ничего | BU6: 2 | BV6: ни разу | BW6: Чтение книг, Просмотр сериалов, Самообразование | BX6: https://www.youtube.com/watch?time_continue=42&v=qcP9YkXaU-k
A7: 43367.868 | B7: Ж | C7: 39 | E7: IT в банковской области | F7: Руководитель направления | G7: Я еле-еле справляюсь с текучкой, но никак не могу приступить к чему-то долгосрочному | H7: Я еле-еле справляюсь с текучкой, но никак не могу приступить к чему-то долгосрочному | I7: Скорее верно | J7: Едва ли верно | K7: Скорее верно | L7: Едва ли верно | M7: Абсолютно верно | N7: Едва ли верно | O7: Абсолютно НЕ верно | P7: Скорее верно | Q7: Абсолютно НЕ верно | R7: Едва ли верно | S7: Никогда | T7: Достаточно часто, но иногда упускаю и забываю | U7: Регулярно, системно и вообще я доволен тем, как часто это удается | V7: Иногда | W7: Никогда | X7: Никогда | Y7: Достаточно часто, но иногда упускаю и забываю | Z7: Достаточно часто, но иногда упускаю и забываю | AA7: Иногда | AB7: Достаточно часто, но иногда упускаю и забываю | AC7: Крайне редко | AD7: Крайне редко | AE7: Достаточно часто, но иногда упускаю и забываю | AF7: Регулярно, системно и вообще я доволен тем, как часто это удается | AG7: Да | AH7: Да | AI7: Да | AJ7: Нет | AK7: Нет | AL7: Да | AM7: Нет | AN7: Да | AO7: Да | AP7: Нет | AQ7: Не редко, но хотелось бы чаще | AR7: Не редко, но хотелось бы чаще | AS7: Крайне редко | AT7: Иногда | AU7: Крайне редко | AV7: Не редко, но хотелось бы чаще | AW7: 5 | AY7: Нет и никогда не курил | AZ7: Регулярно, но в пределах разумного | BA7: Женат / замужем впервые | BB7: 1 | BC7: Читал, изучал, но не проникся | BD7: Читал, изучал, но не проникся | BE7: Не слышал | BF7: ...и еще горячо насаживаю всем окружающим | BG7: Не слышал | BH7: Не слышал | BI7: Когда как, но не часто | BJ7: Никогда или очень редко | BK7: Часто, но не всегда | BL7: Часто, но не всегда | BM7: Много | BN7: Много | BO7: ДОФИГИЩА! | BP7: ДОФИГИЩА! | BQ7: Много | BR7: Средненько так | BS7: Много | BT7: Средненько так | BU7: 1 | BV7: 1-2 раза | BW7: Чтение книг, Просмотр сериалов, Рисование, Вязать крючком как способ медитации | BX7: Спасибо за ненудный и очень человечный подход к таймменежменту.
A8: 43367.868 | B8: Ж | C8: 35 | E8: ERP | F8: Разработчик | G8: Я вполне успешно продвигаюсь по своим долгосрочным планам. Если завалы и случаются, то не часто. | H8: Я вполне успешно продвигаюсь по своим долгосрочным планам. Если завалы и случаются, то не часто. | I8: Абсолютно верно | J8: Скорее верно | K8: Скорее верно | L8: Скорее верно | M8: Скорее верно | N8: Скорее верно | O8: Скорее верно | P8: Абсолютно верно | Q8: Скорее верно | R8: Абсолютно верно | S8: Достаточно часто, но иногда упускаю и забываю | T8: Регулярно, системно и вообще я доволен тем, как часто это удается | U8: Регулярно, системно и вообще я доволен тем, как часто это удается | V8: Регулярно, системно и вообще я доволен тем, как часто это удается | W8: Никогда | X8: Иногда | Y8: Регулярно, системно и вообще я доволен тем, как часто это удается | Z8: Регулярно, системно и вообще я доволен тем, как часто это удается | AA8: Достаточно часто, но иногда упускаю и забываю | AB8: Достаточно часто, но иногда упускаю и забываю | AC8: Регулярно, системно и вообще я доволен тем, как часто это удается | AD8: Достаточно часто, но иногда упускаю и забываю | AE8: Регулярно, системно и вообще я доволен тем, как часто это удается | AF8: Регулярно, системно и вообще я доволен тем, как часто это удается | AG8: Нет | AH8: Нет | AI8: Да | AJ8: Нет | AK8: Да | AL8: Нет | AM8: Нет | AN8: Нет | AO8: Нет | AP8: Нет | AQ8: Регулярно | AR8: Не редко, но хотелось бы чаще | AS8: Не редко, но хотелось бы чаще | AT8: Иногда | AU8: Не редко, но хотелось бы чаще | AV8: Не редко, но хотелось бы чаще | AW8: 7 | AX8: У меня есть дело за пределами работы, от которого меня искренне прет | AY8: Нет и никогда не курил | AZ8: Время от времени | BA8: Женат / замужем впервые | BB8: 1 | BC8: Слышал, но не вдавался в детали | BD8: Не слышал | BE8: Не слышал | BF8: Слышал, но не вдавался в детали | BG8: Не слышал | BH8: Не слышал | BI8: Часто, но не всегда | BJ8: Часто, но не всегда | BK8: Когда как, но не часто | BL8: Часто, но не всегда | BM8: Много | BN8: Много | BO8: Много | BP8: Много | BQ8: Много | BR8: Много | BS8: Много | BT8: Средненько так | BU8: 2 | BV8: ни разу | BW8: Не обманешь )
A9: 43367.869 | B9: Ж | C9: 26 | E9: marketing | F9: Market research manager | G9: Я время от времени могу делать заделы на будущее, но меньше, чем хочется | H9: Я еле-еле справляюсь с текучкой, но никак не могу приступить к чему-то долгосрочному | I9: Абсолютно верно | J9: Скорее верно | K9: Скорее верно | L9: Едва ли верно | M9: Скорее верно | N9: Абсолютно верно | O9: Скорее верно | P9: Едва ли верно | Q9: Едва ли верно | R9: Скорее верно | S9: Иногда | T9: Достаточно часто, но иногда упускаю и забываю | U9: Достаточно часто, но иногда упускаю и забываю | V9: Регулярно, системно и вообще я доволен тем, как часто это удается | W9: Крайне редко | X9: Никогда | Y9: Достаточно часто, но иногда упускаю и забываю | Z9: Регулярно, системно и вообще я доволен тем, как часто это удается | AA9: Иногда | AB9: Иногда | AC9: Регулярно, системно и вообще я доволен тем, как часто это удается | AD9: Достаточно часто, но иногда упускаю и забываю | AE9: Крайне редко | AF9: Регулярно, системно и вообще я доволен тем, как часто это удается | AG9: Нуу... почти... | AH9: Да | AI9: Нуу... почти... | AJ9: Нет | AK9: Нет | AL9: Да | AM9: Нет | AN9: Нет | AO9: Нет | AP9: Нет | AQ9: Не редко, но хотелось бы чаще | AR9: Иногда | AS9: Никогда | AT9: Иногда | AU9: Не редко, но хотелось бы чаще | AV9: Регулярно | AW9: 6 | AY9: Курил, но бросил | AZ9: Время от времени | BA9: Женат / замужем впервые | BB9: 0 | BC9: Не слышал | BD9: Читал, изучал, но не проникся | BE9: Не слышал | BF9: ...и еще горячо насаживаю всем окружающим | BG9: Не слышал | BH9: Не слышал | BI9: Часто, но не всегда | BJ9: Когда как, но не часто | BK9: Часто, но не всегда | BL9: Часто, но не всегда | BM9: Очень мало | BN9: Много | BO9: Много | BP9: ДОФИГИЩА! | BQ9: Средненько так | BR9: Много | BS9: Очень мало | BT9: Ничего | BU9: 1 | BV9: ни разу | BW9: Я учусь читать задания полностью) | BX9: Ты классный! Жду вторую книгу
A10: 43367.87 | B10: Ж | C10: 26 | E10: IT | F10: QA | G10: Я еле-еле справляюсь с текучкой, но никак не могу приступить к чему-то долгосрочному | H10: Я время от времени могу делать заделы на будущее, но меньше, чем хочется | I10: Абсолютно верно | J10: Скорее верно | K10: Скорее верно | L10: Скорее верно | M10: Абсолютно верно | N10: Абсолютно верно | O10: Скорее верно | P10: Скорее верно | Q10: Скорее верно | R10: Скорее верно | S10: Крайне редко | T10: Иногда | U10: Иногда | V10: Крайне редко | W10: Никогда | X10: Достаточно часто, но иногда упускаю и забываю | Y10: Крайне редко | Z10: Крайне редко | AA10: Иногда | AB10: Иногда | AC10: Никогда | AD10: Иногда | AE10: Крайне редко | AF10: Достаточно часто, но иногда упускаю и забываю | AG10: Да | AH10: Да | AI10: Да | AJ10: Нуу... почти... | AK10: Да | AL10: Нет | AM10: Да | AN10: Да | AO10: Да | AP10: Да | AQ10: Не редко, но хотелось бы чаще | AR10: Не редко, но хотелось бы чаще | AS10: Не редко, но хотелось бы чаще | AT10: Крайне редко | AU10: Иногда | AV10: Не редко, но хотелось бы чаще | AW10: 5 | AY10: Нет и никогда не курил | AZ10: Редко и мало (2-3 раза в год) | BA10: Не женат / не замужем | BB10: 0 | BC10: Не слышал | BD10: Читал, изучал, проникся, но не использую | BE10: Читал, изучал, проникся, но не использую | BF10: Читал, изучал, проникся, но не использую | BG10: Не слышал | BH10: Читал, изучал, проникся, использую | BI10: Часто, но не всегда | BJ10: Часто, но не всегда | BK10: Да, постоянно | BL10: Когда как, но не часто | BM10: Ничего | BN10: Средненько так | BO10: Очень мало | BP10: Много | BQ10: Много | BR10: Средненько так | BS10: Очень мало | BT10: Ничего | BU10: 3 | BV10: ни разу | BW10: ата-та!
A11: 43367.871 | B11: М | C11: 38 | E11: Научная (физика + IT) | F11: старший научный сотрудник | G11: Я время от времени могу делать заделы на будущее, но меньше, чем хочется | H11: Я время от времени могу делать заделы на будущее, но меньше, чем хочется | I11: Скорее верно | J11: Скорее верно | K11: Едва ли верно | L11: Скорее верно | M11: Скорее верно | N11: Абсолютно верно | O11: Абсолютно верно | P11: Скорее верно | Q11: Абсолютно верно | R11: Скорее верно | S11: Иногда | T11: Иногда | U11: Достаточно часто, но иногда упускаю и забываю | V11: Крайне редко | W11: Иногда | X11: Достаточно часто, но иногда упускаю и забываю | Y11: Крайне редко | Z11: Достаточно часто, но иногда упускаю и забываю | AA11: Крайне редко | AB11: Иногда | AC11: Регулярно, системно и вообще я доволен тем, как часто это удается | AD11: Крайне редко | AE11: Крайне редко | AF11: Достаточно часто, но иногда упускаю и забываю | AG11: Нет | AH11: Нет | AI11: Да | AJ11: Нет | AK11: Нуу... почти... | AL11: Нуу... почти... | AM11: Нет | AN11: Нет | AO11: Нет | AP11: Нуу... почти... | AQ11: Крайне редко | AR11: Не редко, но хотелось бы чаще | AS11: Не редко, но хотелось бы чаще | AT11: Регулярно | AU11: Не редко, но хотелось бы чаще | AV11: Иногда | AW11: 5 | AY11: Нет и никогда не курил | AZ11: Время от времени | BA11: Не женат / не замужем | BB11: 0 | BC11: Не слышал | BD11: Не слышал | BE11: Не слышал | BF11: Читал, изучал, проникся, использую | BG11: Не слышал | BH11: Не слышал | BI11: Когда как, но не часто | BJ11: Редко | BK11: Часто, но не всегда | BL11: Да, постоянно | BM11: Ничего | BN11: Средненько так | BO11: Очень мало | BP11: Много | BQ11: Средненько так | BR11: Средненько так | BS11: Средненько так | BT11: Очень мало | BU11: 0 | BV11: ни разу | BW11: Меня не обманешь! Я, кстати, реально предполагал подвох :) | BX11: Спасибо вам за вашу работу! Жизнь понемногу налаживается...
A12: 24.09.2018 20:55:47 | B12: Ж | C12: 37 | E12: творчество | F12: писатель, коуч | G12: Я время от времени могу делать заделы на будущее, но меньше, чем хочется | H12: Я время от времени могу делать заделы на будущее, но меньше, чем хочется | I12: Абсолютно верно | J12: Скорее верно | K12: Скорее верно | L12: Скорее верно | M12: Абсолютно верно | N12: Скорее верно | O12: Едва ли верно | P12: Скорее верно | Q12: Скорее верно | R12: Скорее верно | S12: Иногда | T12: Достаточно часто, но иногда упускаю и забываю | U12: Достаточно часто, но иногда упускаю и забываю | V12: Регулярно, системно и вообще я доволен тем, как часто это удается | W12: Достаточно часто, но иногда упускаю и забываю | X12: Иногда | Y12: Регулярно, системно и вообще я доволен тем, как часто это удается | Z12: Крайне редко | AA12: Достаточно часто, но иногда упускаю и забываю | AB12: Достаточно часто, но иногда упускаю и забываю | AC12: Регулярно, системно и вообще я доволен тем, как часто это удается | AD12: Иногда | AE12: Достаточно часто, но иногда упускаю и забываю | AF12: Регулярно, системно и вообще я доволен тем, как часто это удается | AG12: Да | AH12: Да | AI12: Нуу... почти... | AJ12: Нет | AK12: Да | AL12: Нет | AM12: Нет | AN12: Нет | AO12: Да | AP12: Да | AQ12: Регулярно | AR12: Не редко, но хотелось бы чаще | AS12: Иногда | AT12: Иногда | AU12: Регулярно | AV12: Регулярно | AW12: 7 | AX12: У меня есть дело за пределами работы, от которого меня искренне прет | AY12: Курил, но бросил | AZ12: Вообще не пью | BA12: Разведен | BB12: 1 | BC12: Читал, изучал, проникся, но не использую | BD12: ...и еще горячо насаживаю всем окружающим | BE12: ...и еще горячо насаживаю всем окружающим | BF12: ...и еще горячо насаживаю всем окружающим | BG12: Не слышал | BH12: Слышал, но не вдавался в детали | BI12: Редко | BJ12: Редко | BK12: Редко | BL12: Когда как, но не часто | BM12: Средненько так | BN12: Много | BO12: Очень мало | BP12: Очень мало | BQ12: Много | BR12: Средненько так | BS12: Средненько так | BT12: Ничего | BU12: 3 | BV12: ни разу | BW12: Чтение книг, Самообразование, вязание, служение | BX12: Уже хочется новой книги :-) Ну и хотела спросить, как относишься к 12-недельному году?
A13: 24.09.2018 20:56:06 | B13: М | C13: 36 | E13: IT | F13: Начальник отдела | G13: Я вполне успешно продвигаюсь по своим долгосрочным планам. Если завалы и случаются, то не часто. | H13: Я вполне успешно продвигаюсь по своим долгосрочным планам. Если завалы и случаются, то не часто. | I13: Абсолютно верно | J13: Скорее верно | K13: Едва ли верно | L13: Едва ли верно | M13: Едва ли верно | N13: Абсолютно верно | O13: Скорее верно | P13: Скорее верно | Q13: Скорее верно | R13: Скорее верно | S13: Достаточно часто, но иногда упускаю и забываю | T13: Достаточно часто, но иногда упускаю и забываю | U13: Регулярно, системно и вообще я доволен тем, как часто это удается | V13: Иногда | W13: Никогда | X13: Достаточно часто, но иногда упускаю и забываю | Y13: Достаточно часто, но иногда упускаю и забываю | Z13: Достаточно часто, но иногда упускаю и забываю | AA13: Регулярно, системно и вообще я доволен тем, как часто это удается | AB13: Регулярно, системно и вообще я доволен тем, как часто это удается | AC13: Регулярно, системно и вообще я доволен тем, как часто это удается | AD13: Достаточно часто, но иногда упускаю и забываю | AE13: Регулярно, системно и вообще я доволен тем, как часто это удается | AF13: Достаточно часто, но иногда упускаю и забываю | AG13: Да | AH13: Да | AI13: Да | AJ13: Нет | AK13: Да | AL13: Нет | AM13: Нет | AN13: Нет | AO13: Да | AP13: Да | AQ13: Регулярно | AR13: Регулярно | AS13: Крайне редко | AT13: Никогда | AU13: Иногда | AV13: Регулярно | AW13: 6 | AX13: У меня есть дело за пределами работы, от которого меня искренне прет | AY13: Курил, но бросил | AZ13: Время от времени | BA13: Женат / замужем впервые | BB13: 2 | BC13: Не слышал | BD13: Не слышал | BE13: Читал, изучал, проникся, использую | BF13: Не слышал | BG13: Не слышал | BH13: Не слышал | BI13: Когда как, но не часто | BJ13: Когда как, но не часто | BK13: Часто, но не всегда | BL13: Когда как, но не часто | BM13: Очень мало | BN13: Много | BO13: Очень мало | BP13: Много | BQ13: Очень мало | BR13: Средненько так | BS13: Очень мало | BT13: Очень мало | BU13: 3 | BV13: ни разу | BW13: Дорофеев, меня не обманешь | BX13: Ничего :)
A14: 24.09.2018 20:56:21 | B14: Ж | C14: 37 | E14: IT | F14: рук. направления по развитию ИТ систем | G14: Я время от времени могу делать заделы на будущее, но меньше, чем хочется | H14: Я вполне успешно продвигаюсь по своим долгосрочным планам. Если завалы и случаются, то не часто. | I14: Скорее верно | J14: Скорее верно | K14: Едва ли верно | L14: Едва ли верно | M14: Скорее верно | N14: Скорее верно | O14: Скорее верно | P14: Скорее верно | Q14: Скорее верно | R14: Скорее верно | S14: Достаточно часто, но иногда упускаю и забываю | T14: Иногда | U14: Иногда | V14: Достаточно часто, но иногда упускаю и забываю | W14: Никогда | X14: Иногда | Y14: Иногда | Z14: Иногда | AA14: Иногда | AB14: Иногда | AC14: Крайне редко | AD14: Достаточно часто, но иногда упускаю и забываю | AE14: Достаточно часто, но иногда упускаю и забываю | AF14: Достаточно часто, но иногда упускаю и забываю | AG14: Нет | AH14: Нет | AI14: Нет | AJ14: Нет | AK14: Нуу... почти... | AL14: Нет | AM14: Нет | AN14: Нет | AO14: Да | AP14: Нет | AQ14: Регулярно | AR14: Регулярно | AS14: Крайне редко | AT14: Крайне редко | AU14: Не редко, но хотелось бы чаще | AV14: Не редко, но хотелось бы чаще | AW14: 5 | AX14: У меня есть дело за пределами работы, от которого меня искренне прет | AY14: Нет и никогда не курил | AZ14: Редко и мало (2-3 раза в год) | BA14: Разведен | BB14: 0 | BC14: Читал, изучал, проникся, но не использую | BD14: Читал, изучал, но не проникся | BE14: Слышал, но не вдавался в детали | BF14: Читал, изучал, но не проникся | BG14: Не слышал | BH14: Не слышал | BI14: Когда как, но не часто | BJ14: Когда как, но не часто | BK14: Когда как, но не часто | BL14: Да, постоянно | BM14: Много | BN14: ДОФИГИЩА! | BO14: Много | BP14: ДОФИГИЩА! | BQ14: Много | BR14: Много | BS14: Очень мало | BT14: Очень мало | BU14: 1 | BV14: ни разу | BW14: Дорофеев, меня не обманешь
A15: 24.09.2018 20:57:47 | B15: М | C15: 25 | E15: IT | F15: Senior iOS Developer | G15: Я время от времени могу делать заделы на будущее, но меньше, чем хочется | H15: Я время от времени могу делать заделы на будущее, но меньше, чем хочется | I15: Абсолютно верно | J15: Абсолютно верно | K15: Едва ли верно | L15: Едва ли верно | M15: Абсолютно верно | N15: Абсолютно верно | O15: Абсолютно верно | P15: Абсолютно верно | Q15: Абсолютно верно | R15: Скорее верно | S15: Крайне редко | T15: Иногда | U15: Достаточно часто, но иногда упускаю и забываю | V15: Регулярно, системно и вообще я доволен тем, как часто это удается | W15: Никогда | X15: Крайне редко | Y15: Регулярно, системно и вообще я доволен тем, как часто это удается | Z15: Достаточно часто, но иногда упускаю и забываю | AA15: Иногда | AB15: Регулярно, системно и вообще я доволен тем, как часто это удается | AC15: Иногда | AD15: Достаточно часто, но иногда упускаю и забываю | AE15: Регулярно, системно и вообще я доволен тем, как часто это удается | AF15: Достаточно часто, но иногда упускаю и забываю | AG15: Да | AH15: Да | AI15: Да | AJ15: Нуу... почти... | AK15: Да | AL15: Да | AM15: Да | AN15: Да | AO15: Да | AP15: Да | AQ15: Не редко, но хотелось бы чаще | AR15: Крайне редко | AS15: Не редко, но хотелось бы чаще | AT15: Регулярно | AU15: Не редко, но хотелось бы чаще | AV15: Не редко, но хотелось бы чаще | AW15: 5 | AX15: У меня есть дело за пределами работы, от которого меня искренне прет | AY15: Курю не системно (могу неделями не курить, но иногда за компанию...) | AZ15: Время от времени | BA15: Не женат / не замужем | BB15: 0 | BC15: Не слышал | BD15: Не слышал | BE15: Слышал, но не вдавался в детали | BF15: Читал, изучал, проникся, использую | BG15: Слышал, но не вдавался в детали | BH15: Не слышал | BI15: Никогда или очень редко | BJ15: Редко | BK15: Когда как, но не часто | BL15: Когда как, но не часто | BM15: Много | BN15: Много | BO15: Очень мало | BP15: ДОФИГИЩА! | BQ15: ДОФИГИЩА! | BR15: Много | BS15: Средненько так | BT15: Ничего | BU15: 2 | BV15: ни разу | BW15: Чтение книг, Самообразование, Дорофеев, меня не обманешь =) И спорт =)
A16: 24.09.2018 20:58:04 | B16: Ж | C16: 36 | E16: IT | F16: Ведущий системный аналитик | G16: Я время от времени могу делать заделы на будущее, но меньше, чем хочется | H16: Я вполне успешно продвигаюсь по своим долгосрочным планам. Если завалы и случаются, то не часто. | I16: Скорее верно | J16: Абсолютно верно | K16: Едва ли верно | L16: Едва ли верно | M16: Скорее верно | N16: Скорее верно | O16: Едва ли верно | P16: Скорее верно | Q16: Едва ли верно | R16: Скорее верно | S16: Достаточно часто, но иногда упускаю и забываю | T16: Регулярно, системно и вообще я доволен тем, как часто это удается | U16: Регулярно, системно и вообще я доволен тем, как часто это удается | V16: Регулярно, системно и вообще я доволен тем, как часто это удается | W16: Крайне редко | X16: Регулярно, системно и вообще я доволен тем, как часто это удается | Y16: Регулярно, системно и вообще я доволен тем, как часто это удается | Z16: Достаточно часто, но иногда упускаю и забываю | AA16: Достаточно часто, но иногда упускаю и забываю | AB16: Иногда | AC16: Иногда | AD16: Достаточно часто, но иногда упускаю и забываю | AE16: Достаточно часто, но иногда упускаю и забываю | AF16: Регулярно, системно и вообще я доволен тем, как часто это удается | AG16: Да | AH16: Нуу... почти... | AI16: Да | AJ16: Да | AK16: Да | AL16: Нуу... почти... | AM16: Нет | AN16: Да | AO16: Да | AP16: Да | AQ16: Регулярно | AR16: Не редко, но хотелось бы чаще | AS16: Регулярно | AT16: Иногда | AU16: Крайне редко | AV16: Не редко, но хотелось бы чаще | AW16: 5 | AX16: У меня есть дело за пределами работы, от которого меня искренне прет | AY16: Нет и никогда не курил | AZ16: Редко и мало (2-3 раза в год) | BA16: Женат / замужем впервые | BB16: 2 | BC16: Читал, изучал, проникся, но не использую | BD16: Читал, изучал, проникся, использую | BE16: Слышал, но не вдавался в детали | BF16: ...и еще горячо насаживаю всем окружающим | BG16: Слышал, но не вдавался в детали | BH16: Не слышал | BI16: Когда как, но не часто | BJ16: Когда как, но не часто | BK16: Редко | BL16: Редко | BM16: Очень мало | BN16: Много | BO16: Очень мало | BP16: Средненько так | BQ16: Много | BR16: Очень мало | BS16: Много | BT16: Очень мало | BU16: 1 | BV16: ни разу | BW16: И все-таки рисование и посмотр сериалов. Я безнадежна?😊
A17: 24.09.2018 20:59:55 | B17: М | C17: 32 | E17: Интернет-маркетинг | F17: Руководитель отдела предпродажной аналитики | G17: Я время от времени могу делать заделы на будущее, но меньше, чем хочется | H17: Я еле-еле справляюсь с текучкой, но никак не могу приступить к чему-то долгосрочному | I17: Скорее верно | J17: Скорее верно | K17: Едва ли верно | L17: Едва ли верно | M17: Едва ли верно | N17: Абсолютно верно | O17: Скорее верно | P17: Едва ли верно | Q17: Скорее верно | R17: Скорее верно | S17: Достаточно часто, но иногда упускаю и забываю | T17: Иногда | U17: Достаточно часто, но иногда упускаю и забываю | V17: Достаточно часто, но иногда упускаю и забываю | W17: Никогда | X17: Никогда | Y17: Иногда | Z17: Достаточно часто, но иногда упускаю и забываю | AA17: Иногда | AB17: Крайне редко | AC17: Иногда | AD17: Достаточно часто, но иногда упускаю и забываю | AE17: Достаточно часто, но иногда упускаю и забываю | AF17: Регулярно, системно и вообще я доволен тем, как часто это удается | AG17: Нуу... почти... | AH17: Да | AI17: Нуу... почти... | AJ17: Да | AK17: Да | AL17: Нет | AM17: Нет | AN17: Нет | AO17: Нет | AP17: Нет | AQ17: Регулярно | AR17: Регулярно | AS17: Иногда | AT17: Никогда | AU17: Иногда | AV17: Иногда | AW17: 5 | AY17: Курил, но бросил | AZ17: Регулярно, но в пределах разумного | BA17: Не женат / не замужем | BB17: 0 | BC17: Слышал, но не вдавался в детали | BD17: Читал, изучал, проникся, но не использую | BE17: Не слышал | BF17: ...и еще горячо насаживаю всем окружающим | BG17: Слышал, но не вдавался в детали | BH17: Не слышал | BI17: Редко | BJ17: Когда как, но не часто | BK17: Редко | BL17: Никогда или очень редко | BM17: Очень мало | BN17: Очень мало | BO17: Средненько так | BP17: Средненько так | BQ17: Очень мало | BR17: Средненько так | BS17: Средненько так | BT17: Ничего | BU17: 1 | BV17: ни разу | BW17: О, опрос кончился, только ж начали...
A18: 24.09.2018 20:59:59 | B18: М | C18: 28 | E18: продуктовая веб-разработка | F18: руководитель отдела тестирования | G18: Я вполне успешно продвигаюсь по своим долгосрочным планам. Если завалы и случаются, то не часто. | H18: Все происходит легко и естественно, кажется, что даже не приходится напрягаться, чтобы достигать того, к чему я стремлюсь | I18: Абсолютно верно | J18: Абсолютно верно | K18: Едва ли верно | L18: Абсолютно НЕ верно | M18: Скорее верно | N18: Абсолютно верно | O18: Скорее верно | P18: Абсолютно верно | Q18: Скорее верно | R18: Скорее верно | S18: Иногда | T18: Крайне редко | U18: Достаточно часто, но иногда упускаю и забываю | V18: Регулярно, системно и вообще я доволен тем, как часто это удается | W18: Достаточно часто, но иногда упускаю и забываю | X18: Иногда | Y18: Регулярно, системно и вообще я доволен тем, как часто это удается | Z18: Регулярно, системно и вообще я доволен тем, как часто это удается | AA18: Достаточно часто, но иногда упускаю и забываю | AB18: Регулярно, системно и вообще я доволен тем, как часто это удается | AC18: Достаточно часто, но иногда упускаю и забываю | AD18: Никогда | AE18: Регулярно, системно и вообще я доволен тем, как часто это удается | AF18: Иногда | AG18: Да | AH18: Да | AI18: Да | AJ18: Да | AK18: Да | AL18: Нет | AM18: Нет | AN18: Нет | AO18: Нет | AP18: Да | AQ18: Регулярно | AR18: Регулярно | AS18: Не редко, но хотелось бы чаще | AT18: Никогда | AU18: Иногда | AV18: Не редко, но хотелось бы чаще | AW18: 4 | AY18: Нет и никогда не курил | AZ18: Время от времени | BA18: Женат / замужем впервые | BB18: 0 | BC18: Читал, изучал, проникся, использую | BD18: ...и еще горячо насаживаю всем окружающим | BE18: Читал, изучал, проникся, использую | BF18: ...и еще горячо насаживаю всем окружающим | BG18: Не слышал | BH18: Не слышал | BI18: Редко | BJ18: Редко | BK18: Когда как, но не часто | BL18: Никогда или очень редко | BM18: Ничего | BN18: ДОФИГИЩА! | BO18: ДОФИГИЩА! | BP18: ДОФИГИЩА! | BQ18: Много | BR18: Много | BS18: Средненько так | BT18: Ничего | BU18: 1 | BV18: ни разу | BW18: Дорофеев, меня не обманешь)))
A19: 24.09.2018 21:03:32 | B19: Ж | C19: 25 | E19: Консалтинг | F19: Консультант | G19: Я вполне успешно продвигаюсь по своим долгосрочным планам. Если завалы и случаются, то не часто. | H19: Я время от времени могу делать заделы на будущее, но меньше, чем хочется | I19: Абсолютно верно | J19: Скорее верно | K19: Скорее верно | L19: Скорее верно | M19: Абсолютно верно | N19: Абсолютно верно | O19: Абсолютно верно | P19: Абсолютно верно | Q19: Абсолютно верно | R19: Едва ли верно | S19: Достаточно часто, но иногда упускаю и забываю | T19: Иногда | U19: Никогда | V19: Достаточно часто, но иногда упускаю и забываю | W19: Никогда | X19: Крайне редко | Y19: Крайне редко | Z19: Регулярно, системно и вообще я доволен тем, как часто это удается | AA19: Достаточно часто, но иногда упускаю и забываю | AB19: Регулярно, системно и вообще я доволен тем, как часто это удается | AC19: Регулярно, системно и вообще я доволен тем, как часто это удается | AD19: Достаточно часто, но иногда упускаю и забываю | AE19: Иногда | AF19: Регулярно, системно и вообще я доволен тем, как часто это удается | AG19: Нет | AH19: Нет | AI19: Нуу... почти... | AJ19: Нет | AK19: Нет | AL19: Да | AM19: Нет | AN19: Нет | AO19: Нуу... почти... | AP19: Да | AQ19: Не редко, но хотелось бы чаще | AR19: Регулярно | AS19: Иногда | AT19: Иногда | AU19: Не редко, но хотелось бы чаще | AV19: Не редко, но хотелось бы чаще | AW19: 7 | AY19: Нет и никогда не курил | AZ19: Вообще не пью | BA19: Не женат / не замужем | BB19: 0 | BC19: Слышал, но не вдавался в детали | BD19: Читал, изучал, проникся, но не использую | BE19: Не слышал | BF19: ...и еще горячо насаживаю всем окружающим | BG19: Не слышал | BH19: Слышал, но не вдавался в детали | BI19: Да, постоянно | BJ19: Часто, но не всегда | BK19: Редко | BL19: Часто, но не всегда | BM19: Очень мало | BN19: Много | BO19: Много | BP19: Много | BQ19: ДОФИГИЩА! | BR19: ДОФИГИЩА! | BS19: ДОФИГИЩА! | BT19: Очень мало | BU19: 2 | BV19: ни разу | BW19: Максим, успехов с новой книгой! Уже жду :) | BX19: Рекомендую книги А.В. Курпатова: "Красная таблетка", "Чертоги разума" и "Троица". В них он описал механизм мышления с опорой на нейропсихологию + предложил упражнение для управления своим мышлением. Вдруг пригодится. Успехов Вам!
A20: 24.09.2018 21:07:39 | B20: Ж | C20: 35 | E20: право | F20: юрист | G20: Я время от времени могу делать заделы на будущее, но меньше, чем хочется | H20: Я время от времени могу делать заделы на будущее, но меньше, чем хочется | I20: Едва ли верно | J20: Едва ли верно | K20: Едва ли верно | L20: Едва ли верно | M20: Едва ли верно | N20: Едва ли верно | O20: Едва ли верно | P20: Едва ли верно | Q20: Едва ли верно | R20: Едва ли верно | S20: Иногда | T20: Иногда | U20: Регулярно, системно и вообще я доволен тем, как часто это удается | V20: Регулярно, системно и вообще я доволен тем, как часто это удается | W20: Крайне редко | X20: Никогда | Y20: Иногда | Z20: Иногда | AA20: Регулярно, системно и вообще я доволен тем, как часто это удается | AB20: Регулярно, системно и вообще я доволен тем, как часто это удается | AC20: Крайне редко | AD20: Крайне редко | AE20: Иногда | AF20: Крайне редко | AG20: Да | AH20: Да | AI20: Да | AJ20: Нет | AK20: Нет | AL20: Нет | AM20: Нет | AN20: Нет | AO20: Да | AP20: Да | AQ20: Иногда | AR20: Никогда | AS20: Крайне редко | AT20: Иногда | AU20: Не редко, но хотелось бы чаще | AV20: Иногда | AW20: 1 | AX20: У меня есть дело за пределами работы, от которого меня искренне прет | AY20: Нет и никогда не курил | AZ20: Время от времени | BA20: Не женат / не замужем | BB20: 0 | BC20: Читал, изучал, но не проникся | BD20: Читал, изучал, но не проникся | BE20: Читал, изучал, но не проникся | BF20: Читал, изучал, проникся, использую | BG20: Читал, изучал, но не проникся | BH20: Слышал, но не вдавался в детали | BI20: Когда как, но не часто | BJ20: Никогда или очень редко | BK20: Часто, но не всегда | BL20: Часто, но не всегда | BM20: Ничего | BN20: Средненько так | BO20: Очень мало | BP20: Много | BQ20: ДОФИГИЩА! | BR20: Много | BS20: Ничего | BT20: Много | BU20: 1 | BV20: ни разу | BW20: Самообразование
A21: 24.09.2018 21:08:13 | B21: Ж | C21: 37 | E21: Красота | F21: Мастер | G21: Я время от времени могу делать заделы на будущее, но меньше, чем хочется | H21: Я время от времени могу делать заделы на будущее, но меньше, чем хочется | I21: Скорее верно | J21: Скорее верно | K21: Скорее верно | L21: Скорее верно | M21: Скорее верно | N21: Скорее верно | O21: Едва ли верно | P21: Скорее верно | Q21: Скорее верно | R21: Скорее верно | S21: Достаточно часто, но иногда упускаю и забываю | T21: Иногда | U21: Иногда | V21: Иногда | W21: Иногда | X21: Крайне редко | Y21: Достаточно часто, но иногда упускаю и забываю | Z21: Регулярно, системно и вообще я доволен тем, как часто это удается | AA21: Иногда | AB21: Регулярно, системно и вообще я доволен тем, как часто это удается | AC21: Регулярно, системно и вообще я доволен тем, как часто это удается | AD21: Достаточно часто, но иногда упускаю и забываю | AE21: Иногда | AF21: Достаточно часто, но иногда упускаю и забываю | AG21: Да | AH21: Нет | AI21: Нуу... почти... | AJ21: Нет | AK21: Нуу... почти... | AL21: Да | AM21: Нет | AN21: Нет | AO21: Нет | AP21: Да | AQ21: Иногда | AR21: Регулярно | AS21: Регулярно | AT21: Иногда | AU21: Регулярно | AV21: Иногда | AW21: 5 | AY21: Нет и никогда не курил | AZ21: Вообще не пью | BA21: Не женат / не замужем | BB21: 0 | BC21: Читал, изучал, проникся, но не использую | BD21: Читал, изучал, проникся, использую | BE21: Читал, изучал, проникся, но не использую | BF21: Читал, изучал, проникся, использую | BG21: Не слышал | BH21: Не слышал | BI21: Никогда или очень редко | BJ21: Редко | BK21: Часто, но не всегда | BL21: Да, постоянно | BM21: Много | BN21: Ничего | BO21: Очень мало | BP21: Очень мало | BQ21: Очень мало | BR21: Очень мало | BS21: Средненько так | BT21: Ничего | BU21: 4 | BV21: 1-2 раза | BW21: Чтение книг, Просмотр сериалов, Самообразование, Путешествия | BX21: Психология и время? Не люблю убираться из за детских воспоминаний. Нанимаю уборщицу для дома
A22: 24.09.2018 21:09:23 | B22: М | C22: 28 | E22: IT | F22: Дизайнер | G22: Я еле-еле справляюсь с текучкой, но никак не могу приступить к чему-то долгосрочному | H22: Я вполне успешно продвигаюсь по своим долгосрочным планам. Если завалы и случаются, то не часто. | I22: Скорее верно | J22: Скорее верно | K22: Едва ли верно | L22: Едва ли верно | M22: Абсолютно НЕ верно | N22: Скорее верно | O22: Едва ли верно | P22: Едва ли верно | Q22: Едва ли верно | R22: Скорее верно | S22: Крайне редко | T22: Иногда | U22: Регулярно, системно и вообще я доволен тем, как часто это удается | V22: Регулярно, системно и вообще я доволен тем, как часто это удается | W22: Крайне редко | X22: Крайне редко | Y22: Достаточно часто, но иногда упускаю и забываю | Z22: Никогда | AA22: Иногда | AB22: Иногда | AC22: Регулярно, системно и вообще я доволен тем, как часто это удается | AD22: Достаточно часто, но иногда упускаю и забываю | AE22: Крайне редко | AF22: Крайне редко | AG22: Нет | AH22: Нет | AI22: Да | AJ22: Нет | AK22: Нет | AL22: Да | AM22: Нет | AN22: Нет | AO22: Нет | AP22: Нет | AQ22: Иногда | AR22: Крайне редко | AS22: Никогда | AT22: Никогда | AU22: Никогда | AV22: Крайне редко | AW22: 5 | AX22: У меня есть дело за пределами работы, от которого меня искренне прет | AY22: Нет и никогда не курил | AZ22: Время от времени | BA22: Женат / замужем впервые | BB22: 0 | BC22: Читал, изучал, но не проникся | BD22: Читал, изучал, но не проникся | BE22: Слышал, но не вдавался в детали | BF22: Не слышал | BG22: Не слышал | BH22: Не слышал | BI22: Редко | BJ22: Редко | BK22: Когда как, но не часто | BL22: Да, постоянно | BM22: Средненько так | BN22: Очень мало | BO22: Очень мало | BP22: Много | BQ22: Много | BR22: Средненько так | BS22: Ничего | BT22: Очень мало | BU22: 1 | BV22: ни разу | BW22: Дорофеев, меня не обманешь. Моё хобби чтение книг! | BX22: Мне бы хотелось с вами поделиться опечаткой в этом вопросе. Что → Чем
A23: 24.09.2018 21:09:30 | B23: М | C23: 39 | E23: It в ретейле | F23: Ит бизнес-партнёр | G23: Я время от времени могу делать заделы на будущее, но меньше, чем хочется | H23: Я время от времени могу делать заделы на будущее, но меньше, чем хочется | I23: Скорее верно | J23: Скорее верно | K23: Скорее верно | L23: Едва ли верно | M23: Скорее верно | N23: Скорее верно | O23: Едва ли верно | P23: Абсолютно верно | Q23: Скорее верно | R23: Едва ли верно | S23: Иногда | T23: Достаточно часто, но иногда упускаю и забываю | U23: Достаточно часто, но иногда упускаю и забываю | V23: Достаточно часто, но иногда упускаю и забываю | W23: Никогда | X23: Крайне редко | Y23: Достаточно часто, но иногда упускаю и забываю | Z23: Регулярно, системно и вообще я доволен тем, как часто это удается | AA23: Достаточно часто, но иногда упускаю и забываю | AB23: Достаточно часто, но иногда упускаю и забываю | AC23: Достаточно часто, но иногда упускаю и забываю | AD23: Достаточно часто, но иногда упускаю и забываю | AE23: Иногда | AF23: Достаточно часто, но иногда упускаю и забываю | AG23: Да | AH23: Нуу... почти... | AI23: Да | AJ23: Нет | AK23: Да | AL23: Да | AM23: Да | AN23: Нет | AO23: Да | AP23: Нет | AQ23: Не редко, но хотелось бы чаще | AR23: Не редко, но хотелось бы чаще | AS23: Не редко, но хотелось бы чаще | AT23: Регулярно | AU23: Иногда | AV23: Иногда | AW23: 5 | AX23: У меня есть дело за пределами работы, от которого меня искренне прет | AY23: Курю, но стараюсь бросить | AZ23: Регулярно, но в пределах разумного | BA23: Женат / замужем не впервые | BB23: 0 | BC23: Читал, изучал, но не проникся | BD23: Не слышал | BE23: Слышал, но не вдавался в детали | BF23: Читал, изучал, проникся, использую | BG23: Не слышал | BH23: Не слышал | BI23: Часто, но не всегда | BJ23: Часто, но не всегда | BK23: Часто, но не всегда | BL23: Редко | BM23: Средненько так | BN23: ДОФИГИЩА! | BO23: Много | BP23: ДОФИГИЩА! | BQ23: Средненько так | BR23: Очень мало | BS23: Средненько так | BT23: Очень мало | BU23: 1 | BV23: ни разу | BW23: Дорофеев, меня не обманешь. | BX23: А можно будет выводы по опросу посмотреть? ;)
A24: 24.09.2018 21:10:38 | B24: М | C24: 26 | E24: it | F24: CTO | G24: Я вполне успешно продвигаюсь по своим долгосрочным планам. Если завалы и случаются, то не часто. | H24: Я еле-еле справляюсь с текучкой, но никак не могу приступить к чему-то долгосрочному | I24: Абсолютно верно | J24: Скорее верно | K24: Скорее верно | L24: Абсолютно верно | M24: Скорее верно | N24: Абсолютно верно | O24: Скорее верно | P24: Абсолютно верно | Q24: Скорее верно | R24: Абсолютно верно | S24: Иногда | T24: Достаточно часто, но иногда упускаю и забываю | U24: Достаточно часто, но иногда упускаю и забываю | V24: Никогда | W24: Никогда | X24: Иногда | Y24: Достаточно часто, но иногда упускаю и забываю | Z24: Иногда | AA24: Крайне редко | AB24: Достаточно часто, но иногда упускаю и забываю | AC24: Иногда | AD24: Иногда | AE24: Достаточно часто, но иногда упускаю и забываю | AF24: Регулярно, системно и вообще я доволен тем, как часто это удается | AG24: Да | AH24: Да | AI24: Да | AJ24: Нет | AK24: Да | AL24: Нет | AM24: Нет | AN24: Нет | AO24: Да | AP24: Нет | AQ24: Иногда | AR24: Крайне редко | AS24: Крайне редко | AT24: Никогда | AU24: Иногда | AV24: Не редко, но хотелось бы чаще | AW24: 5 | AY24: Курю, но стараюсь бросить | AZ24: Время от времени | BA24: Не женат / не замужем | BB24: 0 | BC24: Не слышал | BD24: Не слышал | BF24: Читал, изучал, но не проникся | BG24: Не слышал | BH24: Не слышал | BI24: Когда как, но не часто | BJ24: Часто, но не всегда | BK24: Когда как, но не часто | BL24: Редко | BM24: ДОФИГИЩА! | BN24: ДОФИГИЩА! | BO24: ДОФИГИЩА! | BP24: Средненько так | BQ24: Много | BR24: Много | BS24: Ничего | BT24: Ничего | BU24: 2 | BV24: ни разу | BW24: Чтение книг, Музыка, залипаю на образовательные видосики
A25: 24.09.2018 21:11:34 | B25: Ж | C25: 37 | E25: Образование | F25: Преподаватель | G25: Я время от времени могу делать заделы на будущее, но меньше, чем хочется | H25: Я время от времени могу делать заделы на будущее, но меньше, чем хочется | I25: Скорее верно | J25: Скорее верно | K25: Скорее верно | L25: Едва ли верно | M25: Скорее верно | N25: Скорее верно | O25: Скорее верно | P25: Скорее верно | Q25: Скорее верно | R25: Едва ли верно | S25: Иногда | T25: Крайне редко | U25: Достаточно часто, но иногда упускаю и забываю | V25: Достаточно часто, но иногда упускаю и забываю | W25: Крайне редко | X25: Крайне редко | Y25: Иногда | Z25: Достаточно часто, но иногда упускаю и забываю | AA25: Достаточно часто, но иногда упускаю и забываю | AB25: Достаточно часто, но иногда упускаю и забываю | AC25: Крайне редко | AD25: Иногда | AE25: Иногда | AF25: Иногда | AG25: Да | AH25: Да | AI25: Нуу... почти... | AJ25: Нет | AK25: Нуу... почти... | AL25: Да | AM25: Да | AN25: Нет | AO25: Да | AP25: Нуу... почти... | AQ25: Регулярно | AR25: Не редко, но хотелось бы чаще | AS25: Иногда | AT25: Регулярно | AU25: Не редко, но хотелось бы чаще | AV25: Регулярно | AW25: 7 | AY25: Нет и никогда не курил | AZ25: Редко и мало (2-3 раза в год) | BA25: Женат / замужем впервые | BB25: 2 | BC25: Читал, изучал, проникся, но не использую | BD25: Читал, изучал, проникся, использую | BE25: ...и еще горячо насаживаю всем окружающим | BF25: Читал, изучал, проникся, но не использую | BG25: Слышал, но не вдавался в детали | BH25: Не слышал | BI25: Часто, но не всегда | BJ25: Когда как, но не часто | BK25: Когда как, но не часто | BL25: Когда как, но не часто | BM25: Очень мало | BN25: Много | BO25: Очень мало | BP25: Много | BQ25: Средненько так | BR25: Средненько так | BS25: Средненько так | BT25: Очень мало | BU25: 1 | BV25: ни разу | BW25: Чтение книг, Кофе | BX25: Я часто работаю из дома, и с удовольствием и интересом смотрела бы Ваши видео, но цензура не пропускает. Предупреждайте, пожалуйста, коротким текстом перед роликами.
A26: 24.09.2018 21:11:38 | B26: М | C26: 22 | E26: Стартапы | F26: Трекер, Бизнес-девелопер | G26: Я время от времени могу делать заделы на будущее, но меньше, чем хочется | H26: Я время от времени могу делать заделы на будущее, но меньше, чем хочется | I26: Абсолютно верно | J26: Абсолютно верно | K26: Скорее верно | L26: Едва ли верно | M26: Абсолютно верно | N26: Абсолютно верно | O26: Абсолютно верно | P26: Скорее верно | Q26: Абсолютно верно | R26: Скорее верно | S26: Никогда | T26: Достаточно часто, но иногда упускаю и забываю | U26: Достаточно часто, но иногда упускаю и забываю | V26: Достаточно часто, но иногда упускаю и забываю | W26: Иногда | X26: Иногда | Y26: Регулярно, системно и вообще я доволен тем, как часто это удается | Z26: Никогда | AA26: Иногда | AB26: Иногда | AC26: Достаточно часто, но иногда упускаю и забываю | AD26: Крайне редко | AE26: Иногда | AF26: Регулярно, системно и вообще я доволен тем, как часто это удается | AG26: Да | AH26: Да | AI26: Да | AJ26: Нет | AK26: Нуу... почти... | AL26: Да | AM26: Да | AN26: Нет | AO26: Да | AP26: Да | AQ26: Иногда | AR26: Никогда | AS26: Регулярно | AT26: Регулярно | AU26: Регулярно | AV26: Иногда | AW26: 6 | AY26: Курю не системно (могу неделями не курить, но иногда за компанию...) | AZ26: Время от времени | BA26: Не женат / не замужем | BB26: 0 | BC26: Слышал, но не вдавался в детали | BD26: Читал, изучал, проникся, но не использую | BE26: Слышал, но не вдавался в детали | BF26: Читал, изучал, проникся, использую | BG26: Не слышал | BH26: Не слышал | BI26: Да, постоянно | BJ26: Да, постоянно | BK26: Часто, но не всегда | BL26: Часто, но не всегда | BM26: ДОФИГИЩА! | BN26: Средненько так | BO26: Очень мало | BP26: Очень мало | BQ26: Средненько так | BR26: Средненько так | BS26: Средненько так | BT26: Средненько так | BU26: 5 | BV26: 1-2 раза | BW26: Осознанно заполнял опросник, хочу получить результаты, и, возможно, пообщаться о чем-то большем в рамках работы над новой книгой.
A27: 24.09.2018 21:15:32 | B27: М | C27: 42 | E27: IT | F27: Ведущий разработчик | G27: Я время от времени могу делать заделы на будущее, но меньше, чем хочется | H27: Я вполне успешно продвигаюсь по своим долгосрочным планам. Если завалы и случаются, то не часто. | I27: Скорее верно | J27: Скорее верно | K27: Едва ли верно | L27: Едва ли верно | M27: Абсолютно верно | N27: Абсолютно верно | O27: Едва ли верно | P27: Едва ли верно | Q27: Скорее верно | R27: Скорее верно | S27: Достаточно часто, но иногда упускаю и забываю | T27: Достаточно часто, но иногда упускаю и забываю | U27: Иногда | V27: Иногда | W27: Иногда | X27: Достаточно часто, но иногда упускаю и забываю | Y27: Достаточно часто, но иногда упускаю и забываю | Z27: Регулярно, системно и вообще я доволен тем, как часто это удается | AA27: Иногда | AB27: Достаточно часто, но иногда упускаю и забываю | AC27: Регулярно, системно и вообще я доволен тем, как часто это удается | AD27: Крайне редко | AE27: Иногда | AF27: Крайне редко | AG27: Нуу... почти... | AH27: Нет | AI27: Да | AJ27: Нуу... почти... | AK27: Нуу... почти... | AL27: Да | AM27: Нет | AN27: Нет | AO27: Да | AP27: Да | AQ27: Не редко, но хотелось бы чаще | AR27: Не редко, но хотелось бы чаще | AS27: Регулярно | AT27: Крайне редко | AU27: Иногда | AV27: Иногда | AW27: 6 | AY27: Нет и никогда не курил | AZ27: Редко и мало (2-3 раза в год) | BA27: Женат / замужем впервые | BB27: 1 | BC27: Читал, изучал, но не проникся | BD27: Читал, изучал, проникся, но не использую | BE27: Читал, изучал, проникся, но не использую | BF27: ...и еще горячо насаживаю всем окружающим | BG27: Слышал, но не вдавался в детали | BH27: Читал, изучал, но не проникся | BI27: Редко | BJ27: Редко | BK27: Когда как, но не часто | BL27: Никогда или очень редко | BM27: Очень мало | BN27: Средненько так | BO27: Очень мало | BP27: Много | BQ27: Средненько так | BR27: Очень мало | BS27: Очень мало | BT27: Средненько так | BU27: 2 | BV27: ни разу | BW27: Чтение книг, Самообразование, Спорт, Авиамодели | BX27: Заметил, что если разобраться со своими личными делами (не проекты, скорее взаимоотношения с разными людьми) , то обезьяна спокойнее и не мечется периодически в панике. Спорт (150-250 км бега в месяц и участие в соревнованиях) приучил к планированию в том числе и на работе , + заменяет медитацию, и точно положительно влияет на запас мыслетоплива.
A28: 24.09.2018 21:16:15 | B28: Ж | C28: 28 | E28: геймдев | F28: лид артист | G28: Я время от времени могу делать заделы на будущее, но меньше, чем хочется | H28: Я вполне успешно продвигаюсь по своим долгосрочным планам. Если завалы и случаются, то не часто. | I28: Скорее верно | J28: Скорее верно | K28: Скорее верно | L28: Скорее верно | M28: Абсолютно верно | N28: Абсолютно верно | O28: Абсолютно верно | P28: Скорее верно | Q28: Скорее верно | R28: Абсолютно верно | S28: Иногда | T28: Иногда | U28: Достаточно часто, но иногда упускаю и забываю | V28: Иногда | W28: Никогда | X28: Регулярно, системно и вообще я доволен тем, как часто это удается | Y28: Достаточно часто, но иногда упускаю и забываю | Z28: Крайне редко | AA28: Достаточно часто, но иногда упускаю и забываю | AB28: Иногда | AC28: Иногда | AD28: Достаточно часто, но иногда упускаю и забываю | AE28: Иногда | AF28: Крайне редко | AG28: Нуу... почти... | AH28: Да | AI28: Нет | AJ28: Нет | AK28: Нет | AL28: Нет | AM28: Нет | AN28: Нет | AO28: Нет | AP28: Нет | AQ28: Регулярно | AR28: Регулярно | AS28: Иногда | AT28: Никогда | AU28: Не редко, но хотелось бы чаще | AV28: Регулярно | AW28: 5 | AX28: У меня есть дело за пределами работы, от которого меня искренне прет | AY28: Нет и никогда не курил | AZ28: Редко и мало (2-3 раза в год) | BA28: Разведен | BB28: 0 | BD28: Слышал, но не вдавался в детали | BF28: Читал, изучал, проникся, но не использую | BI28: Когда как, но не часто | BJ28: Часто, но не всегда | BK28: Часто, но не всегда | BL28: Да, постоянно | BM28: Много | BN28: Ничего | BO28: Очень мало | BP28: Очень мало | BQ28: ДОФИГИЩА! | BR28: Средненько так | BS28: Ничего | BT28: Ничего | BU28: 2 | BV28: ни разу | BW28: Чтение книг, Просмотр сериалов, Рисование
A29: 24.09.2018 21:18:21 | B29: М | C29: 22 | E29: IT | F29: Software developer | G29: Я время от времени могу делать заделы на будущее, но меньше, чем хочется | H29: Я время от времени могу делать заделы на будущее, но меньше, чем хочется | I29: Скорее верно | J29: Скорее верно | K29: Скорее верно | L29: Едва ли верно | M29: Скорее верно | N29: Скорее верно | O29: Скорее верно | P29: Скорее верно | Q29: Скорее верно | R29: Скорее верно | S29: Крайне редко | T29: Крайне редко | U29: Иногда | V29: Достаточно часто, но иногда упускаю и забываю | W29: Крайне редко | X29: Крайне редко | Y29: Иногда | Z29: Достаточно часто, но иногда упускаю и забываю | AA29: Иногда | AB29: Достаточно часто, но иногда упускаю и забываю | AC29: Крайне редко | AD29: Иногда | AE29: Достаточно часто, но иногда упускаю и забываю | AF29: Достаточно часто, но иногда упускаю и забываю | AG29: Нет | AH29: Нуу... почти... | AI29: Нуу... почти... | AJ29: Нет | AK29: Нуу... почти... | AL29: Да | AM29: Нет | AN29: Нет | AO29: Да | AP29: Да | AQ29: Не редко, но хотелось бы чаще | AR29: Иногда | AS29: Иногда | AT29: Иногда | AU29: Не редко, но хотелось бы чаще | AV29: Не редко, но хотелось бы чаще | AW29: 5 | AX29: У меня есть дело за пределами работы, от которого меня искренне прет | AY29: Курю не системно (могу неделями не курить, но иногда за компанию...) | AZ29: Время от времени | BA29: Не женат / не замужем | BB29: 0 | BC29: Не слышал | BD29: Не слышал | BE29: Слышал, но не вдавался в детали | BF29: Слышал, но не вдавался в детали | BG29: Не слышал | BH29: Не слышал | BI29: Когда как, но не часто | BJ29: Когда как, но не часто | BK29: Часто, но не всегда | BL29: Часто, но не всегда | BM29: Средненько так | BN29: Средненько так | BO29: Очень мало | BP29: Средненько так | BQ29: Много | BR29: Много | BS29: Очень мало | BT29: Очень мало | BU29: 2 | BV29: 1-2 раза | BW29: Дорофеев, меня не обманешь
A30: 24.09.2018 21:19:10 | B30: Ж | C30: 32 | E30: Строительство | F30: Отвечаю за красоту в работе компани | G30: Я время от времени могу делать заделы на будущее, но меньше, чем хочется | H30: Я время от времени могу делать заделы на будущее, но меньше, чем хочется | I30: Скорее верно | J30: Скорее верно | K30: Скорее верно | L30: Едва ли верно | M30: Абсолютно верно | N30: Скорее верно | O30: Скорее верно | P30: Скорее верно | Q30: Скорее верно | R30: Скорее верно | S30: Иногда | T30: Иногда | U30: Регулярно, системно и вообще я доволен тем, как часто это удается | V30: Регулярно, системно и вообще я доволен тем, как часто это удается | W30: Крайне редко | X30: Крайне редко | Y30: Регулярно, системно и вообще я доволен тем, как часто это удается | Z30: Регулярно, системно и вообще я доволен тем, как часто это удается | AA30: Достаточно часто, но иногда упускаю и забываю | AB30: Регулярно, системно и вообще я доволен тем, как часто это удается | AC30: Достаточно часто, но иногда упускаю и забываю | AD30: Достаточно часто, но иногда упускаю и забываю | AE30: Достаточно часто, но иногда упускаю и забываю | AF30: Достаточно часто, но иногда упускаю и забываю | AG30: Да | AH30: Да | AI30: Да | AJ30: Нуу... почти... | AK30: Да | AL30: Нет | AM30: Да | AN30: Нет | AO30: Нет | AP30: Да | AQ30: Регулярно | AR30: Регулярно | AS30: Регулярно | AT30: Крайне редко | AU30: Иногда | AV30: Не редко, но хотелось бы чаще | AW30: 5 | AX30: У меня есть дело за пределами работы, от которого меня искренне прет | AY30: Нет и никогда не курил | AZ30: Время от времени | BA30: Женат / замужем впервые | BB30: 1 | BC30: Слышал, но не вдавался в детали | BD30: Не слышал | BE30: Не слышал | BF30: ...и еще горячо насаживаю всем окружающим | BG30: Не слышал | BH30: Не слышал | BI30: Редко | BJ30: Когда как, но не часто | BK30: Когда как, но не часто | BL30: Когда как, но не часто | BM30: Очень мало | BN30: Очень мало | BO30: Очень мало | BP30: Много | BQ30: Средненько так | BR30: Средненько так | BS30: Очень мало | BT30: Очень мало | BU30: 2 | BV30: ни разу | BW30: Чтение книг, Самообразование, Рисование
A31: 24.09.2018 21:19:11 | B31: М | C31: 38 | E31: IT - Software Development | F31: Менеджер проектов | G31: Я вполне успешно продвигаюсь по своим долгосрочным планам. Если завалы и случаются, то не часто. | H31: Я еле-еле справляюсь с текучкой, но никак не могу приступить к чему-то долгосрочному | I31: Абсолютно верно | J31: Абсолютно верно | K31: Скорее верно | L31: Скорее верно | M31: Скорее верно | N31: Абсолютно верно | O31: Абсолютно верно | P31: Скорее верно | Q31: Скорее верно | R31: Скорее верно | S31: Иногда | T31: Иногда | U31: Достаточно часто, но иногда упускаю и забываю | V31: Достаточно часто, но иногда упускаю и забываю | W31: Никогда | X31: Достаточно часто, но иногда упускаю и забываю | Y31: Достаточно часто, но иногда упускаю и забываю | Z31: Регулярно, системно и вообще я доволен тем, как часто это удается | AA31: Достаточно часто, но иногда упускаю и забываю | AB31: Достаточно часто, но иногда упускаю и забываю | AC31: Регулярно, системно и вообще я доволен тем, как часто это удается | AD31: Достаточно часто, но иногда упускаю и забываю | AE31: Иногда | AF31: Достаточно часто, но иногда упускаю и забываю | AG31: Нет | AH31: Да | AI31: Да | AJ31: Нет | AK31: Да | AL31: Да | AM31: Да | AN31: Нет | AO31: Да | AP31: Нуу... почти... | AQ31: Регулярно | AR31: Иногда | AS31: Не редко, но хотелось бы чаще | AT31: Регулярно | AU31: Не редко, но хотелось бы чаще | AV31: Не редко, но хотелось бы чаще | AW31: 6 | AX31: У меня есть дело за пределами работы, от которого меня искренне прет | AY31: Нет и никогда не курил | AZ31: Время от времени | BA31: Женат / замужем впервые | BB31: 2 | BC31: Слышал, но не вдавался в детали | BD31: Читал, изучал, проникся, но не использую | BE31: Слышал, но не вдавался в детали | BF31: ...и еще горячо насаживаю всем окружающим | BG31: Не слышал | BH31: Не слышал | BI31: Редко | BJ31: Редко | BK31: Когда как, но не часто | BL31: Часто, но не всегда | BM31: Очень мало | BN31: Много | BO31: Очень мало | BP31: Много | BQ31: Много | BR31: Много | BS31: Много | BT31: Средненько так | BU31: 3 | BV31: ни разу | BW31: Чтение книг, Самообразование, ЗОЖ | BX31: Спасибо, Максим!
A32: 24.09.2018 21:20:42 | B32: М | C32: 35 | E32: IT | F32: ведущий инженер-программист | G32: Я время от времени могу делать заделы на будущее, но меньше, чем хочется | H32: Я время от времени могу делать заделы на будущее, но меньше, чем хочется | I32: Скорее верно | J32: Едва ли верно | K32: Едва ли верно | L32: Едва ли верно | M32: Едва ли верно | N32: Скорее верно | O32: Скорее верно | P32: Скорее верно | Q32: Скорее верно | R32: Скорее верно | S32: Достаточно часто, но иногда упускаю и забываю | T32: Достаточно часто, но иногда упускаю и забываю | U32: Крайне редко | V32: Достаточно часто, но иногда упускаю и забываю | W32: Никогда | X32: Никогда | Y32: Крайне редко | Z32: Регулярно, системно и вообще я доволен тем, как часто это удается | AA32: Иногда | AB32: Иногда | AC32: Иногда | AD32: Иногда | AE32: Крайне редко | AF32: Достаточно часто, но иногда упускаю и забываю | AG32: Да | AH32: Да | AI32: Да | AJ32: Нет | AK32: Нуу... почти... | AL32: Нет | AM32: Нет | AN32: Нуу... почти... | AO32: Да | AP32: Да | AQ32: Не редко, но хотелось бы чаще | AR32: Иногда | AS32: Крайне редко | AT32: Иногда | AU32: Иногда | AV32: Крайне редко | AW32: 5 | AY32: Нет и никогда не курил | AZ32: Время от времени | BA32: Разведен | BB32: 2 | BC32: Читал, изучал, но не проникся | BD32: Не слышал | BE32: Читал, изучал, проникся, но не использую | BF32: ...и еще горячо насаживаю всем окружающим | BG32: Читал, изучал, но не проникся | BH32: Не слышал | BI32: Часто, но не всегда | BJ32: Редко | BK32: Когда как, но не часто | BL32: Часто, но не всегда | BM32: Много | BN32: Средненько так | BO32: Ничего | BP32: Много | BQ32: ДОФИГИЩА! | BR32: Очень мало | BS32: Средненько так | BT32: Ничего | BU32: 5 | BV32: ни разу | BW32: Дорофеев, я увидел про коньяк )
A33: 24.09.2018 21:21:44 | B33: М | C33: 46 | E33: it | F33: фриланс | G33: Я время от времени могу делать заделы на будущее, но меньше, чем хочется | H33: Я еле-еле справляюсь с текучкой, но никак не могу приступить к чему-то долгосрочному | I33: Абсолютно верно | J33: Едва ли верно | K33: Едва ли верно | L33: Скорее верно | M33: Скорее верно | N33: Скорее верно | O33: Едва ли верно | P33: Скорее верно | Q33: Абсолютно верно | R33: Скорее верно | S33: Никогда | T33: Крайне редко | U33: Достаточно часто, но иногда упускаю и забываю | V33: Регулярно, системно и вообще я доволен тем, как часто это удается | W33: Крайне редко | X33: Никогда | Y33: Достаточно часто, но иногда упускаю и забываю | Z33: Достаточно часто, но иногда упускаю и забываю | AA33: Достаточно часто, но иногда упускаю и забываю | AB33: Достаточно часто, но иногда упускаю и забываю | AC33: Крайне редко | AD33: Крайне редко | AE33: Иногда | AF33: Крайне редко | AG33: Да | AH33: Да | AI33: Да | AJ33: Нет | AK33: Нуу... почти... | AL33: Нет | AM33: Нет | AN33: Нет | AO33: Да | AP33: Да | AQ33: Регулярно | AR33: Иногда | AS33: Никогда | AT33: Регулярно | AU33: Не редко, но хотелось бы чаще | AV33: Иногда | AW33: 4 | AY33: Курю и не парюсь | AZ33: Вообще не пью | BA33: Разведен и не впервые :) | BB33: 1 | BC33: Читал, изучал, но не проникся | BF33: Читал, изучал, проникся, использую | BI33: Редко | BJ33: Часто, но не всегда | BK33: Когда как, но не часто | BL33: Когда как, но не часто | BM33: Много | BN33: Очень мало | BO33: Ничего | BP33: Ничего | BQ33: Средненько так | BR33: Средненько так | BS33: Ничего | BT33: Ничего | BU33: 3 | BV33: ни разу | BW33: Дорофеев, copy-past | BX33: у меня весьма туманные представления, о том в какой стадии сейчас великое дорофевское учение. мои представления на уровне отсмотренных года 3 назад материалов на ютуб. но у меня возникает стойкое убеждение, что просмотр енотов на ютубе, это одна из практик для образования мыслетоплива. т.е есть некий пародокс все мыслетопливо можно растратить на енотов и фейсбучек, но без енотов и фкйсбучка мыслетопливо вообще не вырабатывается
A34: 24.09.2018 21:21:51 | B34: М | C34: 38 | E34: Телеком | F34: Директор по развитию бизнеса | G34: Я еле-еле справляюсь с текучкой, но никак не могу приступить к чему-то долгосрочному | H34: Я вполне успешно продвигаюсь по своим долгосрочным планам. Если завалы и случаются, то не часто. | I34: Абсолютно верно | J34: Абсолютно верно | K34: Едва ли верно | L34: Абсолютно верно | M34: Абсолютно верно | N34: Скорее верно | O34: Скорее верно | P34: Абсолютно НЕ верно | Q34: Абсолютно НЕ верно | R34: Едва ли верно | S34: Достаточно часто, но иногда упускаю и забываю | T34: Достаточно часто, но иногда упускаю и забываю | U34: Крайне редко | V34: Крайне редко | W34: Никогда | X34: Иногда | Y34: Иногда | Z34: Достаточно часто, но иногда упускаю и забываю | AA34: Крайне редко | AB34: Иногда | AC34: Регулярно, системно и вообще я доволен тем, как часто это удается | AD34: Достаточно часто, но иногда упускаю и забываю | AE34: Достаточно часто, но иногда упускаю и забываю | AF34: Иногда | AG34: Нет | AH34: Нет | AI34: Нет | AJ34: Нет | AK34: Нет | AL34: Нет | AM34: Нет | AN34: Нет | AO34: Нет | AP34: Нуу... почти... | AQ34: Иногда | AR34: Никогда | AS34: Не редко, но хотелось бы чаще | AT34: Никогда | AU34: Иногда | AV34: Иногда | AW34: 2 | AY34: Нет и никогда не курил | AZ34: Время от времени | BA34: Женат / замужем впервые | BB34: 2 | BC34: Не слышал | BD34: Не слышал | BE34: Не слышал | BF34: Читал, изучал, проникся, использую | BG34: Не слышал | BH34: Не слышал | BI34: Редко | BJ34: Да, постоянно | BK34: Да, постоянно | BL34: Никогда или очень редко | BM34: ДОФИГИЩА! | BN34: ДОФИГИЩА! | BO34: Много | BP34: ДОФИГИЩА! | BQ34: ДОФИГИЩА! | BR34: Средненько так | BS34: Средненько так | BT34: Очень мало | BU34: 4 | BV34: 1-2 раза | BW34: Просмотр сериалов, Музыка, Здоровье, спорт, здоровое питание, голосовые тренинги, психология | BX34: Начал читать джедайские техники только сегодня, пока проникаюсь
A35: 24.09.2018 21:22:24 | B35: Ж | C35: 26 | E35: Интернет маркетинг | F35: Сео специалист | G35: Я время от времени могу делать заделы на будущее, но меньше, чем хочется | H35: Я время от времени могу делать заделы на будущее, но меньше, чем хочется | I35: Абсолютно верно | J35: Едва ли верно | K35: Едва ли верно | L35: Едва ли верно | M35: Абсолютно НЕ верно | N35: Скорее верно | O35: Абсолютно НЕ верно | P35: Едва ли верно | Q35: Едва ли верно | R35: Едва ли верно | S35: Крайне редко | T35: Иногда | U35: Достаточно часто, но иногда упускаю и забываю | V35: Достаточно часто, но иногда упускаю и забываю | W35: Иногда | X35: Достаточно часто, но иногда упускаю и забываю | Y35: Иногда | Z35: Регулярно, системно и вообще я доволен тем, как часто это удается | AA35: Достаточно часто, но иногда упускаю и забываю | AB35: Регулярно, системно и вообще я доволен тем, как часто это удается | AC35: Достаточно часто, но иногда упускаю и забываю | AD35: Достаточно часто, но иногда упускаю и забываю | AE35: Достаточно часто, но иногда упускаю и забываю | AF35: Крайне редко | AG35: Да | AH35: Да | AI35: Нуу... почти... | AJ35: Нет | AK35: Нуу... почти... | AL35: Нет | AM35: Нет | AN35: Нет | AO35: Нет | AP35: Нуу... почти... | AQ35: Не редко, но хотелось бы чаще | AR35: Регулярно | AS35: Иногда | AT35: Никогда | AU35: Не редко, но хотелось бы чаще | AV35: Иногда | AW35: 6 | AX35: У меня есть дело за пределами работы, от которого меня искренне прет | AY35: Курил, но бросил | AZ35: Редко и мало (2-3 раза в год) | BA35: Женат / замужем впервые | BB35: 0 | BC35: Слышал, но не вдавался в детали | BD35: Слышал, но не вдавался в детали | BE35: Читал, изучал, но не проникся | BF35: ...и еще горячо насаживаю всем окружающим | BG35: Читал, изучал, проникся, использую | BH35: ...и еще горячо насаживаю всем окружающим | BI35: Никогда или очень редко | BJ35: Никогда или очень редко | BK35: Когда как, но не часто | BL35: Часто, но не всегда | BM35: Средненько так | BN35: Ничего | BO35: Ничего | BP35: ДОФИГИЩА! | BQ35: Средненько так | BR35: Ничего | BS35: Ничего | BT35: Очень мало | BU35: 2 | BV35: ни разу | BW35: Рисование, Люблю брать вещи и переделывать их в другие вещи. Вязаный чехол на заварное, чехлы всякие из джинсов.
A36: 24.09.2018 21:23:51 | B36: М | C36: 41 | E36: Телеком | F36: Главный | G36: Я еле-еле справляюсь с текучкой, но никак не могу приступить к чему-то долгосрочному | H36: Я еле-еле справляюсь с текучкой, но никак не могу приступить к чему-то долгосрочному | I36: Абсолютно верно | J36: Скорее верно | K36: Абсолютно НЕ верно | L36: Абсолютно НЕ верно | M36: Скорее верно | N36: Абсолютно верно | O36: Скорее верно | P36: Скорее верно | Q36: Скорее верно | R36: Едва ли верно | S36: Крайне редко | T36: Никогда | U36: Крайне редко | V36: Крайне редко | W36: Крайне редко | X36: Крайне редко | Y36: Крайне редко | Z36: Крайне редко | AA36: Крайне редко | AB36: Достаточно часто, но иногда упускаю и забываю | AC36: Никогда | AD36: Крайне редко | AE36: Крайне редко | AF36: Достаточно часто, но иногда упускаю и забываю | AG36: Да | AH36: Да | AI36: Да | AJ36: Да | AK36: Нуу... почти... | AL36: Нет | AM36: Да | AN36: Да | AO36: Да | AP36: Нуу... почти... | AQ36: Не редко, но хотелось бы чаще | AR36: Иногда | AS36: Иногда | AT36: Иногда | AU36: Крайне редко | AV36: Не редко, но хотелось бы чаще | AW36: 5 | AY36: Курил, но бросил | AZ36: Время от времени | BA36: Женат / замужем впервые | BB36: 2 | BC36: Читал, изучал, проникся, но не использую | BD36: Читал, изучал, но не проникся | BE36: Читал, изучал, но не проникся | BF36: Читал, изучал, проникся, но не использую | BG36: Не слышал | BH36: Читал, изучал, но не проникся | BI36: Часто, но не всегда | BJ36: Когда как, но не часто | BK36: Да, постоянно | BL36: Да, постоянно | BM36: Много | BN36: Очень мало | BO36: Средненько так | BP36: Средненько так | BQ36: Средненько так | BR36: Средненько так | BS36: Средненько так | BT36: Ничего | BU36: 4 | BV36: ни разу | BW36: Черт его знает
A37: 24.09.2018 21:24:08 | B37: М | C37: 28 | E37: It в микробиологии и клинических исследованиях | F37: Разработчик ПО | G37: Я еле-еле справляюсь с текучкой, но никак не могу приступить к чему-то долгосрочному | H37: Я время от времени могу делать заделы на будущее, но меньше, чем хочется | I37: Абсолютно верно | J37: Скорее верно | K37: Скорее верно | L37: Едва ли верно | M37: Скорее верно | N37: Абсолютно верно | O37: Скорее верно | P37: Скорее верно | Q37: Скорее верно | R37: Едва ли верно | S37: Достаточно часто, но иногда упускаю и забываю | T37: Иногда | U37: Достаточно часто, но иногда упускаю и забываю | V37: Достаточно часто, но иногда упускаю и забываю | W37: Никогда | X37: Крайне редко | Y37: Достаточно часто, но иногда упускаю и забываю | Z37: Регулярно, системно и вообще я доволен тем, как часто это удается | AA37: Достаточно часто, но иногда упускаю и забываю | AB37: Крайне редко | AC37: Регулярно, системно и вообще я доволен тем, как часто это удается | AD37: Регулярно, системно и вообще я доволен тем, как часто это удается | AE37: Регулярно, системно и вообще я доволен тем, как часто это удается | AF37: Иногда | AG37: Да | AH37: Да | AI37: Да | AJ37: Нет | AK37: Да | AL37: Да | AM37: Нет | AN37: Нет | AO37: Да | AP37: Нет | AQ37: Регулярно | AR37: Не редко, но хотелось бы чаще | AS37: Крайне редко | AT37: Иногда | AU37: Крайне редко | AV37: Крайне редко | AW37: 5 | AY37: Курю не системно (могу неделями не курить, но иногда за компанию...) | AZ37: Время от времени | BA37: Женат / замужем впервые | BB37: 0 | BE37: ...и еще горячо насаживаю всем окружающим | BF37: ...и еще горячо насаживаю всем окружающим | BI37: Часто, но не всегда | BJ37: Когда как, но не часто | BK37: Когда как, но не часто | BL37: Редко | BM37: Много | BN37: Средненько так | BO37: Ничего | BP37: Средненько так | BQ37: Много | BR37: Много | BS37: Очень мало | BT37: Ничего | BU37: 2 | BV37: ни разу | BW37: Чтение книг, Плавание, настольный и большой теннис | BX37: Что делать в ситуации, когда идёт потоковая мелочевка и делегировать некому? А если и есть кому, то как справляться с ситуацией, когда «проще самому сделать, чем объяснять»
A38: 24.09.2018 21:24:18 | B38: М | C38: 57 | E38: IT | F38: Аналитик | G38: Я время от времени могу делать заделы на будущее, но меньше, чем хочется | H38: Я еле-еле справляюсь с текучкой, но никак не могу приступить к чему-то долгосрочному | I38: Скорее верно | J38: Скорее верно | K38: Едва ли верно | L38: Едва ли верно | M38: Скорее верно | N38: Скорее верно | O38: Абсолютно верно | P38: Абсолютно верно | Q38: Скорее верно | R38: Скорее верно | S38: Достаточно часто, но иногда упускаю и забываю | T38: Иногда | U38: Достаточно часто, но иногда упускаю и забываю | V38: Регулярно, системно и вообще я доволен тем, как часто это удается | W38: Никогда | X38: Достаточно часто, но иногда упускаю и забываю | Y38: Достаточно часто, но иногда упускаю и забываю | Z38: Достаточно часто, но иногда упускаю и забываю | AA38: Достаточно часто, но иногда упускаю и забываю | AB38: Иногда | AC38: Крайне редко | AD38: Достаточно часто, но иногда упускаю и забываю | AE38: Иногда | AF38: Достаточно часто, но иногда упускаю и забываю | AG38: Нет | AH38: Да | AI38: Да | AJ38: Нет | AK38: Нуу... почти... | AL38: Нет | AM38: Да | AN38: Нет | AO38: Нет | AP38: Да | AQ38: Регулярно | AR38: Не редко, но хотелось бы чаще | AS38: Никогда | AT38: Иногда | AU38: Крайне редко | AV38: Иногда | AW38: 7 | AX38: У меня есть дело за пределами работы, от которого меня искренне прет | AY38: Нет и никогда не курил | AZ38: Время от времени | BA38: Женат / замужем впервые | BB38: 2 | BC38: Читал, изучал, проникся, использую | BD38: Читал, изучал, но не проникся | BE38: Читал, изучал, но не проникся | BF38: Читал, изучал, но не проникся | BG38: Читал, изучал, проникся, использую | BH38: Не слышал | BI38: Часто, но не всегда | BJ38: Часто, но не всегда | BK38: Когда как, но не часто | BL38: Да, постоянно | BM38: Много | BN38: Много | BO38: Много | BP38: ДОФИГИЩА! | BQ38: Средненько так | BR38: Много | BS38: Очень мало | BT38: Средненько так | BU38: 4 | BV38: ни разу | BW38: Чтение книг, Самообразование, Рукоделие
A39: 24.09.2018 21:24:45 | B39: М | C39: 35 | E39: it | F39: manager | G39: Я вполне успешно продвигаюсь по своим долгосрочным планам. Если завалы и случаются, то не часто. | H39: Я время от времени могу делать заделы на будущее, но меньше, чем хочется | I39: Скорее верно | J39: Скорее верно | K39: Скорее верно | L39: Абсолютно верно | M39: Абсолютно верно | N39: Абсолютно верно | O39: Скорее верно | P39: Абсолютно верно | Q39: Абсолютно верно | R39: Абсолютно верно | S39: Крайне редко | T39: Иногда | U39: Достаточно часто, но иногда упускаю и забываю | V39: Иногда | W39: Крайне редко | X39: Крайне редко | Y39: Крайне редко | Z39: Достаточно часто, но иногда упускаю и забываю | AA39: Иногда | AB39: Крайне редко | AC39: Регулярно, системно и вообще я доволен тем, как часто это удается | AD39: Иногда | AE39: Регулярно, системно и вообще я доволен тем, как часто это удается | AF39: Крайне редко | AG39: Да | AH39: Да | AI39: Да | AJ39: Нет | AK39: Да | AL39: Нет | AM39: Да | AN39: Нет | AO39: Да | AP39: Да | AQ39: Не редко, но хотелось бы чаще | AR39: Иногда | AS39: Никогда | AT39: Крайне редко | AU39: Иногда | AV39: Крайне редко | AW39: 3 | AX39: У меня есть дело за пределами работы, от которого меня искренне прет | AY39: Курю не системно (могу неделями не курить, но иногда за компанию...) | AZ39: Время от времени | BA39: Не женат / не замужем | BB39: 0 | BC39: Читал, изучал, но не проникся | BD39: Читал, изучал, проникся, использую | BE39: Читал, изучал, проникся, использую | BF39: Читал, изучал, проникся, но не использую | BG39: Читал, изучал, но не проникся | BH39: Не слышал | BI39: Когда как, но не часто | BJ39: Редко | BK39: Часто, но не всегда | BL39: Да, постоянно | BM39: Очень мало | BN39: Средненько так | BO39: Средненько так | BP39: Много | BQ39: Очень мало | BR39: Много | BS39: Средненько так | BT39: Очень мало | BU39: 3 | BV39: ни разу | BW39: Просмотр сериалов, Самообразование, Музыка, Дорофеев, меня не обманешь. | BX39: Максим, ты хорош! успехов во всех делах
A40: 24.09.2018 21:27:47 | B40: М | C40: 37 | E40: IT | F40: Ptoject manager | G40: Я вполне успешно продвигаюсь по своим долгосрочным планам. Если завалы и случаются, то не часто. | H40: Я время от времени могу делать заделы на будущее, но меньше, чем хочется | I40: Скорее верно | J40: Скорее верно | K40: Скорее верно | L40: Едва ли верно | M40: Скорее верно | N40: Абсолютно верно | O40: Скорее верно | P40: Скорее верно | Q40: Едва ли верно | R40: Скорее верно | S40: Достаточно часто, но иногда упускаю и забываю | T40: Достаточно часто, но иногда упускаю и забываю | U40: Достаточно часто, но иногда упускаю и забываю | V40: Иногда | W40: Никогда | X40: Крайне редко | Y40: Иногда | Z40: Крайне редко | AA40: Достаточно часто, но иногда упускаю и забываю | AB40: Иногда | AC40: Достаточно часто, но иногда упускаю и забываю | AD40: Иногда | AE40: Иногда | AF40: Достаточно часто, но иногда упускаю и забываю | AG40: Да | AH40: Нет | AI40: Нет | AJ40: Нет | AK40: Нет | AL40: Нет | AM40: Нет | AN40: Нет | AO40: Нет | AP40: Нуу... почти... | AQ40: Иногда | AR40: Крайне редко | AS40: Регулярно | AT40: Иногда | AU40: Не редко, но хотелось бы чаще | AV40: Крайне редко | AW40: 5 | AX40: У меня есть дело за пределами работы, от которого меня искренне прет | AY40: Нет и никогда не курил | AZ40: Регулярно, но в пределах разумного | BA40: Женат / замужем впервые | BB40: 1 | BC40: Читал, изучал, проникся, но не использую | BD40: Слышал, но не вдавался в детали | BE40: Слышал, но не вдавался в детали | BF40: Читал, изучал, проникся, использую | BG40: Не слышал | BH40: Не слышал | BI40: Да, постоянно | BJ40: Часто, но не всегда | BK40: Часто, но не всегда | BL40: Да, постоянно | BM40: Очень мало | BN40: Средненько так | BO40: Средненько так | BP40: Много | BQ40: Много | BR40: Очень мало | BS40: Средненько так | BT40: Очень мало | BU40: 3 | BV40: 1-2 раза | BW40: Чтение книг, Самообразование, Музыка, Дочитал, меня нп обманешь)) если по сути, то с сидячей работы предпочитпю переключиться на физ активности с прогулки, тренировки. | BX40: Где мера загруженности инфоканалам? Что есть много?
A41: 24.09.2018 21:28:54 | B41: М | C41: 32 | E41: Разработка ПО | F41: Старший тестировщик | G41: Я еле-еле справляюсь с текучкой, но никак не могу приступить к чему-то долгосрочному | H41: Я еле-еле справляюсь с текучкой, но никак не могу приступить к чему-то долгосрочному | I41: Едва ли верно | J41: Едва ли верно | K41: Едва ли верно | L41: Абсолютно НЕ верно | M41: Абсолютно НЕ верно | N41: Едва ли верно | O41: Едва ли верно | P41: Абсолютно НЕ верно | Q41: Абсолютно НЕ верно | R41: Абсолютно НЕ верно | S41: Крайне редко | T41: Иногда | U41: Крайне редко | V41: Иногда | W41: Никогда | X41: Иногда | Y41: Крайне редко | Z41: Никогда | AA41: Крайне редко | AB41: Крайне редко | AC41: Крайне редко | AD41: Крайне редко | AE41: Никогда | AF41: Крайне редко | AG41: Нет | AH41: Нуу... почти... | AI41: Да | AJ41: Нет | AK41: Нуу... почти... | AL41: Нет | AM41: Нет | AN41: Нет | AO41: Да | AP41: Нет | AQ41: Иногда | AR41: Не редко, но хотелось бы чаще | AS41: Крайне редко | AT41: Крайне редко | AU41: Крайне редко | AV41: Иногда | AW41: 5 | AY41: Нет и никогда не курил | AZ41: Редко и мало (2-3 раза в год) | BA41: Женат / замужем впервые | BB41: 1 | BC41: Слышал, но не вдавался в детали | BD41: Слышал, но не вдавался в детали | BE41: Слышал, но не вдавался в детали | BF41: Слышал, но не вдавался в детали | BG41: Слышал, но не вдавался в детали | BH41: Слышал, но не вдавался в детали | BI41: Когда как, но не часто | BJ41: Редко | BK41: Часто, но не всегда | BL41: Да, постоянно | BM41: Средненько так | BN41: Очень мало | BO41: Средненько так | BP41: Много | BQ41: Средненько так | BR41: Средненько так | BS41: Очень мало | BT41: Ничего | BU41: 1 | BV41: ни разу | BW41: Было б еще время на хобби ) | BX41: Не хватает ресурсов, особенно времени. (Хотя кого я обманываю - время на чтение ленты жж и заполнения опросника я же нашел. Так что я просто ленивая обезьяна)
A42: 24.09.2018 21:29:24 | B42: М | C42: 53 | E42: металлургия | F42: директор по ит | G42: Я еле-еле справляюсь с текучкой, но никак не могу приступить к чему-то долгосрочному | H42: Я время от времени могу делать заделы на будущее, но меньше, чем хочется | I42: Скорее верно | J42: Скорее верно | K42: Едва ли верно | L42: Едва ли верно | M42: Скорее верно | N42: Скорее верно | O42: Едва ли верно | P42: Абсолютно верно | Q42: Скорее верно | R42: Едва ли верно | S42: Крайне редко | T42: Достаточно часто, но иногда упускаю и забываю | U42: Достаточно часто, но иногда упускаю и забываю | V42: Достаточно часто, но иногда упускаю и забываю | W42: Никогда | X42: Регулярно, системно и вообще я доволен тем, как часто это удается | Y42: Иногда | Z42: Никогда | AA42: Иногда | AB42: Регулярно, системно и вообще я доволен тем, как часто это удается | AC42: Крайне редко | AD42: Никогда | AE42: Крайне редко | AF42: Иногда | AG42: Да | AH42: Да | AI42: Да | AJ42: Нет | AK42: Нет | AL42: Нет | AM42: Нет | AN42: Нет | AO42: Да | AP42: Нуу... почти... | AQ42: Не редко, но хотелось бы чаще | AR42: Крайне редко | AS42: Иногда | AT42: Крайне редко | AU42: Никогда | AV42: Не редко, но хотелось бы чаще | AW42: 6 | AX42: У меня есть дело за пределами работы, от которого меня искренне прет | AY42: Нет и никогда не курил | AZ42: Время от времени | BA42: Женат / замужем не впервые | BB42: 1 | BC42: Читал, изучал, проникся, использую | BD42: Читал, изучал, но не проникся | BE42: Слышал, но не вдавался в детали | BF42: Читал, изучал, проникся, использую | BG42: Не слышал | BH42: Не слышал | BI42: Никогда или очень редко | BJ42: Когда как, но не часто | BK42: Часто, но не всегда | BL42: Никогда или очень редко | BM42: Средненько так | BN42: Много | BO42: Очень мало | BP42: Очень мало | BQ42: Очень мало | BR42: Много | BS42: Очень мало | BT42: Очень мало | BU42: 1 | BV42: ни разу | BW42: какого хрена?! я действительно люблю читать книги! | BX42: для меня основная проблема - недостаток сил и воли, а не возможностей и способностей. мотор в хорошем состоянии, но вот с горючкой беда.
A43: 24.09.2018 21:32:03 | B43: М | C43: 31 | E43: IT | F43: программист | G43: Я время от времени могу делать заделы на будущее, но меньше, чем хочется | H43: Я еле-еле справляюсь с текучкой, но никак не могу приступить к чему-то долгосрочному | I43: Абсолютно верно | J43: Скорее верно | K43: Скорее верно | L43: Скорее верно | M43: Скорее верно | N43: Абсолютно верно | O43: Абсолютно верно | P43: Скорее верно | Q43: Скорее верно | R43: Скорее верно | S43: Крайне редко | T43: Крайне редко | U43: Крайне редко | V43: Достаточно часто, но иногда упускаю и забываю | W43: Никогда | X43: Регулярно, системно и вообще я доволен тем, как часто это удается | Y43: Крайне редко | Z43: Иногда | AA43: Иногда | AB43: Иногда | AC43: Достаточно часто, но иногда упускаю и забываю | AD43: Достаточно часто, но иногда упускаю и забываю | AE43: Крайне редко | AF43: Достаточно часто, но иногда упускаю и забываю | AG43: Нет | AH43: Да | AI43: Да | AJ43: Нет | AK43: Нуу... почти... | AL43: Нуу... почти... | AM43: Нет | AN43: Нет | AO43: Да | AP43: Нуу... почти... | AQ43: Регулярно | AR43: Не редко, но хотелось бы чаще | AS43: Крайне редко | AT43: Не редко, но хотелось бы чаще | AU43: Иногда | AV43: Не редко, но хотелось бы чаще | AW43: 6 | AY43: Нет и никогда не курил | AZ43: Вообще не пью | BA43: Женат / замужем впервые | BB43: 1 | BC43: Читал, изучал, проникся, но не использую | BD43: Читал, изучал, проникся, но не использую | BE43: Читал, изучал, проникся, но не использую | BF43: Читал, изучал, проникся, но не использую | BG43: Читал, изучал, проникся, но не использую | BH43: Не слышал | BI43: Часто, но не всегда | BJ43: Часто, но не всегда | BK43: Когда как, но не часто | BL43: Да, постоянно | BM43: Очень мало | BN43: Очень мало | BO43: Очень мало | BP43: Очень мало | BQ43: Средненько так | BR43: Очень мало | BS43: Очень мало | BT43: Ничего | BU43: 4 | BV43: ни разу | BW43: прикольно, я достаточно осознанно подошёл к вопросу:) | BX43: Спасибо за ваши труды! Я пока раздолбай, но обещаю раскачаться=)
A44: 24.09.2018 21:32:43 | B44: М | C44: 28 | E44: It, продажи. | F44: Руководитель группы продаж | G44: Я еле-еле справляюсь с текучкой, но никак не могу приступить к чему-то долгосрочному | H44: Я время от времени могу делать заделы на будущее, но меньше, чем хочется | I44: Скорее верно | J44: Скорее верно | K44: Едва ли верно | L44: Едва ли верно | M44: Скорее верно | N44: Абсолютно верно | O44: Едва ли верно | P44: Скорее верно | Q44: Едва ли верно | R44: Скорее верно | S44: Иногда | T44: Никогда | U44: Иногда | V44: Достаточно часто, но иногда упускаю и забываю | W44: Крайне редко | X44: Никогда | Y44: Крайне редко | Z44: Иногда | AA44: Крайне редко | AB44: Иногда | AC44: Крайне редко | AD44: Иногда | AE44: Никогда | AF44: Достаточно часто, но иногда упускаю и забываю | AG44: Да | AH44: Да | AI44: Нуу... почти... | AJ44: Нет | AK44: Да | AL44: Нет | AM44: Нет | AN44: Нет | AO44: Да | AP44: Нет | AQ44: Никогда | AR44: Крайне редко | AS44: Иногда | AT44: Никогда | AU44: Крайне редко | AV44: Никогда | AW44: 5 | AY44: Нет и никогда не курил | AZ44: Время от времени | BA44: Не женат / не замужем | BB44: 0 | BC44: Слышал, но не вдавался в детали | BD44: Читал, изучал, но не проникся | BE44: Слышал, но не вдавался в детали | BF44: Читал, изучал, проникся, использую | BG44: Слышал, но не вдавался в детали | BH44: Не слышал | BI44: Редко | BJ44: Редко | BK44: Когда как, но не часто | BL44: Редко | BM44: Средненько так | BN44: Очень мало | BO44: Очень мало | BP44: Много | BQ44: Средненько так | BR44: Очень мало | BS44: Очень мало | BT44: Очень мало | BU44: 2 | BV44: ни разу | BW44: Чтение книг, Просмотр сериалов, Макс, чуть не обманул :)
A45: 24.09.2018 21:33:13 | B45: Ж | C45: 29 | E45: Продуктовый ритейл | F45: Тренинг-менеджер | G45: Я еле-еле справляюсь с текучкой, но никак не могу приступить к чему-то долгосрочному | H45: Я время от времени могу делать заделы на будущее, но меньше, чем хочется | I45: Абсолютно верно | J45: Абсолютно верно | K45: Скорее верно | L45: Едва ли верно | M45: Едва ли верно | N45: Абсолютно верно | O45: Скорее верно | P45: Скорее верно | Q45: Скорее верно | R45: Скорее верно | S45: Иногда | T45: Иногда | U45: Иногда | V45: Достаточно часто, но иногда упускаю и забываю | W45: Никогда | X45: Никогда | Y45: Достаточно часто, но иногда упускаю и забываю | Z45: Крайне редко | AA45: Иногда | AB45: Регулярно, системно и вообще я доволен тем, как часто это удается | AC45: Регулярно, системно и вообще я доволен тем, как часто это удается | AD45: Достаточно часто, но иногда упускаю и забываю | AE45: Достаточно часто, но иногда упускаю и забываю | AF45: Достаточно часто, но иногда упускаю и забываю | AG45: Нет | AH45: Да | AI45: Да | AJ45: Нет | AK45: Да | AL45: Да | AM45: Да | AN45: Да | AO45: Нет | AP45: Да | AQ45: Не редко, но хотелось бы чаще | AR45: Иногда | AS45: Не редко, но хотелось бы чаще | AT45: Иногда | AU45: Иногда | AV45: Не редко, но хотелось бы чаще | AW45: 6 | AX45: У меня есть дело за пределами работы, от которого меня искренне прет | AY45: Нет и никогда не курил | AZ45: Время от времени | BA45: Женат / замужем впервые | BB45: 0 | BC45: Слышал, но не вдавался в детали | BD45: Слышал, но не вдавался в детали | BE45: Слышал, но не вдавался в детали | BF45: Читал, изучал, проникся, использую | BG45: Не слышал | BH45: Не слышал | BI45: Редко | BJ45: Когда как, но не часто | BK45: Когда как, но не часто | BL45: Часто, но не всегда | BM45: Средненько так | BN45: Много | BO45: Много | BP45: ДОФИГИЩА! | BQ45: ДОФИГИЩА! | BR45: Много | BS45: Средненько так | BT45: Очень мало | BU45: 5 | BV45: 2-5 раз | BW45: Дорофеев, меня не обманешь | BX45: Интересный опрос. Буду рада вашей новой книге.
A46: 24.09.2018 21:34:46 | B46: М | C46: 31 | E46: разработка по | F46: программист | G46: Я вполне успешно продвигаюсь по своим долгосрочным планам. Если завалы и случаются, то не часто. | H46: Я не справляюсь даже с текучкой, все постоянно валится из рук или я уже забил на это все | I46: Абсолютно верно | J46: Скорее верно | K46: Абсолютно НЕ верно | L46: Абсолютно НЕ верно | M46: Едва ли верно | N46: Скорее верно | O46: Абсолютно верно | P46: Едва ли верно | Q46: Едва ли верно | R46: Едва ли верно | S46: Достаточно часто, но иногда упускаю и забываю | T46: Иногда | U46: Крайне редко | V46: Крайне редко | W46: Достаточно часто, но иногда упускаю и забываю | X46: Регулярно, системно и вообще я доволен тем, как часто это удается | Y46: Иногда | Z46: Крайне редко | AA46: Иногда | AB46: Крайне редко | AC46: Регулярно, системно и вообще я доволен тем, как часто это удается | AD46: Достаточно часто, но иногда упускаю и забываю | AE46: Достаточно часто, но иногда упускаю и забываю | AF46: Достаточно часто, но иногда упускаю и забываю | AG46: Да | AH46: Да | AI46: Да | AJ46: Нет | AK46: Да | AL46: Да | AM46: Да | AN46: Нет | AO46: Да | AP46: Нет | AQ46: Регулярно | AR46: Иногда | AS46: Иногда | AT46: Иногда | AU46: Крайне редко | AV46: Регулярно | AW46: 6 | AX46: У меня есть дело за пределами работы, от которого меня искренне прет | AY46: Курил, но бросил | AZ46: Редко и мало (2-3 раза в год) | BA46: Женат / замужем впервые | BB46: 0 | BC46: Читал, изучал, но не проникся | BD46: Читал, изучал, но не проникся | BE46: Читал, изучал, но не проникся | BF46: Читал, изучал, но не проникся | BG46: Не слышал | BH46: Читал, изучал, проникся, но не использую | BI46: Редко | BJ46: Редко | BK46: Редко | BL46: Редко | BM46: ДОФИГИЩА! | BN46: Очень мало | BO46: Много | BP46: ДОФИГИЩА! | BQ46: ДОФИГИЩА! | BR46: Очень мало | BS46: Очень мало | BT46: ДОФИГИЩА! | BU46: 4 | BV46: ни разу | BW46: Самообразование, играю в компьютерные игры, хожу на метал-концерты, увлекаюсь походами | BX46: После прочтения первой книги и применении практик в течение 3-х лет ощутил резко негативную для своей психики тенденцию: жизнь стала похоже на списки задач и разбитой на категории, благодаря чему потерял вкус к жизни и перестал жить в моменте "здесь и сейчас", чувствовать текущий момент. После осознавания этих последствий забросил всякие техники, все эти безумные списки и таблицы, сходил к психиатру и принимал какое-то время антидепрессанты с нейролептиками. Теперь восстанавливаюсь и стараюсь игнорировать любые техники и методики, которые воздействуют на моё собственное видение мира и личных ценностей.
A47: 24.09.2018 21:34:46 | B47: Ж | C47: 42 | G47: Я время от времени могу делать заделы на будущее, но меньше, чем хочется | H47: Я еле-еле справляюсь с текучкой, но никак не могу приступить к чему-то долгосрочному | I47: Скорее верно | J47: Скорее верно | K47: Скорее верно | L47: Едва ли верно | M47: Скорее верно | N47: Скорее верно | O47: Едва ли верно | P47: Скорее верно | Q47: Скорее верно | R47: Едва ли верно | S47: Иногда | T47: Иногда | U47: Достаточно часто, но иногда упускаю и забываю | V47: Крайне редко | W47: Никогда | X47: Достаточно часто, но иногда упускаю и забываю | Y47: Иногда | Z47: Иногда | AA47: Иногда | AB47: Регулярно, системно и вообще я доволен тем, как часто это удается | AC47: Регулярно, системно и вообще я доволен тем, как часто это удается | AD47: Никогда | AE47: Достаточно часто, но иногда упускаю и забываю | AF47: Никогда | AG47: Да | AH47: Нуу... почти... | AI47: Нуу... почти... | AJ47: Нет | AK47: Да | AL47: Нуу... почти... | AM47: Нет | AN47: Нет | AO47: Нет | AP47: Нет | AQ47: Крайне редко | AR47: Никогда | AS47: Иногда | AT47: Иногда | AU47: Крайне редко | AV47: Крайне редко | AW47: 6 | AX47: У меня есть дело за пределами работы, от которого меня искренне прет | AY47: Курю, но стараюсь бросить | AZ47: Время от времени | BA47: Женат / замужем не впервые | BB47: 1 | BC47: Не слышал | BD47: Не слышал | BE47: Не слышал | BF47: Слышал, но не вдавался в детали | BG47: Не слышал | BH47: Не слышал | BI47: Когда как, но не часто | BJ47: Часто, но не всегда | BK47: Да, постоянно | BL47: Часто, но не всегда | BM47: Средненько так | BN47: Средненько так | BO47: Очень мало | BP47: Ничего | BQ47: Очень мало | BR47: Много | BS47: Много | BT47: Ничего | BU47: 3 | BV47: 1-2 раза | BW47: +
A48: 24.09.2018 21:38:57 | B48: М | C48: 31 | E48: IT | F48: software engineer | G48: Я время от времени могу делать заделы на будущее, но меньше, чем хочется | H48: Я время от времени могу делать заделы на будущее, но меньше, чем хочется | I48: Абсолютно верно | J48: Скорее верно | K48: Едва ли верно | L48: Скорее верно | M48: Скорее верно | N48: Абсолютно верно | O48: Абсолютно верно | P48: Скорее верно | Q48: Скорее верно | R48: Скорее верно | S48: Крайне редко | T48: Достаточно часто, но иногда упускаю и забываю | U48: Регулярно, системно и вообще я доволен тем, как часто это удается | V48: Достаточно часто, но иногда упускаю и забываю | W48: Регулярно, системно и вообще я доволен тем, как часто это удается | X48: Регулярно, системно и вообще я доволен тем, как часто это удается | Y48: Достаточно часто, но иногда упускаю и забываю | Z48: Достаточно часто, но иногда упускаю и забываю | AA48: Достаточно часто, но иногда упускаю и забываю | AB48: Достаточно часто, но иногда упускаю и забываю | AC48: Достаточно часто, но иногда упускаю и забываю | AD48: Иногда | AE48: Достаточно часто, но иногда упускаю и забываю | AF48: Регулярно, системно и вообще я доволен тем, как часто это удается | AG48: Нуу... почти... | AH48: Да | AI48: Да | AJ48: Нет | AK48: Да | AL48: Нет | AM48: Нет | AN48: Да | AO48: Да | AP48: Да | AQ48: Не редко, но хотелось бы чаще | AR48: Не редко, но хотелось бы чаще | AS48: Иногда | AT48: Крайне редко | AU48: Не редко, но хотелось бы чаще | AV48: Не редко, но хотелось бы чаще | AW48: 6 | AY48: Нет и никогда не курил | AZ48: Регулярно, но в пределах разумного | BA48: Женат / замужем впервые | BB48: 1 | BC48: Слышал, но не вдавался в детали | BD48: Читал, изучал, но не проникся | BE48: Читал, изучал, проникся, но не использую | BF48: Читал, изучал, проникся, использую | BG48: Читал, изучал, проникся, использую | BH48: Не слышал | BI48: Редко | BJ48: Редко | BK48: Редко | BL48: Часто, но не всегда | BM48: Много | BN48: Очень мало | BO48: Очень мало | BP48: Средненько так | BQ48: Много | BR48: Очень мало | BS48: Средненько так | BT48: Ничего | BU48: 2 | BV48: ни разу | BW48: Я любил танцевать социальные танцы пока позволяло здоровье. В категорию музыка это отнести не могу, поскольку слишком сильно это на меня повлияло по сравнению с той музыкой, что я слушаю каждый день сейчас. То, чем я занимаю свое время сейчас, можно назвать предпринимательством а не хобби. | BX48: Спасибо за твои видео, Максим.
A49: 24.09.2018 21:42:42 | B49: М | C49: 37 | E49: Телеком/IT | F49: Директор | G49: Я время от времени могу делать заделы на будущее, но меньше, чем хочется | H49: Я еле-еле справляюсь с текучкой, но никак не могу приступить к чему-то долгосрочному | I49: Скорее верно | J49: Скорее верно | K49: Скорее верно | L49: Едва ли верно | M49: Скорее верно | N49: Абсолютно верно | O49: Скорее верно | P49: Скорее верно | Q49: Скорее верно | R49: Скорее верно | S49: Иногда | T49: Регулярно, системно и вообще я доволен тем, как часто это удается | U49: Иногда | V49: Иногда | W49: Крайне редко | X49: Никогда | Y49: Никогда | Z49: Никогда | AA49: Достаточно часто, но иногда упускаю и забываю | AB49: Регулярно, системно и вообще я доволен тем, как часто это удается | AC49: Никогда | AD49: Крайне редко | AE49: Крайне редко | AF49: Достаточно часто, но иногда упускаю и забываю | AG49: Да | AH49: Нуу... почти... | AI49: Нет | AJ49: Нет | AK49: Нет | AL49: Нет | AM49: Да | AN49: Нет | AO49: Нет | AP49: Нет | AQ49: Иногда | AR49: Иногда | AS49: Не редко, но хотелось бы чаще | AT49: Крайне редко | AU49: Никогда | AV49: Крайне редко | AW49: 5 | AY49: Курю не системно (могу неделями не курить, но иногда за компанию...) | AZ49: Регулярно, но в пределах разумного | BA49: Женат / замужем не впервые | BB49: 1 | BC49: Слышал, но не вдавался в детали | BD49: Читал, изучал, но не проникся | BE49: Слышал, но не вдавался в детали | BF49: Слышал, но не вдавался в детали | BG49: Читал, изучал, проникся, но не использую | BH49: Не слышал | BI49: Часто, но не всегда | BJ49: Часто, но не всегда | BK49: Когда как, но не часто | BL49: Часто, но не всегда | BM49: Много | BN49: Средненько так | BO49: Очень мало | BP49: Средненько так | BQ49: Много | BR49: Очень мало | BS49: Очень мало | BT49: Ничего | BU49: 3 | BV49: ни разу | BW49: Хехе | BX49: 🤘
A50: 24.09.2018 21:44:31 | B50: Ж | C50: 33 | E50: IT | F50: Senior Application Developer | G50: Я время от времени могу делать заделы на будущее, но меньше, чем хочется | H50: Я еле-еле справляюсь с текучкой, но никак не могу приступить к чему-то долгосрочному | I50: Абсолютно верно | J50: Абсолютно верно | K50: Абсолютно верно | L50: Скорее верно | M50: Скорее верно | N50: Скорее верно | O50: Абсолютно верно | P50: Абсолютно верно | Q50: Абсолютно верно | R50: Скорее верно | S50: Иногда | T50: Крайне редко | U50: Иногда | V50: Достаточно часто, но иногда упускаю и забываю | W50: Никогда | X50: Иногда | Y50: Иногда | Z50: Достаточно часто, но иногда упускаю и забываю | AA50: Достаточно часто, но иногда упускаю и забываю | AB50: Достаточно часто, но иногда упускаю и забываю | AC50: Крайне редко | AD50: Иногда | AE50: Крайне редко | AF50: Достаточно часто, но иногда упускаю и забываю | AG50: Да | AH50: Да | AI50: Да | AJ50: Нет | AK50: Нуу... почти... | AL50: Нуу... почти... | AM50: Да | AN50: Нет | AO50: Нет | AP50: Нуу... почти... | AQ50: Не редко, но хотелось бы чаще | AR50: Иногда | AS50: Иногда | AT50: Крайне редко | AU50: Иногда | AV50: Крайне редко | AW50: 3 | AX50: У меня есть дело за пределами работы, от которого меня искренне прет | AY50: Нет и никогда не курил | AZ50: Редко и мало (2-3 раза в год) | BA50: Женат / замужем впервые | BB50: 1 | BC50: Не слышал | BD50: Слышал, но не вдавался в детали | BE50: Слышал, но не вдавался в детали | BF50: Читал, изучал, проникся, но не использую | BG50: Не слышал | BH50: Не слышал | BI50: Часто, но не всегда | BJ50: Часто, но не всегда | BK50: Редко | BL50: Редко | BM50: Средненько так | BN50: Много | BO50: Много | BP50: ДОФИГИЩА! | BQ50: ДОФИГИЩА! | BR50: Очень мало | BS50: Очень мало | BT50: Очень мало | BU50: 1 | BV50: ни разу | BW50: А почему не обманешь? Мне здесь захотелось написать, что я люблю батониться с семьей | BX50: На самом деле заполняла уже второй твой опросник, и мне как-то странно было, потому что как раз меняю работу с жуткой отвратительной на неизвестную
A51: 24.09.2018 21:46:28 | B51: Ж | C51: 30 | E51: Академия | F51: Научный сотрудник | G51: Я время от времени могу делать заделы на будущее, но меньше, чем хочется | H51: Я время от времени могу делать заделы на будущее, но меньше, чем хочется | I51: Скорее верно | J51: Едва ли верно | K51: Скорее верно | L51: Абсолютно НЕ верно | M51: Скорее верно | N51: Скорее верно | O51: Едва ли верно | P51: Едва ли верно | Q51: Скорее верно | R51: Скорее верно | S51: Крайне редко | T51: Никогда | U51: Достаточно часто, но иногда упускаю и забываю | V51: Достаточно часто, но иногда упускаю и забываю | W51: Регулярно, системно и вообще я доволен тем, как часто это удается | X51: Крайне редко | Y51: Достаточно часто, но иногда упускаю и забываю | Z51: Крайне редко | AA51: Иногда | AB51: Крайне редко | AC51: Достаточно часто, но иногда упускаю и забываю | AD51: Регулярно, системно и вообще я доволен тем, как часто это удается | AE51: Крайне редко | AF51: Достаточно часто, но иногда упускаю и забываю | AG51: Да | AH51: Да | AI51: Нуу... почти... | AJ51: Да | AK51: Нет | AL51: Нет | AM51: Нет | AN51: Нет | AO51: Нуу... почти... | AP51: Да | AQ51: Не редко, но хотелось бы чаще | AR51: Крайне редко | AS51: Регулярно | AT51: Крайне редко | AU51: Иногда | AV51: Не редко, но хотелось бы чаще | AW51: 5 | AY51: Нет и никогда не курил | AZ51: Время от времени | BA51: Женат / замужем впервые | BB51: 1 | BC51: Слышал, но не вдавался в детали | BD51: Не слышал | BE51: Слышал, но не вдавался в детали | BF51: ...и еще горячо насаживаю всем окружающим | BG51: Не слышал | BH51: Не слышал | BI51: Часто, но не всегда | BJ51: Когда как, но не часто | BK51: Да, постоянно | BL51: Да, постоянно | BM51: Ничего | BN51: Очень мало | BO51: Очень мало | BP51: Много | BQ51: Много | BR51: Средненько так | BS51: Ничего | BT51: Средненько так | BU51: 0 | BV51: ни разу | BW51: Oh come on
A52: 24.09.2018 21:46:29 | B52: Ж | C52: 60 | E52: высшее образование; образование | F52: преподаватель (тьютор, коуч) | G52: Я еле-еле справляюсь с текучкой, но никак не могу приступить к чему-то долгосрочному | H52: Я еле-еле справляюсь с текучкой, но никак не могу приступить к чему-то долгосрочному | I52: Абсолютно верно | J52: Скорее верно | K52: Абсолютно НЕ верно | L52: Едва ли верно | M52: Едва ли верно | N52: Скорее верно | O52: Едва ли верно | P52: Едва ли верно | Q52: Абсолютно НЕ верно | R52: Абсолютно НЕ верно | S52: Достаточно часто, но иногда упускаю и забываю | T52: Достаточно часто, но иногда упускаю и забываю | U52: Крайне редко | V52: Иногда | W52: Никогда | X52: Регулярно, системно и вообще я доволен тем, как часто это удается | Y52: Достаточно часто, но иногда упускаю и забываю | Z52: Никогда | AA52: Достаточно часто, но иногда упускаю и забываю | AB52: Иногда | AC52: Иногда | AD52: Крайне редко | AE52: Крайне редко | AF52: Крайне редко | AG52: Нет | AH52: Нет | AI52: Да | AJ52: Нет | AK52: Да | AL52: Нет | AM52: Нет | AN52: Нет | AO52: Нет | AP52: Да | AQ52: Крайне редко | AR52: Крайне редко | AS52: Регулярно | AT52: Регулярно | AU52: Иногда | AV52: Крайне редко | AW52: 7 | AY52: Курил, но бросил | AZ52: Вообще не пью | BA52: Женат / замужем не впервые | BB52: 1 | BC52: Читал, изучал, проникся, но не использую | BD52: Читал, изучал, проникся, но не использую | BE52: Читал, изучал, проникся, но не использую | BF52: Читал, изучал, проникся, но не использую | BG52: Читал, изучал, проникся, но не использую | BH52: Читал, изучал, проникся, но не использую | BI52: Да, постоянно | BJ52: Да, постоянно | BK52: Да, постоянно | BL52: Да, постоянно | BM52: Средненько так | BN52: Много | BO52: Средненько так | BP52: Много | BQ52: Средненько так | BR52: Средненько так | BS52: Средненько так | BT52: Средненько так | BU52: 2 | BV52: ни разу | BW52: Чтение книг, Самообразование, Музыка, йога, прогулки с собаками. | BX52: Спасибо!
A53: 24.09.2018 21:47:27 | B53: М | C53: 32 | E53: IT | F53: главный специалист | G53: Я время от времени могу делать заделы на будущее, но меньше, чем хочется | H53: Я время от времени могу делать заделы на будущее, но меньше, чем хочется | I53: Скорее верно | J53: Скорее верно | K53: Скорее верно | L53: Скорее верно | M53: Скорее верно | N53: Скорее верно | O53: Скорее верно | P53: Скорее верно | Q53: Скорее верно | R53: Скорее верно | S53: Достаточно часто, но иногда упускаю и забываю | T53: Иногда | U53: Достаточно часто, но иногда упускаю и забываю | V53: Регулярно, системно и вообще я доволен тем, как часто это удается | W53: Достаточно часто, но иногда упускаю и забываю | X53: Регулярно, системно и вообще я доволен тем, как часто это удается | Y53: Регулярно, системно и вообще я доволен тем, как часто это удается | Z53: Регулярно, системно и вообще я доволен тем, как часто это удается | AA53: Достаточно часто, но иногда упускаю и забываю | AB53: Регулярно, системно и вообще я доволен тем, как часто это удается | AC53: Регулярно, системно и вообще я доволен тем, как часто это удается | AD53: Достаточно часто, но иногда упускаю и забываю | AE53: Иногда | AF53: Достаточно часто, но иногда упускаю и забываю | AG53: Да | AH53: Да | AI53: Да | AJ53: Да | AK53: Нуу... почти... | AL53: Нет | AM53: Да | AN53: Нуу... почти... | AO53: Да | AP53: Да | AQ53: Не редко, но хотелось бы чаще | AR53: Регулярно | AS53: Крайне редко | AT53: Крайне редко | AU53: Не редко, но хотелось бы чаще | AV53: Не редко, но хотелось бы чаще | AW53: 6 | AY53: Нет и никогда не курил | AZ53: Время от времени | BA53: Женат / замужем впервые | BB53: 1 | BC53: Читал, изучал, проникся, но не использую | BD53: Читал, изучал, проникся, но не использую | BE53: Читал, изучал, проникся, но не использую | BF53: Читал, изучал, проникся, использую | BG53: Читал, изучал, но не проникся | BH53: Читал, изучал, но не проникся | BI53: Редко | BJ53: Редко | BK53: Когда как, но не часто | BL53: Когда как, но не часто | BM53: Очень мало | BN53: Средненько так | BO53: Средненько так | BP53: Много | BQ53: Средненько так | BR53: Средненько так | BS53: Средненько так | BT53: Очень мало | BU53: 1 | BV53: ни разу | BW53: Чтение книг, Самообразование, Музыка
A54: 24.09.2018 21:47:44 | B54: Ж | C54: 42 | E54: софт | F54: аккаунт-менеджер/ техподдержка | G54: Все происходит легко и естественно, кажется, что даже не приходится напрягаться, чтобы достигать того, к чему я стремлюсь | H54: Я не справляюсь даже с текучкой, все постоянно валится из рук или я уже забил на это все | I54: Абсолютно верно | J54: Абсолютно верно | K54: Скорее верно | L54: Скорее верно | M54: Абсолютно верно | N54: Абсолютно верно | O54: Едва ли верно | P54: Абсолютно верно | Q54: Скорее верно | R54: Скорее верно | S54: Никогда | T54: Никогда | U54: Крайне редко | V54: Регулярно, системно и вообще я доволен тем, как часто это удается | W54: Крайне редко | X54: Никогда | Y54: Достаточно часто, но иногда упускаю и забываю | Z54: Иногда | AA54: Крайне редко | AB54: Крайне редко | AC54: Никогда | AD54: Иногда | AE54: Никогда | AF54: Иногда | AG54: Нет | AH54: Да | AI54: Да | AJ54: Нет | AK54: Да | AL54: Нет | AM54: Нет | AN54: Нет | AO54: Нет | AP54: Нет | AQ54: Регулярно | AR54: Регулярно | AS54: Крайне редко | AT54: Никогда | AU54: Регулярно | AV54: Регулярно | AW54: 7 | AY54: Нет и никогда не курил | AZ54: Редко и мало (2-3 раза в год) | BA54: Женат / замужем впервые | BB54: 0 | BC54: Слышал, но не вдавался в детали | BD54: Слышал, но не вдавался в детали | BE54: Слышал, но не вдавался в детали | BF54: Читал, изучал, проникся, но не использую | BG54: Не слышал | BH54: Не слышал | BI54: Редко | BJ54: Когда как, но не часто | BK54: Когда как, но не часто | BL54: Да, постоянно | BM54: Очень мало | BN54: Ничего | BO54: Очень мало | BP54: Средненько так | BQ54: Очень мало | BR54: Ничего | BS54: Ничего | BT54: Очень мало | BU54: 2 | BV54: ни разу | BW54: Чтение книг, Самообразование, зал, велосипед
A55: 24.09.2018 21:51:32 | B55: М | C55: 26 | E55: финансы | F55: аналитик | G55: Я время от времени могу делать заделы на будущее, но меньше, чем хочется | H55: Я еле-еле справляюсь с текучкой, но никак не могу приступить к чему-то долгосрочному | I55: Скорее верно | J55: Скорее верно | K55: Скорее верно | L55: Абсолютно НЕ верно | M55: Едва ли верно | N55: Скорее верно | O55: Едва ли верно | P55: Едва ли верно | Q55: Едва ли верно | R55: Скорее верно | S55: Крайне редко | T55: Иногда | U55: Достаточно часто, но иногда упускаю и забываю | V55: Регулярно, системно и вообще я доволен тем, как часто это удается | W55: Регулярно, системно и вообще я доволен тем, как часто это удается | X55: Регулярно, системно и вообще я доволен тем, как часто это удается | Y55: Достаточно часто, но иногда упускаю и забываю | Z55: Регулярно, системно и вообще я доволен тем, как часто это удается | AA55: Крайне редко | AB55: Иногда | AC55: Регулярно, системно и вообще я доволен тем, как часто это удается | AD55: Иногда | AE55: Иногда | AF55: Достаточно часто, но иногда упускаю и забываю | AG55: Да | AH55: Да | AI55: Да | AJ55: Да | AK55: Да | AL55: Нуу... почти... | AM55: Нет | AN55: Нет | AO55: Да | AP55: Нет | AQ55: Иногда | AR55: Иногда | AS55: Иногда | AT55: Крайне редко | AU55: Крайне редко | AV55: Никогда | AW55: 5 | AY55: Нет и никогда не курил | AZ55: Вообще не пью | BA55: Не женат / не замужем | BB55: 0 | BC55: Не слышал | BD55: Слышал, но не вдавался в детали | BE55: Слышал, но не вдавался в детали | BF55: ...и еще горячо насаживаю всем окружающим | BG55: Не слышал | BH55: Не слышал | BI55: Часто, но не всегда | BJ55: Редко | BK55: Когда как, но не часто | BL55: Да, постоянно | BM55: Средненько так | BN55: Средненько так | BO55: Ничего | BP55: Много | BQ55: Очень мало | BR55: Средненько так | BS55: Много | BT55: Очень мало | BU55: 1 | BV55: ни разу | BW55: Дорофеев, подлый трус, меня не обманешь
A56: 24.09.2018 21:52:55 | B56: М | C56: 32 | E56: gamedev | F56: ведущий серверный разработчик | G56: Я вполне успешно продвигаюсь по своим долгосрочным планам. Если завалы и случаются, то не часто. | H56: Я вполне успешно продвигаюсь по своим долгосрочным планам. Если завалы и случаются, то не часто. | I56: Скорее верно | J56: Абсолютно верно | K56: Скорее верно | L56: Скорее верно | M56: Абсолютно верно | N56: Абсолютно верно | O56: Абсолютно верно | P56: Абсолютно верно | Q56: Скорее верно | R56: Абсолютно верно | S56: Достаточно часто, но иногда упускаю и забываю | T56: Иногда | U56: Регулярно, системно и вообще я доволен тем, как часто это удается | V56: Регулярно, системно и вообще я доволен тем, как часто это удается | W56: Никогда | X56: Крайне редко | Y56: Достаточно часто, но иногда упускаю и забываю | Z56: Достаточно часто, но иногда упускаю и забываю | AA56: Достаточно часто, но иногда упускаю и забываю | AB56: Достаточно часто, но иногда упускаю и забываю | AC56: Регулярно, системно и вообще я доволен тем, как часто это удается | AD56: Иногда | AE56: Иногда | AF56: Достаточно часто, но иногда упускаю и забываю | AG56: Нуу... почти... | AH56: Нет | AI56: Да | AJ56: Нет | AK56: Да | AL56: Нет | AM56: Нет | AN56: Нет | AO56: Нет | AP56: Нет | AQ56: Регулярно | AR56: Не редко, но хотелось бы чаще | AS56: Иногда | AT56: Регулярно | AU56: Регулярно | AV56: Иногда | AW56: 4 | AX56: У меня есть дело за пределами работы, от которого меня искренне прет | AY56: Нет и никогда не курил | AZ56: Регулярно, но в пределах разумного | BA56: Женат / замужем впервые | BB56: 0 | BC56: Не слышал | BD56: Не слышал | BE56: Слышал, но не вдавался в детали | BF56: Слышал, но не вдавался в детали | BG56: Не слышал | BH56: Не слышал | BI56: Часто, но не всегда | BJ56: Да, постоянно | BK56: Когда как, но не часто | BL56: Когда как, но не часто | BM56: Средненько так | BN56: Средненько так | BO56: Ничего | BP56: Очень мало | BQ56: Очень мало | BR56: Средненько так | BS56: Ничего | BT56: Очень мало | BU56: 2 | BV56: ни разу | BW56: Дорофеев, меня не обманешь
A57: 24.09.2018 21:57:34 | B57: Ж | C57: 34 | E57: IT | F57: Сотрудник службы поддержки | G57: Я еле-еле справляюсь с текучкой, но никак не могу приступить к чему-то долгосрочному | H57: Я время от времени могу делать заделы на будущее, но меньше, чем хочется | I57: Скорее верно | J57: Едва ли верно | K57: Едва ли верно | L57: Едва ли верно | M57: Скорее верно | N57: Скорее верно | O57: Едва ли верно | P57: Абсолютно НЕ верно | Q57: Абсолютно НЕ верно | R57: Скорее верно | S57: Крайне редко | T57: Крайне редко | U57: Крайне редко | V57: Достаточно часто, но иногда упускаю и забываю | W57: Крайне редко | X57: Крайне редко | Y57: Иногда | Z57: Крайне редко | AA57: Иногда | AB57: Достаточно часто, но иногда упускаю и забываю | AC57: Достаточно часто, но иногда упускаю и забываю | AD57: Крайне редко | AE57: Никогда | AF57: Иногда | AG57: Нуу... почти... | AH57: Нет | AI57: Нет | AJ57: Нет | AK57: Нет | AL57: Нет | AM57: Да | AN57: Да | AO57: Нет | AP57: Да | AQ57: Не редко, но хотелось бы чаще | AR57: Регулярно | AS57: Не редко, но хотелось бы чаще | AT57: Иногда | AU57: Не редко, но хотелось бы чаще | AV57: Иногда | AW57: 6 | AX57: У меня есть дело за пределами работы, от которого меня искренне прет | AY57: Курю не системно (могу неделями не курить, но иногда за компанию...) | AZ57: Время от времени | BA57: Не женат / не замужем | BB57: 0 | BC57: Слышал, но не вдавался в детали | BD57: Слышал, но не вдавался в детали | BE57: Читал, изучал, проникся, но не использую | BF57: Читал, изучал, проникся, использую | BG57: Читал, изучал, но не проникся | BH57: Не слышал | BI57: Да, постоянно | BJ57: Да, постоянно | BK57: Да, постоянно | BL57: Да, постоянно | BM57: Много | BN57: Очень мало | BO57: Ничего | BP57: Очень мало | BQ57: ДОФИГИЩА! | BR57: Много | BS57: Средненько так | BT57: Очень мало | BU57: 4 | BV57: ни разу | BW57: Спасибо за книгу :) | BX57: См. выше)
A58: 24.09.2018 21:59:00 | B58: М | C58: 50 | E58: Образование | F58: Препод | G58: Я еле-еле справляюсь с текучкой, но никак не могу приступить к чему-то долгосрочному | H58: Я еле-еле справляюсь с текучкой, но никак не могу приступить к чему-то долгосрочному | I58: Едва ли верно | J58: Едва ли верно | K58: Едва ли верно | L58: Абсолютно НЕ верно | M58: Скорее верно | N58: Скорее верно | O58: Едва ли верно | P58: Едва ли верно | Q58: Абсолютно НЕ верно | R58: Едва ли верно | S58: Никогда | T58: Никогда | U58: Никогда | V58: Иногда | W58: Никогда | X58: Достаточно часто, но иногда упускаю и забываю | Y58: Крайне редко | Z58: Крайне редко | AA58: Крайне редко | AB58: Достаточно часто, но иногда упускаю и забываю | AC58: Крайне редко | AD58: Крайне редко | AE58: Крайне редко | AF58: Иногда | AG58: Нуу... почти... | AH58: Да | AI58: Да | AJ58: Нет | AK58: Да | AL58: Да | AM58: Да | AN58: Нет | AO58: Да | AP58: Нет | AQ58: Иногда | AR58: Иногда | AS58: Никогда | AT58: Регулярно | AU58: Не редко, но хотелось бы чаще | AV58: Иногда | AW58: 7 | AX58: У меня есть дело за пределами работы, от которого меня искренне прет | AY58: Курил, но бросил | AZ58: Редко и мало (2-3 раза в год) | BA58: Женат / замужем не впервые | BB58: 1 | BC58: Не слышал | BD58: Не слышал | BE58: Читал, изучал, проникся, но не использую | BF58: Читал, изучал, проникся, но не использую | BG58: Не слышал | BH58: Не слышал | BI58: Когда как, но не часто | BJ58: Часто, но не всегда | BK58: Часто, но не всегда | BL58: Когда как, но не часто | BM58: Ничего | BN58: Ничего | BO58: Ничего | BP58: Очень мало | BQ58: Очень мало | BR58: Ничего | BS58: Очень мало | BT58: Очень мало | BU58: 3 | BV58: 1-2 раза | BW58: важным делом занимаетесь, спасибо ) | BX58: Если что вспомню, напишу в ЖЖ
A59: 24.09.2018 22:05:56 | B59: М | C59: 35 | E59: IT | F59: инженер-программист | G59: Я еле-еле справляюсь с текучкой, но никак не могу приступить к чему-то долгосрочному | H59: Я не справляюсь даже с текучкой, все постоянно валится из рук или я уже забил на это все | I59: Абсолютно верно | J59: Абсолютно НЕ верно | K59: Абсолютно НЕ верно | L59: Едва ли верно | M59: Скорее верно | N59: Абсолютно верно | O59: Скорее верно | P59: Скорее верно | Q59: Скорее верно | R59: Абсолютно НЕ верно | S59: Крайне редко | T59: Никогда | U59: Достаточно часто, но иногда упускаю и забываю | V59: Достаточно часто, но иногда упускаю и забываю | W59: Иногда | X59: Крайне редко | Y59: Достаточно часто, но иногда упускаю и забываю | Z59: Крайне редко | AA59: Никогда | AB59: Иногда | AC59: Иногда | AD59: Крайне редко | AE59: Иногда | AF59: Иногда | AG59: Да | AH59: Да | AI59: Да | AJ59: Нет | AK59: Нет | AL59: Нет | AM59: Нет | AN59: Нет | AO59: Да | AP59: Нуу... почти... | AQ59: Не редко, но хотелось бы чаще | AR59: Не редко, но хотелось бы чаще | AS59: Крайне редко | AT59: Крайне редко | AU59: Иногда | AV59: Крайне редко | AW59: 3 | AY59: Курю, но стараюсь бросить | AZ59: Время от времени | BA59: Женат / замужем впервые | BB59: 1 | BC59: Не слышал | BD59: Читал, изучал, проникся, но не использую | BE59: Читал, изучал, но не проникся | BF59: Читал, изучал, проникся, использую | BG59: Не слышал | BH59: Не слышал | BI59: Редко | BJ59: Когда как, но не часто | BK59: Да, постоянно | BL59: Редко | BM59: Очень мало | BN59: Очень мало | BO59: Много | BP59: Ничего | BQ59: Много | BR59: ДОФИГИЩА! | BS59: Очень мало | BT59: Ничего | BU59: 2 | BV59: ни разу | BW59: глаза на месте, не отвел :) | BX59: Привет, Максим, я проникся джедайской методикой, и вроде как использую, но блин, продалбываю даже её. Какое-то странное ощущение отсутствия желания действовать при наличии хотелок. Зациклился. Моя обезьянка, я чувствую, скоро панического монстра бояться перестанет. Прошу, порекомендуйте хорошую методику выхода из состояния витания в облаках несбывшихся хотелок при отсутствии целей и стремления их достигать. Спасибо! Поразмыслив, добавлю. Все методики, с которыми я работал, в том числе джедайская, на первых этапах дают отличный результат, но по каким-то странным причинам, постепенно наскучивают. Теории в голове огромная уйма, а практика даже не хромает, а ползет... Субъективно я бы оценил степень своей прокрастинации на 8,5 баллов, где 10 - это полностью бесполезные действия. И это саморазрушение с чувством вины и ненавистью к себе - ужасно.
A60: 24.09.2018 22:07:29 | B60: Ж | C60: 30 | E60: Проектирование сетей связи | F60: Менеджер проектов | G60: Я вполне успешно продвигаюсь по своим долгосрочным планам. Если завалы и случаются, то не часто. | H60: Я вполне успешно продвигаюсь по своим долгосрочным планам. Если завалы и случаются, то не часто. | I60: Скорее верно | J60: Скорее верно | K60: Едва ли верно | L60: Скорее верно | M60: Скорее верно | N60: Скорее верно | O60: Скорее верно | P60: Едва ли верно | Q60: Едва ли верно | R60: Скорее верно | S60: Иногда | T60: Иногда | U60: Регулярно, системно и вообще я доволен тем, как часто это удается | V60: Регулярно, системно и вообще я доволен тем, как часто это удается | W60: Никогда | X60: Никогда | Y60: Иногда | Z60: Иногда | AA60: Достаточно часто, но иногда упускаю и забываю | AB60: Достаточно часто, но иногда упускаю и забываю | AC60: Иногда | AD60: Иногда | AE60: Иногда | AF60: Иногда | AG60: Да | AH60: Да | AI60: Да | AJ60: Нет | AK60: Нуу... почти... | AL60: Да | AM60: Да | AN60: Да | AO60: Да | AP60: Нет | AQ60: Не редко, но хотелось бы чаще | AR60: Регулярно | AS60: Регулярно | AT60: Иногда | AU60: Иногда | AV60: Не редко, но хотелось бы чаще | AW60: 5 | AX60: У меня есть дело за пределами работы, от которого меня искренне прет | AY60: Нет и никогда не курил | AZ60: Редко и мало (2-3 раза в год) | BA60: Женат / замужем не впервые | BB60: 0 | BC60: Слышал, но не вдавался в детали | BD60: Слышал, но не вдавался в детали | BE60: Читал, изучал, но не проникся | BF60: Читал, изучал, проникся, использую | BG60: Не слышал | BH60: Не слышал | BI60: Редко | BJ60: Редко | BK60: Редко | BL60: Да, постоянно | BM60: Очень мало | BN60: Средненько так | BO60: Средненько так | BP60: ДОФИГИЩА! | BQ60: ДОФИГИЩА! | BR60: Много | BS60: Очень мало | BT60: Очень мало | BU60: 0 | BV60: ни разу | BW60: Чтение книг, Просмотр сериалов, Самообразование, Рисование, Учу языки, рисую, путешествую
A61: 24.09.2018 22:14:36 | B61: Ж | C61: 31 | E61: IT | F61: Программист , консультант второго уровня поддержки | G61: Я еле-еле справляюсь с текучкой, но никак не могу приступить к чему-то долгосрочному | H61: Я не справляюсь даже с текучкой, все постоянно валится из рук или я уже забил на это все | I61: Едва ли верно | J61: Абсолютно НЕ верно | K61: Скорее верно | L61: Едва ли верно | M61: Едва ли верно | N61: Скорее верно | O61: Едва ли верно | P61: Скорее верно | Q61: Скорее верно | R61: Едва ли верно | S61: Иногда | T61: Иногда | U61: Никогда | V61: Никогда | W61: Регулярно, системно и вообще я доволен тем, как часто это удается | X61: Иногда | Y61: Никогда | Z61: Никогда | AA61: Крайне редко | AB61: Регулярно, системно и вообще я доволен тем, как часто это удается | AC61: Никогда | AD61: Крайне редко | AE61: Никогда | AF61: Никогда | AG61: Нуу... почти... | AH61: Да | AI61: Да | AJ61: Нет | AK61: Нуу... почти... | AL61: Нуу... почти... | AM61: Да | AN61: Да | AO61: Нет | AP61: Нет | AQ61: Регулярно | AR61: Не редко, но хотелось бы чаще | AS61: Иногда | AT61: Крайне редко | AU61: Регулярно | AV61: Не редко, но хотелось бы чаще | AW61: 5 | AX61: У меня есть дело за пределами работы, от которого меня искренне прет | AY61: Нет и никогда не курил | AZ61: Редко и мало (2-3 раза в год) | BA61: Не женат / не замужем | BB61: 0 | BC61: Читал, изучал, проникся, но не использую | BD61: Читал, изучал, но не проникся | BE61: Читал, изучал, проникся, использую | BF61: Читал, изучал, проникся, использую | BG61: Слышал, но не вдавался в детали | BH61: Слышал, но не вдавался в детали | BI61: Да, постоянно | BJ61: Да, постоянно | BK61: Часто, но не всегда | BL61: Часто, но не всегда | BM61: Ничего | BN61: Ничего | BO61: Средненько так | BP61: Много | BQ61: Много | BR61: Средненько так | BS61: Очень мало | BT61: Средненько так | BU61: 2 | BV61: ни разу | BW61: Самообразование, Йога нидра, медитация, ин.языки, уборка дома, японские кроссворды, прогулки на свежем воздухе. | BX61: Страницу 3 заполнила совсем от балды. Непонятно совсем о каких ситуациях речь. Вот внезапная командировка в восточно европейский город это сложная ситуация? Или гости через 5 минут, звонят говорят что придут? А участие в подготовке фестиваля считается? В общем мне было непонятно заполнял не просто от балды а методом тыка в супер прямом смысле. В остальном спасибо. В очередной рабочий задумалась про срочное и важное. Когда нибудь может и руки дойдут что то с этим сделать. Упс, телефон бздынкнул первый раз за опрос , но я не полезла проверять, честно-честно. Максим, спасибо.
A62: 24.09.2018 22:15:18 | B62: М | C62: 38 | E62: языковые услуги (перевод, редактура, корректура и пр.) | F62: директор | G62: Я время от времени могу делать заделы на будущее, но меньше, чем хочется | H62: Я вполне успешно продвигаюсь по своим долгосрочным планам. Если завалы и случаются, то не часто. | I62: Скорее верно | J62: Едва ли верно | K62: Едва ли верно | L62: Скорее верно | M62: Скорее верно | N62: Скорее верно | O62: Скорее верно | P62: Скорее верно | Q62: Скорее верно | R62: Абсолютно верно | S62: Крайне редко | T62: Регулярно, системно и вообще я доволен тем, как часто это удается | U62: Регулярно, системно и вообще я доволен тем, как часто это удается | V62: Достаточно часто, но иногда упускаю и забываю | W62: Никогда | X62: Крайне редко | Y62: Иногда | Z62: Никогда | AA62: Иногда | AB62: Иногда | AC62: Крайне редко | AD62: Иногда | AE62: Достаточно часто, но иногда упускаю и забываю | AF62: Достаточно часто, но иногда упускаю и забываю | AG62: Нет | AH62: Нет | AI62: Да | AJ62: Нет | AK62: Нет | AL62: Нет | AM62: Нет | AN62: Нет | AO62: Да | AP62: Да | AQ62: Не редко, но хотелось бы чаще | AR62: Регулярно | AS62: Не редко, но хотелось бы чаще | AT62: Крайне редко | AU62: Не редко, но хотелось бы чаще | AV62: Регулярно | AW62: 5 | AX62: У меня есть дело за пределами работы, от которого меня искренне прет | AY62: Нет и никогда не курил | AZ62: Время от времени | BA62: Разведен | BB62: 0 | BC62: Не слышал | BD62: Читал, изучал, но не проникся | BE62: Не слышал | BF62: ...и еще горячо насаживаю всем окружающим | BG62: Не слышал | BH62: Не слышал | BI62: Редко | BJ62: Когда как, но не часто | BK62: Когда как, но не часто | BL62: Да, постоянно | BM62: Много | BN62: Средненько так | BO62: Ничего | BP62: ДОФИГИЩА! | BQ62: ДОФИГИЩА! | BR62: Много | BS62: Ничего | BT62: Очень мало | BU62: 3 | BV62: ни разу | BW62: Настольные игры (Дорофеев, меня не обманешь!) | BX62: Очень понравилась первая книга. Купил всем сотрудникам в компании! Жду вторую. Надеюсь, сиквел не подведет ;)
A63: 24.09.2018 22:21:12 | B63: М | C63: 38 | E63: It | F63: Delivery Manager | G63: Я время от времени могу делать заделы на будущее, но меньше, чем хочется | H63: Я время от времени могу делать заделы на будущее, но меньше, чем хочется | I63: Скорее верно | J63: Скорее верно | K63: Абсолютно НЕ верно | L63: Едва ли верно | M63: Скорее верно | N63: Скорее верно | O63: Едва ли верно | P63: Едва ли верно | Q63: Скорее верно | R63: Скорее верно | S63: Крайне редко | T63: Иногда | U63: Достаточно часто, но иногда упускаю и забываю | V63: Достаточно часто, но иногда упускаю и забываю | W63: Иногда | X63: Крайне редко | Y63: Достаточно часто, но иногда упускаю и забываю | Z63: Достаточно часто, но иногда упускаю и забываю | AA63: Иногда | AB63: Иногда | AC63: Достаточно часто, но иногда упускаю и забываю | AD63: Иногда | AE63: Иногда | AF63: Достаточно часто, но иногда упускаю и забываю | AG63: Да | AH63: Да | AI63: Да | AJ63: Нет | AK63: Нет | AL63: Да | AM63: Да | AN63: Нет | AO63: Нет | AP63: Да | AQ63: Регулярно | AR63: Иногда | AS63: Не редко, но хотелось бы чаще | AT63: Крайне редко | AU63: Иногда | AV63: Не редко, но хотелось бы чаще | AW63: 5 | AX63: У меня есть дело за пределами работы, от которого меня искренне прет | AY63: Курю не системно (могу неделями не курить, но иногда за компанию...) | AZ63: Редко и мало (2-3 раза в год) | BA63: Женат / замужем не впервые | BB63: 1 | BC63: Слышал, но не вдавался в детали | BD63: Читал, изучал, но не проникся | BE63: Читал, изучал, проникся, но не использую | BF63: Слышал, но не вдавался в детали | BG63: Не слышал | BH63: Не слышал | BI63: Часто, но не всегда | BJ63: Часто, но не всегда | BK63: Когда как, но не часто | BL63: Когда как, но не часто | BM63: Очень мало | BN63: Средненько так | BO63: Средненько так | BP63: Много | BQ63: Средненько так | BR63: Средненько так | BS63: Очень мало | BT63: Ничего | BU63: 2 | BV63: ни разу | BW63: Гольф :)
A64: 24.09.2018 22:21:15 | B64: Ж | C64: 33 | E64: IT | F64: Фронтэнд-разработчик | G64: Я вполне успешно продвигаюсь по своим долгосрочным планам. Если завалы и случаются, то не часто. | H64: Я вполне успешно продвигаюсь по своим долгосрочным планам. Если завалы и случаются, то не часто. | I64: Абсолютно верно | J64: Скорее верно | K64: Скорее верно | L64: Скорее верно | M64: Абсолютно верно | N64: Абсолютно верно | O64: Абсолютно верно | P64: Абсолютно верно | Q64: Едва ли верно | R64: Скорее верно | S64: Иногда | T64: Крайне редко | U64: Достаточно часто, но иногда упускаю и забываю | V64: Регулярно, системно и вообще я доволен тем, как часто это удается | W64: Никогда | X64: Крайне редко | Y64: Иногда | Z64: Иногда | AA64: Регулярно, системно и вообще я доволен тем, как часто это удается | AB64: Регулярно, системно и вообще я доволен тем, как часто это удается | AC64: Иногда | AD64: Достаточно часто, но иногда упускаю и забываю | AE64: Достаточно часто, но иногда упускаю и забываю | AF64: Иногда | AG64: Нуу... почти... | AH64: Да | AI64: Да | AJ64: Нет | AK64: Да | AL64: Да | AM64: Нет | AN64: Нет | AO64: Да | AP64: Да | AQ64: Не редко, но хотелось бы чаще | AR64: Иногда | AS64: Регулярно | AT64: Не редко, но хотелось бы чаще | AU64: Регулярно | AV64: Не редко, но хотелось бы чаще | AW64: 7 | AX64: У меня есть дело за пределами работы, от которого меня искренне прет | AY64: Нет и никогда не курил | AZ64: Регулярно, но в пределах разумного | BA64: Женат / замужем впервые | BB64: 0 | BC64: Не слышал | BD64: Слышал, но не вдавался в детали | BE64: Не слышал | BF64: ...и еще горячо насаживаю всем окружающим | BG64: Не слышал | BH64: Не слышал | BI64: Никогда или очень редко | BJ64: Никогда или очень редко | BK64: Редко | BL64: Редко | BM64: Средненько так | BN64: Очень мало | BO64: Ничего | BP64: Средненько так | BQ64: Средненько так | BR64: Очень мало | BS64: Очень мало | BT64: Очень мало | BU64: 1 | BV64: ни разу | BW64: забавно )) дочитала | BX64: Спасибо вам, моя жизнь стала лучше, спокойней и прекрасней после применения методов "Джедайских техник". Я даже сходила к стоматологу!
A65: 24.09.2018 22:21:52 | B65: Ж | C65: 36 | E65: Дизайн | F65: Стоковый иллюстратор | G65: Я время от времени могу делать заделы на будущее, но меньше, чем хочется | H65: Я время от времени могу делать заделы на будущее, но меньше, чем хочется | I65: Скорее верно | J65: Скорее верно | K65: Едва ли верно | L65: Едва ли верно | M65: Скорее верно | N65: Скорее верно | O65: Едва ли верно | P65: Скорее верно | Q65: Едва ли верно | R65: Скорее верно | S65: Крайне редко | T65: Иногда | U65: Достаточно часто, но иногда упускаю и забываю | V65: Достаточно часто, но иногда упускаю и забываю | W65: Крайне редко | X65: Регулярно, системно и вообще я доволен тем, как часто это удается | Y65: Иногда | Z65: Достаточно часто, но иногда упускаю и забываю | AA65: Иногда | AB65: Иногда | AC65: Крайне редко | AD65: Достаточно часто, но иногда упускаю и забываю | AE65: Достаточно часто, но иногда упускаю и забываю | AF65: Достаточно часто, но иногда упускаю и забываю | AG65: Нуу... почти... | AH65: Да | AI65: Нуу... почти... | AJ65: Нет | AK65: Да | AL65: Нуу... почти... | AM65: Нет | AN65: Нет | AO65: Нет | AP65: Нет | AQ65: Не редко, но хотелось бы чаще | AR65: Регулярно | AS65: Не редко, но хотелось бы чаще | AT65: Иногда | AU65: Не редко, но хотелось бы чаще | AV65: Регулярно | AW65: 5 | AX65: У меня есть дело за пределами работы, от которого меня искренне прет | AY65: Нет и никогда не курил | AZ65: Редко и мало (2-3 раза в год) | BA65: Женат / замужем впервые | BB65: 2 | BC65: Слышал, но не вдавался в детали | BD65: Читал, изучал, но не проникся | BE65: Слышал, но не вдавался в детали | BF65: Читал, изучал, проникся, но не использую | BG65: Не слышал | BH65: Не слышал | BI65: Редко | BJ65: Когда как, но не часто | BK65: Когда как, но не часто | BL65: Да, постоянно | BM65: Очень мало | BN65: Ничего | BO65: Ничего | BP65: Средненько так | BQ65: Средненько так | BR65: Очень мало | BS65: Очень мало | BT65: Ничего | BU65: 1 | BV65: ни разу | BW65: Ха-ха
A66: 24.09.2018 22:26:10 | B66: М | C66: 28 | E66: IT | F66: software developer | G66: Я время от времени могу делать заделы на будущее, но меньше, чем хочется | H66: Я вполне успешно продвигаюсь по своим долгосрочным планам. Если завалы и случаются, то не часто. | I66: Скорее верно | J66: Скорее верно | K66: Абсолютно НЕ верно | L66: Едва ли верно | M66: Скорее верно | N66: Скорее верно | O66: Скорее верно | P66: Скорее верно | Q66: Скорее верно | R66: Скорее верно | S66: Крайне редко | T66: Иногда | U66: Достаточно часто, но иногда упускаю и забываю | V66: Достаточно часто, но иногда упускаю и забываю | W66: Никогда | X66: Крайне редко | Y66: Крайне редко | Z66: Никогда | AA66: Иногда | AB66: Достаточно часто, но иногда упускаю и забываю | AC66: Крайне редко | AD66: Иногда | AE66: Регулярно, системно и вообще я доволен тем, как часто это удается | AF66: Регулярно, системно и вообще я доволен тем, как часто это удается | AG66: Нет | AH66: Нет | AI66: Нуу... почти... | AJ66: Нет | AK66: Нет | AL66: Нет | AM66: Да | AN66: Нет | AO66: Да | AP66: Да | AQ66: Регулярно | AR66: Иногда | AS66: Не редко, но хотелось бы чаще | AT66: Иногда | AU66: Иногда | AV66: Не редко, но хотелось бы чаще | AW66: 4 | AY66: Нет и никогда не курил | AZ66: Редко и мало (2-3 раза в год) | BA66: Женат / замужем впервые | BB66: 0 | BC66: Не слышал | BD66: Слышал, но не вдавался в детали | BE66: Слышал, но не вдавался в детали | BF66: Слышал, но не вдавался в детали | BG66: Слышал, но не вдавался в детали | BH66: Слышал, но не вдавался в детали | BI66: Часто, но не всегда | BJ66: Когда как, но не часто | BK66: Часто, но не всегда | BL66: Да, постоянно | BM66: Много | BN66: Много | BO66: Средненько так | BP66: Очень мало | BQ66: ДОФИГИЩА! | BR66: Средненько так | BS66: Средненько так | BT66: Ничего | BU66: 3 | BV66: ни разу | BW66: Музыка, научиться играть на саксофоне, открыть свой ресторан (отличное хобби!), преподавать в университете (было дело, но потом не стало хватать времени)
A67: 24.09.2018 22:26:48 | B67: М | C67: 38 | E67: Телеком | F67: Директор по развитию бизнеса | G67: Я еле-еле справляюсь с текучкой, но никак не могу приступить к чему-то долгосрочному | H67: Я вполне успешно продвигаюсь по своим долгосрочным планам. Если завалы и случаются, то не часто. | I67: Абсолютно верно | J67: Абсолютно верно | K67: Едва ли верно | L67: Абсолютно верно | M67: Абсолютно верно | N67: Скорее верно | O67: Скорее верно | P67: Абсолютно НЕ верно | Q67: Абсолютно НЕ верно | R67: Едва ли верно | S67: Достаточно часто, но иногда упускаю и забываю | T67: Достаточно часто, но иногда упускаю и забываю | U67: Крайне редко | V67: Крайне редко | W67: Никогда | X67: Иногда | Y67: Иногда | Z67: Достаточно часто, но иногда упускаю и забываю | AA67: Крайне редко | AB67: Иногда | AC67: Регулярно, системно и вообще я доволен тем, как часто это удается | AD67: Достаточно часто, но иногда упускаю и забываю | AE67: Достаточно часто, но иногда упускаю и забываю | AF67: Иногда | AG67: Нет | AH67: Нет | AI67: Нет | AJ67: Нет | AK67: Нет | AL67: Нет | AM67: Нет | AN67: Нет | AO67: Нет | AP67: Нуу... почти... | AQ67: Иногда | AR67: Никогда | AS67: Не редко, но хотелось бы чаще | AT67: Никогда | AU67: Иногда | AV67: Иногда | AW67: 2 | AY67: Нет и никогда не курил | AZ67: Время от времени | BA67: Женат / замужем впервые | BB67: 2 | BC67: Не слышал | BD67: Не слышал | BE67: Не слышал | BF67: Читал, изучал, проникся, использую | BG67: Не слышал | BH67: Не слышал | BI67: Редко | BJ67: Да, постоянно | BK67: Да, постоянно | BL67: Никогда или очень редко | BM67: ДОФИГИЩА! | BN67: ДОФИГИЩА! | BO67: Много | BP67: ДОФИГИЩА! | BQ67: ДОФИГИЩА! | BR67: Средненько так | BS67: Средненько так | BT67: Очень мало | BU67: 4 | BV67: 1-2 раза | BW67: Просмотр сериалов, Музыка, Здоровье, спорт, здоровое питание, голосовые тренинги, психология | BX67: Начал читать джедайские техники только сегодня, пока проникаюсь
A68: 24.09.2018 22:27:59 | B68: М | C68: 30 | E68: IT | F68: Программист | G68: Я время от времени могу делать заделы на будущее, но меньше, чем хочется | H68: Я вполне успешно продвигаюсь по своим долгосрочным планам. Если завалы и случаются, то не часто. | I68: Абсолютно верно | J68: Скорее верно | K68: Едва ли верно | L68: Едва ли верно | M68: Скорее верно | N68: Скорее верно | O68: Абсолютно верно | P68: Скорее верно | Q68: Скорее верно | R68: Скорее верно | S68: Достаточно часто, но иногда упускаю и забываю | T68: Достаточно часто, но иногда упускаю и забываю | U68: Регулярно, системно и вообще я доволен тем, как часто это удается | V68: Регулярно, системно и вообще я доволен тем, как часто это удается | W68: Никогда | X68: Крайне редко | Y68: Достаточно часто, но иногда упускаю и забываю | Z68: Достаточно часто, но иногда упускаю и забываю | AA68: Иногда | AB68: Достаточно часто, но иногда упускаю и забываю | AC68: Иногда | AD68: Регулярно, системно и вообще я доволен тем, как часто это удается | AE68: Иногда | AF68: Регулярно, системно и вообще я доволен тем, как часто это удается | AG68: Нуу... почти... | AH68: Да | AI68: Нуу... почти... | AJ68: Нет | AK68: Да | AL68: Нет | AM68: Нет | AN68: Да | AO68: Нет | AP68: Да | AQ68: Не редко, но хотелось бы чаще | AR68: Не редко, но хотелось бы чаще | AS68: Не редко, но хотелось бы чаще | AT68: Иногда | AU68: Крайне редко | AV68: Не редко, но хотелось бы чаще | AW68: 6 | AX68: У меня есть дело за пределами работы, от которого меня искренне прет | AY68: Курил, но бросил | AZ68: Вообще не пью | BA68: Не женат / не замужем | BB68: 0 | BC68: Не слышал | BD68: Не слышал | BE68: Читал, изучал, проникся, использую | BF68: ...и еще горячо насаживаю всем окружающим | BG68: Не слышал | BH68: Не слышал | BI68: Часто, но не всегда | BJ68: Часто, но не всегда | BK68: Когда как, но не часто | BL68: Да, постоянно | BM68: Много | BN68: Ничего | BO68: Очень мало | BP68: ДОФИГИЩА! | BQ68: ДОФИГИЩА! | BR68: Средненько так | BS68: Средненько так | BT68: Ничего | BU68: 3 | BV68: ни разу | BW68: Дорофеев, ты молодец!) | BX68: Я забыл. Обязательно запишу в список задачу, когда вспомню что хотел написать.))
A69: 24.09.2018 22:31:26 | B69: Ж | C69: 35 | E69: Консалтинг, IT | F69: Бизнес-инженер | G69: Я время от времени могу делать заделы на будущее, но меньше, чем хочется | H69: Я время от времени могу делать заделы на будущее, но меньше, чем хочется | I69: Скорее верно | J69: Абсолютно верно | K69: Едва ли верно | L69: Едва ли верно | M69: Абсолютно верно | N69: Абсолютно верно | O69: Едва ли верно | P69: Скорее верно | Q69: Скорее верно | R69: Едва ли верно | S69: Достаточно часто, но иногда упускаю и забываю | T69: Регулярно, системно и вообще я доволен тем, как часто это удается | U69: Достаточно часто, но иногда упускаю и забываю | V69: Регулярно, системно и вообще я доволен тем, как часто это удается | W69: Крайне редко | X69: Крайне редко | Y69: Достаточно часто, но иногда упускаю и забываю | Z69: Достаточно часто, но иногда упускаю и забываю | AA69: Регулярно, системно и вообще я доволен тем, как часто это удается | AB69: Иногда | AC69: Регулярно, системно и вообще я доволен тем, как часто это удается | AD69: Крайне редко | AE69: Достаточно часто, но иногда упускаю и забываю | AF69: Иногда | AG69: Да | AH69: Да | AI69: Да | AJ69: Нет | AK69: Да | AL69: Нуу... почти... | AM69: Нет | AN69: Нет | AO69: Да | AP69: Да | AQ69: Иногда | AR69: Не редко, но хотелось бы чаще | AS69: Иногда | AT69: Никогда | AU69: Не редко, но хотелось бы чаще | AV69: Иногда | AW69: 1 | AX69: У меня есть дело за пределами работы, от которого меня искренне прет | AY69: Курю не системно (могу неделями не курить, но иногда за компанию...) | AZ69: Регулярно, но в пределах разумного | BA69: Женат / замужем не впервые | BB69: 2 | BC69: Читал, изучал, но не проникся | BE69: Читал, изучал, проникся, но не использую | BF69: ...и еще горячо насаживаю всем окружающим | BG69: Читал, изучал, проникся, использую | BH69: Не слышал | BI69: Никогда или очень редко | BJ69: Редко | BK69: Редко | BL69: Никогда или очень редко | BM69: ДОФИГИЩА! | BN69: Средненько так | BO69: Много | BP69: Много | BQ69: ДОФИГИЩА! | BR69: Средненько так | BS69: Средненько так | BT69: Очень мало | BU69: 4 | BV69: ни разу | BW69: Самообразование, Танцы. Но дочитала и не обманешь *смайл с языком*
A70: 24.09.2018 22:33:28 | B70: М | C70: 36 | G70: Я вполне успешно продвигаюсь по своим долгосрочным планам. Если завалы и случаются, то не часто. | H70: Я время от времени могу делать заделы на будущее, но меньше, чем хочется | I70: Абсолютно верно | J70: Абсолютно верно | K70: Скорее верно | L70: Едва ли верно | M70: Скорее верно | N70: Абсолютно верно | O70: Абсолютно верно | P70: Скорее верно | Q70: Скорее верно | R70: Скорее верно | S70: Иногда | T70: Иногда | U70: Достаточно часто, но иногда упускаю и забываю | V70: Достаточно часто, но иногда упускаю и забываю | W70: Никогда | X70: Крайне редко | Y70: Достаточно часто, но иногда упускаю и забываю | Z70: Никогда | AA70: Иногда | AB70: Достаточно часто, но иногда упускаю и забываю | AC70: Никогда | AD70: Крайне редко | AE70: Достаточно часто, но иногда упускаю и забываю | AF70: Достаточно часто, но иногда упускаю и забываю | AG70: Нуу... почти... | AH70: Да | AI70: Да | AJ70: Нет | AK70: Нет | AL70: Нет | AM70: Нет | AN70: Нет | AO70: Нет | AP70: Нет | AQ70: Регулярно | AR70: Регулярно | AS70: Регулярно | AT70: Иногда | AU70: Не редко, но хотелось бы чаще | AV70: Регулярно | AW70: 7 | AY70: Курю, но стараюсь бросить | AZ70: Регулярно, но в пределах разумного | BA70: Разведен и не впервые :) | BB70: 2 | BC70: Читал, изучал, проникся, использую | BD70: Читал, изучал, проникся, но не использую | BE70: Читал, изучал, но не проникся | BF70: ...и еще горячо насаживаю всем окружающим | BG70: Не слышал | BH70: Не слышал | BI70: Часто, но не всегда | BJ70: Часто, но не всегда | BK70: Часто, но не всегда | BL70: Да, постоянно | BM70: Средненько так | BN70: Средненько так | BO70: Очень мало | BP70: Средненько так | BQ70: Средненько так | BR70: Средненько так | BS70: Ничего | BT70: Ничего | BU70: 3 | BV70: ни разу | BW70: Чтение книг, Самообразование
A71: 24.09.2018 22:47:34 | B71: М | C71: 29 | E71: IT | F71: Qa lead | G71: Я вполне успешно продвигаюсь по своим долгосрочным планам. Если завалы и случаются, то не часто. | H71: Я вполне успешно продвигаюсь по своим долгосрочным планам. Если завалы и случаются, то не часто. | I71: Скорее верно | J71: Скорее верно | K71: Скорее верно | L71: Едва ли верно | M71: Скорее верно | N71: Абсолютно верно | O71: Скорее верно | P71: Едва ли верно | Q71: Скорее верно | R71: Скорее верно | S71: Крайне редко | T71: Достаточно часто, но иногда упускаю и забываю | U71: Регулярно, системно и вообще я доволен тем, как часто это удается | V71: Достаточно часто, но иногда упускаю и забываю | W71: Никогда | X71: Крайне редко | Y71: Крайне редко | Z71: Регулярно, системно и вообще я доволен тем, как часто это удается | AA71: Иногда | AB71: Иногда | AC71: Крайне редко | AD71: Достаточно часто, но иногда упускаю и забываю | AE71: Иногда | AF71: Регулярно, системно и вообще я доволен тем, как часто это удается | AG71: Да | AH71: Да | AI71: Да | AJ71: Нет | AK71: Нет | AL71: Нет | AM71: Нет | AN71: Нет | AO71: Нет | AP71: Нет | AQ71: Регулярно | AR71: Не редко, но хотелось бы чаще | AS71: Не редко, но хотелось бы чаще | AT71: Иногда | AU71: Не редко, но хотелось бы чаще | AV71: Не редко, но хотелось бы чаще | AW71: 5 | AY71: Нет и никогда не курил | AZ71: Время от времени | BA71: Женат / замужем впервые | BB71: 1 | BC71: Читал, изучал, но не проникся | BD71: Не слышал | BE71: Не слышал | BF71: Читал, изучал, но не проникся | BG71: Не слышал | BH71: Не слышал | BI71: Да, постоянно | BJ71: Часто, но не всегда | BK71: Часто, но не всегда | BL71: Да, постоянно | BM71: ДОФИГИЩА! | BN71: Средненько так | BO71: Много | BP71: ДОФИГИЩА! | BQ71: Очень мало | BR71: Средненько так | BS71: Средненько так | BT71: Ничего | BU71: 1 | BV71: 2-5 раз | BW71: Фиг
A72: 24.09.2018 22:49:26 | B72: Ж | C72: 34 | E72: IT | G72: Я время от времени могу делать заделы на будущее, но меньше, чем хочется | H72: Я вполне успешно продвигаюсь по своим долгосрочным планам. Если завалы и случаются, то не часто. | I72: Скорее верно | J72: Скорее верно | K72: Скорее верно | L72: Едва ли верно | M72: Едва ли верно | N72: Скорее верно | O72: Едва ли верно | P72: Едва ли верно | Q72: Едва ли верно | R72: Едва ли верно | S72: Достаточно часто, но иногда упускаю и забываю | T72: Иногда | U72: Достаточно часто, но иногда упускаю и забываю | V72: Иногда | W72: Иногда | X72: Достаточно часто, но иногда упускаю и забываю | Y72: Иногда | Z72: Иногда | AA72: Достаточно часто, но иногда упускаю и забываю | AB72: Иногда | AC72: Иногда | AD72: Достаточно часто, но иногда упускаю и забываю | AE72: Иногда | AF72: Достаточно часто, но иногда упускаю и забываю | AG72: Да | AH72: Да | AI72: Нуу... почти... | AJ72: Нет | AK72: Да | AL72: Нет | AM72: Да | AN72: Да | AO72: Да | AP72: Нуу... почти... | AQ72: Не редко, но хотелось бы чаще | AR72: Регулярно | AS72: Иногда | AT72: Иногда | AU72: Не редко, но хотелось бы чаще | AV72: Не редко, но хотелось бы чаще | AW72: 5 | AX72: У меня есть дело за пределами работы, от которого меня искренне прет | AY72: Нет и никогда не курил | AZ72: Редко и мало (2-3 раза в год) | BA72: Женат / замужем впервые | BB72: 0 | BC72: Не слышал | BD72: Читал, изучал, проникся, но не использую | BE72: Слышал, но не вдавался в детали | BF72: Слышал, но не вдавался в детали | BG72: Не слышал | BH72: Не слышал | BI72: Когда как, но не часто | BJ72: Редко | BK72: Редко | BL72: Часто, но не всегда | BM72: Очень мало | BN72: Ничего | BO72: Очень мало | BP72: Средненько так | BQ72: Очень мало | BR72: Много | BS72: Много | BT72: Средненько так | BU72: 1 | BV72: ни разу | BW72: sleeping :) | BX72: Thank you for attention. Нave a nice day)
A73: 24.09.2018 22:50:31 | B73: М | C73: 37 | E73: IT | F73: PO | G73: Я еле-еле справляюсь с текучкой, но никак не могу приступить к чему-то долгосрочному | H73: Я время от времени могу делать заделы на будущее, но меньше, чем хочется | I73: Скорее верно | J73: Абсолютно верно | K73: Скорее верно | L73: Скорее верно | M73: Скорее верно | N73: Абсолютно НЕ верно | O73: Абсолютно НЕ верно | P73: Скорее верно | Q73: Скорее верно | R73: Скорее верно | S73: Иногда | T73: Иногда | U73: Достаточно часто, но иногда упускаю и забываю | V73: Достаточно часто, но иногда упускаю и забываю | W73: Крайне редко | X73: Иногда | Y73: Достаточно часто, но иногда упускаю и забываю | Z73: Иногда | AA73: Крайне редко | AB73: Регулярно, системно и вообще я доволен тем, как часто это удается | AC73: Достаточно часто, но иногда упускаю и забываю | AD73: Иногда | AE73: Крайне редко | AF73: Регулярно, системно и вообще я доволен тем, как часто это удается | AG73: Нет | AH73: Да | AI73: Да | AJ73: Нет | AK73: Да | AL73: Да | AM73: Да | AN73: Нет | AO73: Нет | AP73: Нет | AQ73: Регулярно | AR73: Иногда | AS73: Не редко, но хотелось бы чаще | AT73: Никогда | AU73: Не редко, но хотелось бы чаще | AV73: Регулярно | AW73: 5 | AY73: Нет и никогда не курил | AZ73: Время от времени | BA73: Женат / замужем впервые | BB73: 1 | BC73: Читал, изучал, но не проникся | BD73: Читал, изучал, но не проникся | BE73: Читал, изучал, проникся, использую | BF73: Читал, изучал, проникся, использую | BG73: Не слышал | BH73: Не слышал | BI73: Никогда или очень редко | BJ73: Когда как, но не часто | BK73: Часто, но не всегда | BL73: Никогда или очень редко | BM73: Средненько так | BN73: Средненько так | BO73: Средненько так | BP73: ДОФИГИЩА! | BQ73: Много | BR73: Средненько так | BS73: Много | BT73: Очень мало | BU73: 5 | BV73: 1-2 раза | BW73: Чтение книг, Просмотр сериалов, Самообразование, Возня с домашними питомцами | BX73: Когда выйдет новая книга?:)
A74: 24.09.2018 22:51:13 | B74: М | C74: 42 | E74: системы менеджмента | F74: руководитель отдела | G74: Я еле-еле справляюсь с текучкой, но никак не могу приступить к чему-то долгосрочному | H74: Я время от времени могу делать заделы на будущее, но меньше, чем хочется | I74: Скорее верно | J74: Скорее верно | K74: Едва ли верно | L74: Едва ли верно | M74: Скорее верно | N74: Скорее верно | O74: Едва ли верно | P74: Едва ли верно | Q74: Скорее верно | R74: Едва ли верно | S74: Иногда | T74: Иногда | U74: Регулярно, системно и вообще я доволен тем, как часто это удается | V74: Достаточно часто, но иногда упускаю и забываю | W74: Крайне редко | X74: Достаточно часто, но иногда упускаю и забываю | Y74: Достаточно часто, но иногда упускаю и забываю | Z74: Крайне редко | AA74: Иногда | AB74: Достаточно часто, но иногда упускаю и забываю | AC74: Достаточно часто, но иногда упускаю и забываю | AD74: Никогда | AE74: Крайне редко | AF74: Иногда | AG74: Нет | AH74: Да | AI74: Да | AJ74: Нет | AK74: Нет | AL74: Нуу... почти... | AM74: Нуу... почти... | AN74: Да | AO74: Да | AP74: Нет | AQ74: Регулярно | AR74: Иногда | AS74: Крайне редко | AT74: Регулярно | AU74: Крайне редко | AV74: Иногда | AW74: 5 | AX74: У меня есть дело за пределами работы, от которого меня искренне прет | AY74: Нет и никогда не курил | AZ74: Редко и мало (2-3 раза в год) | BA74: Женат / замужем впервые | BB74: 1 | BC74: Слышал, но не вдавался в детали | BD74: Читал, изучал, проникся, но не использую | BE74: Читал, изучал, проникся, использую | BF74: Читал, изучал, проникся, использую | BG74: Не слышал | BH74: Не слышал | BI74: Когда как, но не часто | BJ74: Часто, но не всегда | BK74: Да, постоянно | BL74: Редко | BM74: Очень мало | BN74: Много | BO74: Средненько так | BP74: Много | BQ74: Средненько так | BR74: Много | BS74: Средненько так | BT74: Очень мало | BU74: 1 | BV74: ни разу | BW74: Дорофеев, меня не обманешь | BX74: Спасибо за джедайские техники!
A75: 24.09.2018 22:51:58 | B75: М | C75: 23 | E75: IT | F75: бекенд-разработчик | G75: Я еле-еле справляюсь с текучкой, но никак не могу приступить к чему-то долгосрочному | H75: Я еле-еле справляюсь с текучкой, но никак не могу приступить к чему-то долгосрочному | I75: Скорее верно | J75: Скорее верно | K75: Едва ли верно | L75: Абсолютно НЕ верно | M75: Едва ли верно | N75: Скорее верно | O75: Едва ли верно | P75: Абсолютно НЕ верно | Q75: Абсолютно НЕ верно | R75: Абсолютно НЕ верно | S75: Крайне редко | T75: Никогда | U75: Иногда | V75: Иногда | W75: Никогда | X75: Никогда | Y75: Иногда | Z75: Достаточно часто, но иногда упускаю и забываю | AA75: Иногда | AB75: Иногда | AC75: Крайне редко | AD75: Иногда | AE75: Крайне редко | AF75: Достаточно часто, но иногда упускаю и забываю | AG75: Да | AH75: Да | AI75: Да | AJ75: Нуу... почти... | AK75: Нет | AL75: Нет | AM75: Да | AN75: Да | AO75: Да | AP75: Нуу... почти... | AQ75: Иногда | AR75: Иногда | AS75: Никогда | AT75: Иногда | AU75: Иногда | AV75: Иногда | AW75: 3 | AX75: У меня есть дело за пределами работы, от которого меня искренне прет | AY75: Нет и никогда не курил | AZ75: Время от времени | BA75: Не женат / не замужем | BB75: 0 | BC75: Слышал, но не вдавался в детали | BD75: Слышал, но не вдавался в детали | BE75: ...и еще горячо насаживаю всем окружающим | BF75: Читал, изучал, проникся, но не использую | BG75: Не слышал | BH75: Не слышал | BI75: Когда как, но не часто | BJ75: Когда как, но не часто | BK75: Когда как, но не часто | BL75: Никогда или очень редко | BM75: Средненько так | BN75: Ничего | BO75: Ничего | BP75: Много | BQ75: ДОФИГИЩА! | BR75: Очень мало | BS75: Ничего | BT75: Ничего | BU75: 2 | BV75: 1-2 раза | BW75: Дорофеев, меня не обманешь
A76: 24.09.2018 22:54:27 | B76: М | C76: 33 | E76: SEO | F76: SEO-СПЕЦИАЛИСТ | G76: Я время от времени могу делать заделы на будущее, но меньше, чем хочется | H76: Я вполне успешно продвигаюсь по своим долгосрочным планам. Если завалы и случаются, то не часто. | I76: Абсолютно верно | J76: Скорее верно | K76: Едва ли верно | L76: Скорее верно | M76: Скорее верно | N76: Абсолютно верно | O76: Скорее верно | P76: Скорее верно | Q76: Скорее верно | R76: Скорее верно | S76: Крайне редко | T76: Крайне редко | U76: Иногда | V76: Иногда | W76: Крайне редко | X76: Крайне редко | Y76: Иногда | Z76: Никогда | AA76: Иногда | AB76: Иногда | AC76: Достаточно часто, но иногда упускаю и забываю | AD76: Иногда | AE76: Иногда | AF76: Иногда | AG76: Нет | AH76: Нуу... почти... | AI76: Нуу... почти... | AJ76: Нет | AK76: Нуу... почти... | AL76: Нуу... почти... | AM76: Нуу... почти... | AN76: Нет | AO76: Нет | AP76: Нуу... почти... | AQ76: Иногда | AR76: Иногда | AS76: Иногда | AT76: Иногда | AU76: Крайне редко | AV76: Крайне редко | AW76: 5 | AY76: Нет и никогда не курил | AZ76: Время от времени | BA76: Женат / замужем впервые | BB76: 2 | BC76: Читал, изучал, но не проникся | BD76: Читал, изучал, проникся, но не использую | BE76: Слышал, но не вдавался в детали | BF76: Читал, изучал, проникся, но не использую | BG76: Не слышал | BH76: Не слышал | BI76: Когда как, но не часто | BJ76: Когда как, но не часто | BK76: Когда как, но не часто | BL76: Часто, но не всегда | BM76: Очень мало | BN76: Средненько так | BO76: Много | BP76: Очень мало | BQ76: Много | BR76: Много | BS76: Средненько так | BT76: Очень мало | BU76: 4 | BV76: ни разу | BW76: Дорофеев, меня не обманешь ХЕХЕХЕ | BX76: пользой. знать бы какой
A77: 24.09.2018 22:58:04 | B77: М | C77: 28 | E77: IT | F77: Product Manager | G77: Я еле-еле справляюсь с текучкой, но никак не могу приступить к чему-то долгосрочному | H77: Я вполне успешно продвигаюсь по своим долгосрочным планам. Если завалы и случаются, то не часто. | I77: Абсолютно верно | J77: Абсолютно верно | K77: Скорее верно | L77: Скорее верно | M77: Абсолютно верно | N77: Абсолютно верно | O77: Абсолютно верно | P77: Абсолютно верно | Q77: Абсолютно верно | R77: Абсолютно верно | S77: Иногда | T77: Достаточно часто, но иногда упускаю и забываю | U77: Достаточно часто, но иногда упускаю и забываю | V77: Достаточно часто, но иногда упускаю и забываю | W77: Крайне редко | X77: Никогда | Y77: Достаточно часто, но иногда упускаю и забываю | Z77: Никогда | AA77: Регулярно, системно и вообще я доволен тем, как часто это удается | AB77: Достаточно часто, но иногда упускаю и забываю | AC77: Иногда | AD77: Иногда | AE77: Регулярно, системно и вообще я доволен тем, как часто это удается | AF77: Регулярно, системно и вообще я доволен тем, как часто это удается | AG77: Нет | AH77: Нет | AI77: Да | AJ77: Нет | AK77: Нет | AL77: Да | AM77: Да | AN77: Да | AO77: Да | AP77: Нет | AQ77: Регулярно | AR77: Никогда | AS77: Крайне редко | AT77: Крайне редко | AU77: Не редко, но хотелось бы чаще | AV77: Иногда | AW77: 4 | AX77: У меня есть дело за пределами работы, от которого меня искренне прет | AY77: Нет и никогда не курил | AZ77: Редко и мало (2-3 раза в год) | BA77: Не женат / не замужем | BB77: 0 | BC77: Не слышал | BD77: Слышал, но не вдавался в детали | BE77: Не слышал | BF77: ...и еще горячо насаживаю всем окружающим | BG77: Не слышал | BH77: Не слышал | BI77: Редко | BJ77: Никогда или очень редко | BK77: Никогда или очень редко | BL77: Да, постоянно | BM77: ДОФИГИЩА! | BN77: ДОФИГИЩА! | BO77: ДОФИГИЩА! | BP77: ДОФИГИЩА! | BQ77: ДОФИГИЩА! | BR77: Очень мало | BS77: ДОФИГИЩА! | BT77: Очень мало | BU77: 1 | BV77: ни разу | BW77: Ландшафтный дизайн, садоводство
A78: 24.09.2018 22:59:07 | B78: М | C78: 28 | E78: Производство вывесок | F78: Начальник производства | G78: Я время от времени могу делать заделы на будущее, но меньше, чем хочется | H78: Я время от времени могу делать заделы на будущее, но меньше, чем хочется | I78: Скорее верно | J78: Скорее верно | K78: Скорее верно | L78: Едва ли верно | M78: Едва ли верно | N78: Скорее верно | O78: Едва ли верно | P78: Скорее верно | Q78: Скорее верно | R78: Скорее верно | S78: Иногда | T78: Регулярно, системно и вообще я доволен тем, как часто это удается | U78: Достаточно часто, но иногда упускаю и забываю | V78: Достаточно часто, но иногда упускаю и забываю | W78: Никогда | X78: Никогда | Y78: Крайне редко | Z78: Иногда | AA78: Иногда | AB78: Достаточно часто, но иногда упускаю и забываю | AC78: Никогда | AD78: Достаточно часто, но иногда упускаю и забываю | AE78: Иногда | AF78: Достаточно часто, но иногда упускаю и забываю | AG78: Да | AH78: Да | AI78: Да | AJ78: Нет | AK78: Нуу... почти... | AL78: Нет | AM78: Нет | AN78: Нет | AO78: Да | AP78: Нет | AQ78: Регулярно | AR78: Регулярно | AS78: Регулярно | AT78: Крайне редко | AU78: Иногда | AV78: Регулярно | AW78: 6 | AY78: Нет и никогда не курил | AZ78: Время от времени | BA78: Не женат / не замужем | BB78: 0 | BC78: Читал, изучал, но не проникся | BD78: Читал, изучал, проникся, но не использую | BE78: Читал, изучал, проникся, но не использую | BF78: Читал, изучал, проникся, использую | BG78: Слышал, но не вдавался в детали | BH78: Не слышал | BI78: Когда как, но не часто | BJ78: Редко | BK78: Часто, но не всегда | BL78: Никогда или очень редко | BM78: Очень мало | BN78: Средненько так | BO78: Много | BP78: Много | BQ78: Очень мало | BR78: Средненько так | BS78: Очень мало | BT78: Ничего | BU78: 1 | BV78: ни разу | BW78: Чтение книг, Музыка, "Дорофеев, меня не обманешь!" | BX78: Недавним интервью Илона Маска навеяно: Планируете ли в будущем изучать положительное/отрицательное влияние различных веществ (чай, кофе, шоколад, ноотропы, БАДы, алкоголь, марихуана) на прокрастинацию?
A79: 24.09.2018 23:05:40 | B79: М | C79: 43 | E79: HR/IT | F79: Генеральный директор | G79: Я время от времени могу делать заделы на будущее, но меньше, чем хочется | H79: Я вполне успешно продвигаюсь по своим долгосрочным планам. Если завалы и случаются, то не часто. | I79: Скорее верно | J79: Скорее верно | K79: Скорее верно | L79: Едва ли верно | M79: Скорее верно | N79: Скорее верно | O79: Едва ли верно | P79: Скорее верно | Q79: Скорее верно | R79: Скорее верно | S79: Достаточно часто, но иногда упускаю и забываю | T79: Крайне редко | U79: Достаточно часто, но иногда упускаю и забываю | V79: Иногда | W79: Иногда | X79: Крайне редко | Y79: Иногда | Z79: Достаточно часто, но иногда упускаю и забываю | AA79: Иногда | AB79: Достаточно часто, но иногда упускаю и забываю | AC79: Иногда | AD79: Достаточно часто, но иногда упускаю и забываю | AE79: Иногда | AF79: Иногда | AG79: Нет | AH79: Да | AI79: Да | AJ79: Нет | AK79: Да | AL79: Да | AM79: Нуу... почти... | AN79: Нет | AO79: Нет | AP79: Да | AQ79: Иногда | AR79: Крайне редко | AS79: Регулярно | AT79: Иногда | AU79: Иногда | AV79: Иногда | AW79: 7 | AX79: У меня есть дело за пределами работы, от которого меня искренне прет | AY79: Курил, но бросил | AZ79: Вообще не пью | BA79: Разведен и не впервые :) | BB79: 2 | BC79: Слышал, но не вдавался в детали | BD79: Читал, изучал, но не проникся | BE79: Читал, изучал, проникся, использую | BF79: Слышал, но не вдавался в детали | BG79: Не слышал | BH79: Не слышал | BI79: Когда как, но не часто | BJ79: Редко | BK79: Часто, но не всегда | BL79: Часто, но не всегда | BM79: ДОФИГИЩА! | BN79: ДОФИГИЩА! | BO79: Много | BP79: Средненько так | BQ79: ДОФИГИЩА! | BR79: ДОФИГИЩА! | BS79: Очень мало | BT79: Очень мало | BU79: 5 | BV79: ни разу | BW79: Спорт – игра в гольф. Рыбалка. Путешествия за рулём.
A80: 24.09.2018 23:06:49 | B80: М | C80: 45 | E80: Академический институт; Университет | F80: старший научный сотрудник | G80: Я время от времени могу делать заделы на будущее, но меньше, чем хочется | H80: Я время от времени могу делать заделы на будущее, но меньше, чем хочется | I80: Скорее верно | J80: Скорее верно | K80: Скорее верно | L80: Едва ли верно | M80: Скорее верно | N80: Скорее верно | O80: Едва ли верно | P80: Скорее верно | Q80: Скорее верно | R80: Скорее верно | S80: Никогда | T80: Никогда | U80: Достаточно часто, но иногда упускаю и забываю | V80: Достаточно часто, но иногда упускаю и забываю | W80: Никогда | X80: Достаточно часто, но иногда упускаю и забываю | Y80: Регулярно, системно и вообще я доволен тем, как часто это удается | Z80: Никогда | AA80: Регулярно, системно и вообще я доволен тем, как часто это удается | AB80: Крайне редко | AC80: Никогда | AD80: Достаточно часто, но иногда упускаю и забываю | AE80: Иногда | AF80: Регулярно, системно и вообще я доволен тем, как часто это удается | AG80: Нуу... почти... | AH80: Нуу... почти... | AI80: Да | AJ80: Нет | AK80: Нет | AL80: Да | AM80: Нет | AN80: Нет | AO80: Да | AP80: Да | AQ80: Не редко, но хотелось бы чаще | AR80: Регулярно | AS80: Иногда | AT80: Регулярно | AU80: Не редко, но хотелось бы чаще | AV80: Крайне редко | AW80: 6 | AY80: Курил, но бросил | AZ80: Регулярно, но в пределах разумного | BA80: Не женат / не замужем | BB80: 0 | BC80: Слышал, но не вдавался в детали | BD80: Слышал, но не вдавался в детали | BE80: Читал, изучал, проникся, использую | BF80: Читал, изучал, проникся, но не использую | BG80: Не слышал | BH80: Не слышал | BI80: Да, постоянно | BJ80: Часто, но не всегда | BK80: Часто, но не всегда | BL80: Когда как, но не часто | BM80: Ничего | BN80: Средненько так | BO80: Средненько так | BP80: Много | BQ80: Много | BR80: Много | BS80: Средненько так | BT80: Средненько так | BU80: 0 | BV80: ни разу | BW80: Чтение книг, Самообразование, Музыка, туризм
A81: 24.09.2018 23:07:46 | B81: Ж | C81: 45 | E81: IT | F81: developer | G81: Я время от времени могу делать заделы на будущее, но меньше, чем хочется | H81: Я еле-еле справляюсь с текучкой, но никак не могу приступить к чему-то долгосрочному | I81: Скорее верно | J81: Скорее верно | K81: Едва ли верно | L81: Едва ли верно | M81: Скорее верно | N81: Скорее верно | O81: Едва ли верно | P81: Скорее верно | Q81: Скорее верно | R81: Едва ли верно | S81: Иногда | T81: Иногда | U81: Достаточно часто, но иногда упускаю и забываю | V81: Иногда | W81: Никогда | X81: Никогда | Y81: Крайне редко | Z81: Никогда | AA81: Достаточно часто, но иногда упускаю и забываю | AB81: Достаточно часто, но иногда упускаю и забываю | AC81: Крайне редко | AD81: Иногда | AE81: Крайне редко | AF81: Регулярно, системно и вообще я доволен тем, как часто это удается | AG81: Да | AH81: Нуу... почти... | AI81: Да | AJ81: Нет | AK81: Да | AL81: Нет | AM81: Да | AN81: Нет | AO81: Да | AP81: Нет | AQ81: Не редко, но хотелось бы чаще | AR81: Крайне редко | AS81: Крайне редко | AT81: Иногда | AU81: Не редко, но хотелось бы чаще | AV81: Крайне редко | AW81: 6 | AY81: Нет и никогда не курил | AZ81: Вообще не пью | BA81: Женат / замужем впервые | BB81: 1 | BC81: Читал, изучал, но не проникся | BD81: Читал, изучал, проникся, но не использую | BE81: Слышал, но не вдавался в детали | BF81: Читал, изучал, проникся, но не использую | BG81: Не слышал | BH81: Не слышал | BI81: Редко | BJ81: Редко | BK81: Когда как, но не часто | BL81: Часто, но не всегда | BM81: Много | BN81: Средненько так | BO81: Средненько так | BP81: Средненько так | BQ81: Очень мало | BR81: Очень мало | BS81: Средненько так | BT81: Ничего | BU81: 2 | BV81: ни разу | BW81: Просмотр сериалов, Самообразование
A82: 24.09.2018 23:08:35 | B82: М | C82: 42 | E82: IT | F82: DevOps & Process Lead | G82: Я время от времени могу делать заделы на будущее, но меньше, чем хочется | H82: Я еле-еле справляюсь с текучкой, но никак не могу приступить к чему-то долгосрочному | I82: Скорее верно | J82: Едва ли верно | K82: Абсолютно НЕ верно | L82: Абсолютно НЕ верно | M82: Едва ли верно | N82: Абсолютно верно | O82: Скорее верно | P82: Едва ли верно | Q82: Едва ли верно | R82: Едва ли верно | S82: Крайне редко | T82: Крайне редко | U82: Достаточно часто, но иногда упускаю и забываю | V82: Иногда | W82: Достаточно часто, но иногда упускаю и забываю | X82: Никогда | Y82: Достаточно часто, но иногда упускаю и забываю | Z82: Достаточно часто, но иногда упускаю и забываю | AA82: Крайне редко | AB82: Никогда | AC82: Никогда | AD82: Крайне редко | AE82: Достаточно часто, но иногда упускаю и забываю | AF82: Регулярно, системно и вообще я доволен тем, как часто это удается | AG82: Да | AH82: Да | AI82: Да | AJ82: Да | AK82: Нуу... почти... | AL82: Да | AM82: Да | AN82: Нуу... почти... | AO82: Да | AP82: Да | AQ82: Не редко, но хотелось бы чаще | AR82: Иногда | AS82: Никогда | AT82: Крайне редко | AU82: Никогда | AV82: Никогда | AW82: 6 | AX82: У меня есть дело за пределами работы, от которого меня искренне прет | AY82: Нет и никогда не курил | AZ82: Вообще не пью | BA82: Женат / замужем впервые | BB82: 1 | BC82: Не слышал | BD82: Не слышал | BE82: Слышал, но не вдавался в детали | BF82: ...и еще горячо насаживаю всем окружающим | BG82: Читал, изучал, но не проникся | BH82: Не слышал | BI82: Редко | BJ82: Никогда или очень редко | BK82: Да, постоянно | BL82: Да, постоянно | BM82: ДОФИГИЩА! | BN82: Много | BO82: Много | BP82: ДОФИГИЩА! | BQ82: Очень мало | BR82: Очень мало | BS82: ДОФИГИЩА! | BT82: Ничего | BU82: 4 | BV82: ни разу | BW82: Ожидание большого взрыва :) Отличное хобби между прочим :) Я его не придумал, это хобби взято и компьютеной игры Стартопия. Решительно рекомендую поиграть, обалденная вещь для всех ценителей автостопом по галактике, это стратегия, где нужно оборудовать межзвездную станцию | BX82: Рекомендую прочесть книгу Уотса, Ложная слепота, это очень очень хорошая научная фантастика, более того там очень много про то как работает наш разум, и про то как он сам себя дурит.
A83: 24.09.2018 23:13:08 | B83: Ж | C83: 30 | E83: IT | F83: QA ENGINEER | G83: Я время от времени могу делать заделы на будущее, но меньше, чем хочется | H83: Я вполне успешно продвигаюсь по своим долгосрочным планам. Если завалы и случаются, то не часто. | I83: Абсолютно верно | J83: Абсолютно верно | K83: Скорее верно | L83: Едва ли верно | M83: Скорее верно | N83: Скорее верно | O83: Скорее верно | P83: Скорее верно | Q83: Скорее верно | R83: Скорее верно | S83: Достаточно часто, но иногда упускаю и забываю | T83: Иногда | U83: Достаточно часто, но иногда упускаю и забываю | V83: Достаточно часто, но иногда упускаю и забываю | W83: Крайне редко | X83: Никогда | Y83: Крайне редко | Z83: Крайне редко | AA83: Крайне редко | AB83: Никогда | AC83: Крайне редко | AD83: Иногда | AE83: Крайне редко | AF83: Иногда | AG83: Нет | AH83: Нет | AI83: Нуу... почти... | AJ83: Нет | AK83: Нуу... почти... | AL83: Нет | AM83: Да | AN83: Нет | AO83: Да | AP83: Нет | AQ83: Регулярно | AR83: Регулярно | AS83: Регулярно | AT83: Иногда | AU83: Не редко, но хотелось бы чаще | AV83: Не редко, но хотелось бы чаще | AW83: 3 | AY83: Нет и никогда не курил | AZ83: Регулярно, но в пределах разумного | BA83: Женат / замужем впервые | BB83: 0 | BC83: Слышал, но не вдавался в детали | BD83: Не слышал | BE83: Слышал, но не вдавался в детали | BF83: Читал, изучал, проникся, но не использую | BG83: Не слышал | BH83: Не слышал | BI83: Редко | BJ83: Когда как, но не часто | BK83: Когда как, но не часто | BL83: Редко | BM83: Ничего | BN83: Очень мало | BO83: Ничего | BP83: Очень мало | BQ83: ДОФИГИЩА! | BR83: Средненько так | BS83: Ничего | BT83: Очень мало | BU83: 1 | BV83: ни разу | BW83: Что то для тела, плаванье , спорт
A84: 24.09.2018 23:13:48 | B84: М | C84: 34 | E84: IT | F84: PM | G84: Я время от времени могу делать заделы на будущее, но меньше, чем хочется | H84: Я еле-еле справляюсь с текучкой, но никак не могу приступить к чему-то долгосрочному | I84: Скорее верно | J84: Скорее верно | K84: Едва ли верно | L84: Скорее верно | M84: Скорее верно | N84: Абсолютно верно | O84: Едва ли верно | P84: Едва ли верно | Q84: Скорее верно | R84: Скорее верно | S84: Крайне редко | T84: Достаточно часто, но иногда упускаю и забываю | U84: Достаточно часто, но иногда упускаю и забываю | V84: Достаточно часто, но иногда упускаю и забываю | W84: Крайне редко | X84: Крайне редко | Y84: Достаточно часто, но иногда упускаю и забываю | Z84: Регулярно, системно и вообще я доволен тем, как часто это удается | AA84: Крайне редко | AB84: Иногда | AC84: Достаточно часто, но иногда упускаю и забываю | AD84: Иногда | AE84: Достаточно часто, но иногда упускаю и забываю | AF84: Достаточно часто, но иногда упускаю и забываю | AG84: Да | AH84: Да | AI84: Да | AJ84: Нет | AK84: Нет | AL84: Нет | AM84: Нет | AN84: Нет | AO84: Да | AP84: Нет | AQ84: Не редко, но хотелось бы чаще | AR84: Не редко, но хотелось бы чаще | AS84: Регулярно | AT84: Крайне редко | AU84: Регулярно | AV84: Регулярно | AW84: 7 | AX84: У меня есть дело за пределами работы, от которого меня искренне прет | AY84: Нет и никогда не курил | AZ84: Время от времени | BA84: Женат / замужем впервые | BB84: 2 | BC84: Слышал, но не вдавался в детали | BD84: Читал, изучал, но не проникся | BE84: Слышал, но не вдавался в детали | BF84: Читал, изучал, проникся, использую | BG84: Не слышал | BH84: Не слышал | BI84: Часто, но не всегда | BJ84: Часто, но не всегда | BK84: Когда как, но не часто | BL84: Часто, но не всегда | BM84: Много | BN84: Средненько так | BO84: Очень мало | BP84: ДОФИГИЩА! | BQ84: ДОФИГИЩА! | BR84: Много | BS84: Средненько так | BT84: Ничего | BU84: 2 | BV84: ни разу | BW84: Спорт обожаю, даже больше умственных упражнений и чтения | BX84: Есть ли жизнь не в IT? Точнее не так, кипит ли жизнь и бьёт ключом в каких дркгих отраслях?
A85: 24.09.2018 23:18:52 | B85: Ж | C85: 33 | E85: векторный иллюстратор на микростоках | F85: contributor | G85: Я время от времени могу делать заделы на будущее, но меньше, чем хочется | H85: Я еле-еле справляюсь с текучкой, но никак не могу приступить к чему-то долгосрочному | I85: Едва ли верно | J85: Скорее верно | K85: Едва ли верно | L85: Едва ли верно | M85: Едва ли верно | N85: Абсолютно НЕ верно | O85: Абсолютно НЕ верно | P85: Абсолютно НЕ верно | Q85: Едва ли верно | R85: Абсолютно НЕ верно | S85: Иногда | T85: Достаточно часто, но иногда упускаю и забываю | U85: Регулярно, системно и вообще я доволен тем, как часто это удается | V85: Регулярно, системно и вообще я доволен тем, как часто это удается | W85: Регулярно, системно и вообще я доволен тем, как часто это удается | X85: Никогда | Y85: Достаточно часто, но иногда упускаю и забываю | Z85: Достаточно часто, но иногда упускаю и забываю | AA85: Иногда | AB85: Достаточно часто, но иногда упускаю и забываю | AC85: Никогда | AD85: Достаточно часто, но иногда упускаю и забываю | AE85: Крайне редко | AF85: Крайне редко | AG85: Да | AH85: Да | AI85: Да | AJ85: Нет | AK85: Нуу... почти... | AL85: Нет | AM85: Нет | AN85: Да | AO85: Да | AP85: Да | AQ85: Иногда | AR85: Крайне редко | AS85: Крайне редко | AT85: Регулярно | AU85: Не редко, но хотелось бы чаще | AV85: Крайне редко | AW85: 6 | AX85: У меня есть дело за пределами работы, от которого меня искренне прет | AY85: Нет и никогда не курил | AZ85: Время от времени | BA85: Не женат / не замужем | BB85: 0 | BC85: Читал, изучал, но не проникся | BD85: Слышал, но не вдавался в детали | BE85: Читал, изучал, проникся, но не использую | BF85: ...и еще горячо насаживаю всем окружающим | BG85: Слышал, но не вдавался в детали | BH85: Не слышал | BI85: Часто, но не всегда | BJ85: Когда как, но не часто | BK85: Редко | BL85: Когда как, но не часто | BM85: Ничего | BN85: Ничего | BO85: Ничего | BP85: Средненько так | BQ85: Средненько так | BR85: Очень мало | BS85: Очень мало | BT85: Средненько так | BU85: 0 | BV85: ни разу | BW85: спасибо хоть не контракт на продажу души:)))))) | BX85: Где-то в этом опросе было про "работаю на выходных" и вариант "да, и хочу больше". Для остальных пунктов это ок, а для выходных скорее всё же "да, но хочу меньше". А то как-то нехорошо:) А для "остановиться и подумать" хочу посоветовать андроид-приложение zen-master. Оно сколько-то раз за день вылазит и предлагает подумать над фразой - либо берёт коан из базы, либо можно свою вписать. У меня своя :)Очень помогает осознать, что я сейчас делаю, и это ли мне сейчас нужно делать.
A86: 24.09.2018 23:21:51 | B86: М | C86: 32 | E86: IT | F86: Software Development Engineer in Test | G86: Я время от времени могу делать заделы на будущее, но меньше, чем хочется | H86: Я время от времени могу делать заделы на будущее, но меньше, чем хочется | I86: Абсолютно верно | J86: Скорее верно | K86: Едва ли верно | L86: Едва ли верно | M86: Скорее верно | N86: Абсолютно верно | O86: Абсолютно верно | P86: Абсолютно верно | Q86: Скорее верно | R86: Скорее верно | S86: Крайне редко | T86: Крайне редко | U86: Достаточно часто, но иногда упускаю и забываю | V86: Никогда | W86: Никогда | X86: Крайне редко | Y86: Иногда | Z86: Достаточно часто, но иногда упускаю и забываю | AA86: Достаточно часто, но иногда упускаю и забываю | AB86: Иногда | AC86: Регулярно, системно и вообще я доволен тем, как часто это удается | AD86: Достаточно часто, но иногда упускаю и забываю | AE86: Иногда | AF86: Иногда | AG86: Да | AH86: Да | AI86: Нуу... почти... | AJ86: Нет | AK86: Да | AL86: Нет | AM86: Да | AN86: Нет | AO86: Да | AP86: Нуу... почти... | AQ86: Не редко, но хотелось бы чаще | AR86: Регулярно | AS86: Крайне редко | AT86: Никогда | AU86: Не редко, но хотелось бы чаще | AV86: Не редко, но хотелось бы чаще | AW86: 6 | AX86: У меня есть дело за пределами работы, от которого меня искренне прет | AY86: Нет и никогда не курил | AZ86: Редко и мало (2-3 раза в год) | BA86: Женат / замужем впервые | BB86: 0 | BC86: ...и еще горячо насаживаю всем окружающим | BD86: Читал, изучал, проникся, но не использую | BE86: Читал, изучал, проникся, использую | BF86: ...и еще горячо насаживаю всем окружающим | BG86: Не слышал | BH86: Не слышал | BI86: Когда как, но не часто | BJ86: Часто, но не всегда | BK86: Когда как, но не часто | BL86: Часто, но не всегда | BM86: Много | BN86: Очень мало | BO86: Очень мало | BP86: ДОФИГИЩА! | BQ86: Много | BR86: Много | BS86: Очень мало | BT86: Ничего | BU86: 3 | BV86: 1-2 раза | BW86: :) Самое лучшее хобби - это что-то делать своими руками, я вот конструирую любительские ракеты. Ещё здорово в компании настольные игры. Ну и в поряде убывания - самообразование (если на него остаются силы), чтение, компьютеные игры, фильмы. А, ну и вообще конечно путешествовать - это топ-1, но это уж очень большая редкость, присущая в основном отпускам или большим праздникам (каникулам 4+ дней) | BX86: Макс, бывший коллега мой, ты крутой. Жду такую же полезную и сконденсированную книгу, какой была первая. Ну и благ и процветания :)
A87: 24.09.2018 23:22:30 | B87: М | C87: 38 | E87: ИТ | F87: MIB Team Leader | G87: Я время от времени могу делать заделы на будущее, но меньше, чем хочется | H87: Я еле-еле справляюсь с текучкой, но никак не могу приступить к чему-то долгосрочному | I87: Абсолютно верно | J87: Скорее верно | K87: Едва ли верно | L87: Скорее верно | M87: Скорее верно | N87: Абсолютно верно | O87: Абсолютно верно | P87: Скорее верно | Q87: Абсолютно верно | R87: Скорее верно | S87: Крайне редко | T87: Иногда | U87: Крайне редко | V87: Достаточно часто, но иногда упускаю и забываю | W87: Достаточно часто, но иногда упускаю и забываю | X87: Иногда | Y87: Достаточно часто, но иногда упускаю и забываю | Z87: Крайне редко | AA87: Крайне редко | AB87: Иногда | AC87: Достаточно часто, но иногда упускаю и забываю | AD87: Достаточно часто, но иногда упускаю и забываю | AE87: Регулярно, системно и вообще я доволен тем, как часто это удается | AF87: Регулярно, системно и вообще я доволен тем, как часто это удается | AG87: Нуу... почти... | AH87: Нуу... почти... | AI87: Да | AJ87: Да | AK87: Да | AL87: Да | AM87: Да | AN87: Да | AO87: Нет | AP87: Нуу... почти... | AQ87: Не редко, но хотелось бы чаще | AR87: Не редко, но хотелось бы чаще | AS87: Иногда | AT87: Иногда | AU87: Не редко, но хотелось бы чаще | AV87: Не редко, но хотелось бы чаще | AW87: 7 | AX87: У меня есть дело за пределами работы, от которого меня искренне прет | AY87: Нет и никогда не курил | AZ87: Редко и мало (2-3 раза в год) | BA87: Женат / замужем впервые | BB87: 1 | BC87: Слышал, но не вдавался в детали | BD87: Слышал, но не вдавался в детали | BE87: Читал, изучал, проникся, использую | BF87: ...и еще горячо насаживаю всем окружающим | BG87: Слышал, но не вдавался в детали | BH87: Не слышал | BI87: Редко | BJ87: Редко | BK87: Редко | BL87: Никогда или очень редко | BM87: Ничего | BN87: Много | BO87: Много | BP87: ДОФИГИЩА! | BQ87: Много | BR87: Средненько так | BS87: Средненько так | BT87: Много | BU87: 2 | BV87: ни разу | BW87: Меня легко обмануть | BX87: Хочу тренинги или схемка на английском, чтобы хотя бы ссылаться колегам куда было...
A88: 43367.975 | B88: Ж | C88: 33 | E88: музыка | F88: певица, автор песен, фотограф, видеограф, психолог, училка вокала | G88: Я время от времени могу делать заделы на будущее, но меньше, чем хочется | H88: Все происходит легко и естественно, кажется, что даже не приходится напрягаться, чтобы достигать того, к чему я стремлюсь | I88: Абсолютно верно | J88: Скорее верно | K88: Скорее верно | L88: Абсолютно верно | M88: Абсолютно верно | N88: Абсолютно верно | O88: Едва ли верно | P88: Абсолютно верно | Q88: Абсолютно верно | R88: Едва ли верно | S88: Иногда | T88: Иногда | U88: Крайне редко | V88: Крайне редко | W88: Никогда | X88: Крайне редко | Y88: Никогда | Z88: Крайне редко | AA88: Иногда | AB88: Достаточно часто, но иногда упускаю и забываю | AC88: Иногда | AD88: Крайне редко | AE88: Крайне редко | AF88: Крайне редко | AG88: Да | AH88: Да | AI88: Да | AJ88: Нет | AK88: Да | AL88: Нет | AM88: Да | AN88: Нуу... почти... | AO88: Нет | AP88: Да | AQ88: Не редко, но хотелось бы чаще | AR88: Крайне редко | AS88: Не редко, но хотелось бы чаще | AT88: Регулярно | AU88: Иногда | AV88: Иногда | AW88: 7 | AX88: У меня есть дело за пределами работы, от которого меня искренне прет | AY88: Нет и никогда не курил | AZ88: Вообще не пью | BA88: Женат / замужем впервые | BB88: 0 | BC88: Не слышал | BD88: Не слышал | BE88: Не слышал | BF88: Не слышал | BG88: Слышал, но не вдавался в детали | BH88: Слышал, но не вдавался в детали | BI88: Часто, но не всегда | BJ88: Когда как, но не часто | BK88: Да, постоянно | BL88: Часто, но не всегда | BM88: Средненько так | BN88: ДОФИГИЩА! | BO88: Очень мало | BP88: Очень мало | BQ88: ДОФИГИЩА! | BR88: ДОФИГИЩА! | BS88: Средненько так | BT88: Ничего | BU88: 4 | BV88: ни разу | BW88: Самообразование, Музыка, Йога, медитация, трансформирующие процессы, пение, обработка фотографий | BX88: Хочу почитать ввшу предыдущую книгу и новую ;)
A89: 43367.976 | B89: М | C89: 42 | E89: it | F89: project manager | G89: Я вполне успешно продвигаюсь по своим долгосрочным планам. Если завалы и случаются, то не часто. | H89: Я вполне успешно продвигаюсь по своим долгосрочным планам. Если завалы и случаются, то не часто. | I89: Абсолютно верно | J89: Скорее верно | K89: Едва ли верно | L89: Скорее верно | M89: Скорее верно | N89: Скорее верно | O89: Скорее верно | P89: Скорее верно | Q89: Скорее верно | R89: Скорее верно | S89: Крайне редко | T89: Иногда | U89: Регулярно, системно и вообще я доволен тем, как часто это удается | V89: Достаточно часто, но иногда упускаю и забываю | W89: Никогда | X89: Регулярно, системно и вообще я доволен тем, как часто это удается | Y89: Достаточно часто, но иногда упускаю и забываю | Z89: Регулярно, системно и вообще я доволен тем, как часто это удается | AA89: Достаточно часто, но иногда упускаю и забываю | AB89: Достаточно часто, но иногда упускаю и забываю | AC89: Крайне редко | AD89: Достаточно часто, но иногда упускаю и забываю | AE89: Достаточно часто, но иногда упускаю и забываю | AF89: Достаточно часто, но иногда упускаю и забываю | AG89: Да | AH89: Да | AI89: Да | AJ89: Нет | AK89: Да | AL89: Нет | AM89: Нет | AN89: Нет | AO89: Да | AP89: Да | AQ89: Регулярно | AR89: Не редко, но хотелось бы чаще | AS89: Иногда | AT89: Крайне редко | AU89: Регулярно | AV89: Регулярно | AW89: 7 | AX89: У меня есть дело за пределами работы, от которого меня искренне прет | AY89: Нет и никогда не курил | AZ89: Время от времени | BA89: Не женат / не замужем | BB89: 1 | BC89: Не слышал | BD89: Не слышал | BE89: Не слышал | BF89: Читал, изучал, проникся, использую | BG89: Не слышал | BH89: Не слышал | BI89: Никогда или очень редко | BJ89: Часто, но не всегда | BK89: Редко | BL89: Часто, но не всегда | BM89: Средненько так | BN89: Много | BO89: Много | BP89: Много | BQ89: Много | BR89: Много | BS89: Средненько так | BT89: Средненько так | BU89: 3 | BV89: ни разу | BW89: Дорофеев, меня не обманешь
A90: 43367.976 | B90: М | C90: 51 | E90: Software development | F90: CEO | G90: Я вполне успешно продвигаюсь по своим долгосрочным планам. Если завалы и случаются, то не часто. | H90: Я вполне успешно продвигаюсь по своим долгосрочным планам. Если завалы и случаются, то не часто. | I90: Скорее верно | J90: Скорее верно | K90: Скорее верно | L90: Едва ли верно | M90: Скорее верно | N90: Скорее верно | O90: Абсолютно верно | P90: Скорее верно | Q90: Скорее верно | R90: Едва ли верно | S90: Достаточно часто, но иногда упускаю и забываю | T90: Регулярно, системно и вообще я доволен тем, как часто это удается | U90: Достаточно часто, но иногда упускаю и забываю | V90: Регулярно, системно и вообще я доволен тем, как часто это удается | W90: Крайне редко | X90: Иногда | Y90: Достаточно часто, но иногда упускаю и забываю | Z90: Никогда | AA90: Иногда | AB90: Достаточно часто, но иногда упускаю и забываю | AC90: Крайне редко | AD90: Достаточно часто, но иногда упускаю и забываю | AE90: Иногда | AF90: Достаточно часто, но иногда упускаю и забываю | AG90: Да | AH90: Да | AI90: Да | AJ90: Нет | AK90: Да | AL90: Нет | AM90: Да | AN90: Да | AO90: Да | AP90: Нет | AQ90: Не редко, но хотелось бы чаще | AR90: Иногда | AS90: Иногда | AT90: Крайне редко | AU90: Регулярно | AV90: Регулярно | AW90: 6 | AY90: Нет и никогда не курил | AZ90: Вообще не пью | BA90: Женат / замужем не впервые | BB90: 3 | BC90: Слышал, но не вдавался в детали | BD90: Слышал, но не вдавался в детали | BE90: Не слышал | BF90: Слышал, но не вдавался в детали | BG90: Не слышал | BH90: Не слышал | BI90: Редко | BJ90: Редко | BK90: Часто, но не всегда | BL90: Когда как, но не часто | BM90: Очень мало | BN90: Средненько так | BO90: Средненько так | BP90: Много | BQ90: Средненько так | BR90: Средненько так | BS90: Очень мало | BT90: Очень мало | BU90: 2 | BV90: ни разу | BW90: Чтение книг, Самообразование
A91: 43367.976 | B91: М | C91: 40 | E91: media | F91: редактор, журналист | G91: Я еле-еле справляюсь с текучкой, но никак не могу приступить к чему-то долгосрочному | H91: Я время от времени могу делать заделы на будущее, но меньше, чем хочется | I91: Скорее верно | J91: Скорее верно | K91: Едва ли верно | L91: Едва ли верно | M91: Скорее верно | N91: Скорее верно | O91: Скорее верно | P91: Скорее верно | Q91: Скорее верно | R91: Скорее верно | S91: Крайне редко | T91: Никогда | U91: Крайне редко | V91: Крайне редко | W91: Никогда | X91: Регулярно, системно и вообще я доволен тем, как часто это удается | Y91: Никогда | Z91: Никогда | AA91: Иногда | AB91: Регулярно, системно и вообще я доволен тем, как часто это удается | AC91: Крайне редко | AD91: Крайне редко | AE91: Крайне редко | AF91: Достаточно часто, но иногда упускаю и забываю | AG91: Да | AH91: Нуу... почти... | AI91: Да | AJ91: Нет | AK91: Да | AL91: Нет | AM91: Нуу... почти... | AN91: Нет | AO91: Нет | AP91: Да | AQ91: Регулярно | AR91: Иногда | AS91: Регулярно | AT91: Иногда | AU91: Иногда | AV91: Не редко, но хотелось бы чаще | AW91: 2 | AX91: У меня есть дело за пределами работы, от которого меня искренне прет | AY91: Нет и никогда не курил | AZ91: Редко и мало (2-3 раза в год) | BA91: Женат / замужем впервые | BB91: 1 | BC91: Не слышал | BD91: Слышал, но не вдавался в детали | BE91: Не слышал | BF91: Слышал, но не вдавался в детали | BG91: Не слышал | BH91: Не слышал | BI91: Никогда или очень редко | BJ91: Редко | BK91: Да, постоянно | BL91: Редко | BM91: Много | BN91: Ничего | BO91: Очень мало | BP91: Средненько так | BQ91: ДОФИГИЩА! | BR91: Средненько так | BS91: Средненько так | BT91: Ничего | BU91: 2 | BV91: ни разу | BW91: Чтение книг, Самообразование, бег
A92: 43367.978 | B92: М | C92: 34 | E92: IT | F92: Product manager | G92: Я еле-еле справляюсь с текучкой, но никак не могу приступить к чему-то долгосрочному | H92: Я еле-еле справляюсь с текучкой, но никак не могу приступить к чему-то долгосрочному | I92: Абсолютно верно | J92: Скорее верно | K92: Абсолютно верно | L92: Едва ли верно | M92: Скорее верно | N92: Абсолютно верно | O92: Скорее верно | P92: Едва ли верно | Q92: Едва ли верно | R92: Едва ли верно | S92: Никогда | T92: Крайне редко | U92: Крайне редко | V92: Крайне редко | W92: Никогда | X92: Крайне редко | Y92: Иногда | Z92: Крайне редко | AA92: Крайне редко | AB92: Иногда | AC92: Иногда | AD92: Крайне редко | AE92: Иногда | AF92: Достаточно часто, но иногда упускаю и забываю | AG92: Нуу... почти... | AH92: Да | AI92: Да | AJ92: Нет | AK92: Нуу... почти... | AL92: Нуу... почти... | AM92: Нет | AN92: Нет | AO92: Да | AP92: Нет | AQ92: Регулярно | AR92: Крайне редко | AS92: Иногда | AT92: Крайне редко | AU92: Иногда | AV92: Никогда | AW92: 6 | AY92: Нет и никогда не курил | AZ92: Время от времени | BA92: Женат / замужем впервые | BB92: 3 | BC92: Слышал, но не вдавался в детали | BD92: Не слышал | BE92: Читал, изучал, проникся, но не использую | BF92: Читал, изучал, проникся, но не использую | BG92: Слышал, но не вдавался в детали | BH92: Не слышал | BI92: Да, постоянно | BJ92: Часто, но не всегда | BK92: Когда как, но не часто | BL92: Да, постоянно | BM92: Средненько так | BN92: Средненько так | BO92: Много | BP92: ДОФИГИЩА! | BQ92: Много | BR92: Средненько так | BS92: Очень мало | BT92: Средненько так | BU92: 2 | BV92: ни разу | BW92: Все что угодно лишь бы не сидеть без дела
A93: 43367.978 | B93: М | C93: 38 | E93: IT | F93: Директор | G93: Я время от времени могу делать заделы на будущее, но меньше, чем хочется | H93: Все происходит легко и естественно, кажется, что даже не приходится напрягаться, чтобы достигать того, к чему я стремлюсь | I93: Скорее верно | J93: Скорее верно | K93: Едва ли верно | L93: Скорее верно | M93: Скорее верно | N93: Скорее верно | O93: Скорее верно | P93: Едва ли верно | Q93: Скорее верно | R93: Скорее верно | S93: Иногда | T93: Достаточно часто, но иногда упускаю и забываю | U93: Достаточно часто, но иногда упускаю и забываю | V93: Достаточно часто, но иногда упускаю и забываю | W93: Крайне редко | X93: Регулярно, системно и вообще я доволен тем, как часто это удается | Y93: Регулярно, системно и вообще я доволен тем, как часто это удается | Z93: Иногда | AA93: Иногда | AB93: Иногда | AC93: Крайне редко | AD93: Иногда | AE93: Иногда | AF93: Достаточно часто, но иногда упускаю и забываю | AG93: Да | AH93: Да | AI93: Да | AJ93: Нет | AK93: Да | AL93: Нет | AM93: Нет | AN93: Нет | AO93: Да | AP93: Да | AQ93: Регулярно | AR93: Не редко, но хотелось бы чаще | AS93: Не редко, но хотелось бы чаще | AT93: Регулярно | AU93: Иногда | AV93: Не редко, но хотелось бы чаще | AW93: 6 | AX93: У меня есть дело за пределами работы, от которого меня искренне прет | AY93: Нет и никогда не курил | AZ93: Время от времени | BA93: Женат / замужем впервые | BB93: 2 | BC93: Читал, изучал, проникся, использую | BD93: Читал, изучал, проникся, использую | BE93: Читал, изучал, проникся, но не использую | BF93: Слышал, но не вдавался в детали | BG93: Не слышал | BH93: Не слышал | BI93: Редко | BJ93: Часто, но не всегда | BK93: Когда как, но не часто | BL93: Да, постоянно | BM93: ДОФИГИЩА! | BN93: Много | BO93: Много | BP93: Много | BQ93: Много | BR93: Много | BS93: Средненько так | BT93: Очень мало | BU93: 4 | BV93: ни разу | BW93: туризм | BX93: по ощущениям, подборка вопросов содержит за собой какое-то предвзятое мнение, что может стать причиной смещенной выборки
A94: 43367.978 | B94: Ж | C94: 26 | E94: газовое хозяйство | F94: инженер | G94: Я вполне успешно продвигаюсь по своим долгосрочным планам. Если завалы и случаются, то не часто. | H94: Я время от времени могу делать заделы на будущее, но меньше, чем хочется | I94: Абсолютно верно | J94: Абсолютно верно | K94: Скорее верно | L94: Скорее верно | M94: Абсолютно верно | N94: Абсолютно верно | O94: Скорее верно | P94: Скорее верно | Q94: Скорее верно | R94: Скорее верно | S94: Крайне редко | T94: Крайне редко | U94: Регулярно, системно и вообще я доволен тем, как часто это удается | V94: Регулярно, системно и вообще я доволен тем, как часто это удается | W94: Никогда | X94: Крайне редко | Y94: Регулярно, системно и вообще я доволен тем, как часто это удается | Z94: Достаточно часто, но иногда упускаю и забываю | AA94: Достаточно часто, но иногда упускаю и забываю | AB94: Иногда | AC94: Достаточно часто, но иногда упускаю и забываю | AD94: Регулярно, системно и вообще я доволен тем, как часто это удается | AE94: Иногда | AF94: Достаточно часто, но иногда упускаю и забываю | AG94: Нет | AH94: Да | AI94: Нет | AJ94: Нет | AK94: Нет | AL94: Да | AM94: Нет | AN94: Нет | AO94: Нет | AP94: Нет | AQ94: Регулярно | AR94: Регулярно | AS94: Иногда | AT94: Никогда | AU94: Иногда | AV94: Иногда | AW94: 5 | AY94: Нет и никогда не курил | AZ94: Время от времени | BA94: Не женат / не замужем | BB94: 0 | BC94: Не слышал | BD94: Не слышал | BE94: Не слышал | BF94: Не слышал | BG94: Не слышал | BH94: Не слышал | BI94: Часто, но не всегда | BJ94: Да, постоянно | BK94: Да, постоянно | BL94: Часто, но не всегда | BM94: Очень мало | BN94: Ничего | BO94: Средненько так | BP94: Много | BQ94: ДОФИГИЩА! | BR94: ДОФИГИЩА! | BS94: Много | BT94: Средненько так | BU94: 2 | BV94: ни разу | BW94: Дорофеев, меня не обманешь
A95: 43367.98 | B95: М | C95: 37 | E95: Финансы | F95: Финансовый аналитик | G95: Я время от времени могу делать заделы на будущее, но меньше, чем хочется | H95: Я время от времени могу делать заделы на будущее, но меньше, чем хочется | I95: Скорее верно | J95: Скорее верно | K95: Едва ли верно | L95: Скорее верно | M95: Скорее верно | N95: Скорее верно | O95: Скорее верно | P95: Едва ли верно | Q95: Едва ли верно | R95: Скорее верно | S95: Крайне редко | T95: Достаточно часто, но иногда упускаю и забываю | U95: Достаточно часто, но иногда упускаю и забываю | V95: Иногда | W95: Крайне редко | X95: Регулярно, системно и вообще я доволен тем, как часто это удается | Y95: Иногда | Z95: Никогда | AA95: Иногда | AB95: Иногда | AC95: Иногда | AD95: Иногда | AE95: Крайне редко | AF95: Достаточно часто, но иногда упускаю и забываю | AG95: Нет | AH95: Да | AI95: Да | AJ95: Нет | AK95: Да | AL95: Нет | AM95: Нет | AN95: Нет | AO95: Нуу... почти... | AP95: Нуу... почти... | AQ95: Иногда | AR95: Иногда | AS95: Иногда | AT95: Иногда | AU95: Крайне редко | AV95: Иногда | AW95: 6 | AX95: У меня есть дело за пределами работы, от которого меня искренне прет | AY95: Нет и никогда не курил | AZ95: Время от времени | BA95: Женат / замужем впервые | BB95: 2 | BC95: Читал, изучал, проникся, но не использую | BD95: Читал, изучал, проникся, использую | BE95: Слышал, но не вдавался в детали | BF95: Читал, изучал, проникся, использую | BG95: Не слышал | BH95: Слышал, но не вдавался в детали | BI95: Когда как, но не часто | BJ95: Часто, но не всегда | BK95: Часто, но не всегда | BL95: Да, постоянно | BM95: Ничего | BN95: Очень мало | BO95: Средненько так | BP95: ДОФИГИЩА! | BQ95: Средненько так | BR95: Средненько так | BS95: Средненько так | BT95: Очень мало | BU95: 2 | BV95: ни разу | BW95: Чтение книг, Просмотр сериалов, Музыка | BX95: Поделиться мне нечем, но Вашей книгой (фактом ее существования) уже поделился сл многими. И еще поделюсь.
A96: 43367.98 | B96: М | C96: 32 | E96: IT | F96: Менеджер проектов | G96: Я еле-еле справляюсь с текучкой, но никак не могу приступить к чему-то долгосрочному | H96: Я еле-еле справляюсь с текучкой, но никак не могу приступить к чему-то долгосрочному | I96: Абсолютно верно | J96: Скорее верно | K96: Скорее верно | L96: Скорее верно | M96: Абсолютно верно | N96: Абсолютно верно | O96: Абсолютно верно | P96: Абсолютно верно | Q96: Абсолютно верно | R96: Скорее верно | S96: Крайне редко | T96: Достаточно часто, но иногда упускаю и забываю | U96: Достаточно часто, но иногда упускаю и забываю | V96: Регулярно, системно и вообще я доволен тем, как часто это удается | W96: Никогда | X96: Крайне редко | Y96: Иногда | Z96: Крайне редко | AA96: Крайне редко | AB96: Иногда | AC96: Иногда | AD96: Иногда | AE96: Крайне редко | AF96: Достаточно часто, но иногда упускаю и забываю | AG96: Нуу... почти... | AH96: Да | AI96: Нуу... почти... | AJ96: Нет | AK96: Да | AL96: Нет | AM96: Нет | AN96: Нет | AO96: Нет | AP96: Да | AQ96: Иногда | AR96: Крайне редко | AS96: Крайне редко | AT96: Иногда | AU96: Никогда | AV96: Иногда | AW96: 3 | AY96: Курил, но бросил | AZ96: Время от времени | BA96: Женат / замужем впервые | BB96: 1 | BC96: Читал, изучал, но не проникся | BD96: Читал, изучал, проникся, но не использую | BE96: Читал, изучал, проникся, но не использую | BF96: Читал, изучал, проникся, использую | BG96: Не слышал | BH96: Не слышал | BI96: Когда как, но не часто | BJ96: Часто, но не всегда | BK96: Когда как, но не часто | BL96: Редко | BM96: ДОФИГИЩА! | BN96: ДОФИГИЩА! | BO96: Много | BP96: Много | BQ96: Очень мало | BR96: Очень мало | BS96: Средненько так | BT96: Очень мало | BU96: 4 | BV96: ни разу | BW96: Чтение книг, Самообразование, Музыка
A97: 43367.981 | B97: М | C97: 42 | E97: IT | F97: Операционный директор | G97: Я вполне успешно продвигаюсь по своим долгосрочным планам. Если завалы и случаются, то не часто. | H97: Я время от времени могу делать заделы на будущее, но меньше, чем хочется | I97: Абсолютно верно | J97: Абсолютно верно | K97: Скорее верно | L97: Скорее верно | M97: Скорее верно | N97: Абсолютно верно | O97: Скорее верно | P97: Скорее верно | Q97: Скорее верно | R97: Скорее верно | S97: Крайне редко | T97: Достаточно часто, но иногда упускаю и забываю | U97: Регулярно, системно и вообще я доволен тем, как часто это удается | V97: Иногда | W97: Никогда | X97: Крайне редко | Y97: Регулярно, системно и вообще я доволен тем, как часто это удается | Z97: Регулярно, системно и вообще я доволен тем, как часто это удается | AA97: Иногда | AB97: Крайне редко | AC97: Регулярно, системно и вообще я доволен тем, как часто это удается | AD97: Достаточно часто, но иногда упускаю и забываю | AE97: Достаточно часто, но иногда упускаю и забываю | AF97: Достаточно часто, но иногда упускаю и забываю | AG97: Да | AH97: Да | AI97: Да | AJ97: Нет | AK97: Нет | AL97: Нет | AM97: Нет | AN97: Нет | AO97: Да | AP97: Да | AQ97: Регулярно | AR97: Не редко, но хотелось бы чаще | AS97: Крайне редко | AT97: Крайне редко | AU97: Не редко, но хотелось бы чаще | AV97: Не редко, но хотелось бы чаще | AW97: 7 | AY97: Курю и не парюсь | AZ97: Время от времени | BA97: Женат / замужем впервые | BB97: 4 | BC97: Читал, изучал, проникся, использую | BD97: Не слышал | BE97: Не слышал | BF97: Слышал, но не вдавался в детали | BG97: Не слышал | BH97: Не слышал | BI97: Когда как, но не часто | BJ97: Когда как, но не часто | BK97: Редко | BL97: Да, постоянно | BM97: ДОФИГИЩА! | BN97: Много | BO97: Средненько так | BP97: Очень мало | BQ97: Много | BR97: Средненько так | BS97: Очень мало | BT97: Ничего | BU97: 1 | BV97: ни разу | BW97: Ай, да Максим, ай да ... проказник) | BX97: Вашу книгу не прочел, но она у меня в списке на прочтение, хотя по факту, я уверен, что знаю про что там, т.к. регулярно смотрю ролики с Вашим участием и просмотрел то, что было опубликовано ранее на Вашем канале. Спасибо, ДЮ за то, что узнал про Вас. Мише - привет;)
